Workbook
Name COL_CORR: 'Correlation Matrix'!$A$1:$A$45
Name COL_COV: 'Covariance Matrix'!$A$1:$A$45
Name COL_FINDATA: 'Financial Data'!$A$2:$A$46
Name eee: [1]Client!$C$13
Name FACTOR: 'Estimating Beta'!$H$81
Name MARKET: 'Estimating Beta'!$B$39:$B$41
Name MARKET_SP500: 'Estimating Beta'!$C$124:$C$171
Name mue_1: 'Single Asset Return&Risk'!$C$28
Name mue_2: 'Single Asset Return&Risk'!$E$28
Name mVCM: Matrix!$C$3:$I$9
Name NO_OBS_EA: Data!$B$182
Name NO_OBS_SA: Data!$B$169
Name Rf: Matrix!$V$10
Name Rm: Matrix!$AB$18
Name RP_EP: Matrix!$G$37
Name RP_EP_C: Matrix!$S$116
Name RP_MVP: Matrix!$G$18
Name RP_MVP_C: Matrix!$S$104
Name Rq: 'Security Analysis'!$Z$12
Name SELECTIONS: Data!$A$163:$A$167
Name SELECTIONS_NO: Data!$A$163:$B$167
Name sigma_1: 'Single Asset Return&Risk'!$C$29
Name sigma_2: 'Single Asset Return&Risk'!$E$29
Name STD_EP: Matrix!$G$38
Name STD_EP_C: Matrix!$S$117
Name STD_MVP: Matrix!$G$19
Name STD_MVP_C: Matrix!$S$105
Name STOCK_A: 'Estimating Beta'!$D$39:$D$41
Name STOCK_GE: 'Estimating Beta'!$E$124:$E$171
Name STOCK_H: 'Estimating Beta'!$C$39:$C$41
Name STOCK_L: 'Estimating Beta'!$E$39:$E$41
Name STOCK_LISTS: Data!$C$110:$AS$110
Name SYMBOLS: 'Financial Data'!$A$3:$A$45
Name TAB_CORR: 'Correlation Matrix'!$A$1:$AS$45
Name TAB_COV: 'Covariance Matrix'!$A$1:$AS$45
Name TAB_EA: Data!$C$183:$AT$184
Name TAB_FINDATA: 'Financial Data'!$A$2:$AE$45
Name TAB_MCAPS: Data!$C$2:$AT$52
Name TAB_PORT: Data!$C$176:$AT$179
Name TAB_PRICES: Data!$C$56:$AT$106
Name TAB_RETURNS: Data!$C$110:$AT$160
Name TAB_SA: Data!$C$170:$AT$172
Name W_EP: Matrix!$D$32:$D$38
Name W_EP_C: Matrix!$Q$108:$Q$114
Name W_MVP: Matrix!$D$13:$D$19
Name W_MVP_C: Matrix!$Q$97:$Q$103

Sheet Data
B1: Market Cap | C1: 3 | D1: 5 | E1: 7 | F1: 9 | G1: 11 | H1: 13 | I1: 15 | J1: 17 | K1: 19 | L1: 21 | M1: 23 | N1: 25 | O1: 27 | P1: 29 | Q1: 31 | R1: 33 | S1: 35 | T1: 37 | U1: 39 | V1: 41 | W1: 43 | X1: 45 | Y1: 47 | Z1: 49 | AA1: 51 | AB1: 53 | AC1: 55 | AD1: 57 | AE1: 61 | AF1: 63 | AG1: 65 | AH1: 67 | AI1: 71 | AJ1: 73 | AK1: 75 | AL1: 77 | AM1: 79 | AN1: 81 | AO1: 83 | AP1: 85 | AQ1: 87 | AR1: 89 | AS1: 91 | AT1: 93
A2: 1 | B2: Date | C2: ADVANC | D2: AOT | E2: BBL | F2: BGH | G2: BECL | H2: BAY | I2: BANPU | J2: BEC | K2: BIGC | L2: BH | M2: CCET | N2: CPN | O2: CPF | P2: CPALL | Q2: DELTA | R2: EGCO | S2: GLOW | T2: HANA | U2: IRPC | V2: ITD | W2: KBANK | X2: KSL | Y2: KTB | Z2: LH | AA2: MCOT | AB2: MINT | AC2: PSL | AD2: PS | AE2: PTTEP | AF2: PTT | AG2: RATCH | AH2: SCC | AI2: SCCC | AJ2: SCB | AK2: MAKRO | AL2: TSTH | AM2: THAI | AN2: TOP | AO2: TPC | AP2: TUF | AQ2: TCAP | AR2: TTA | AS2: TMB | AT2: SET50
A3: 2 | B3: 39719 | C3: 238420.03 | D3: 44285.672 | E3: 194701.97 | F3: 37649.461 | G3: 12166 | H3: 98401.133 | I3: 79893.883 | J3: 42600 | K3: 33858.582 | L3: 23304.623 | M3: 12779.219 | N3: 35950.465 | O3: 30530.947 | P3: 48526 | Q3: 19833.352 | R3: 33167.297 | S3: 40960.223 | T3: 11045.317 | U3: 79754.078 | V3: 15852.103 | W3: 148382.12 | X3: 12710 | Y3: 67637.484 | Z3: 61654.91 | AA3: 13604.564 | AB3: 40116.797 | AC3: 15696.762 | AD3: 15558.898 | AE3: 419960.19 | AF3: 643882.88 | AG3: 50750 | AH3: 153600 | AI3: 38475 | AJ3: 130419.8 | AK3: 19680 | AL3: 12089.776 | AM3: 20216.916 | AN3: 84661.156 | AO3: 15487.501 | AP3: 17310.15 | AQ3: 14131.265 | AR3: 16574.873 | AS3: 41536.742 | AT3: 3448095.2
A4: 3 | B4: 39749 | C4: 216206.98 | D4: 26999.973 | E4: 132664.58 | F4: 24289.975 | G4: 9317 | H4: 61348.855 | I4: 43751.41 | J4: 33200 | K4: 24442.291 | L4: 16021.929 | M4: 7191.9194 | N4: 20154.049 | O4: 22860.611 | P4: 34597.238 | Q4: 12972.758 | R4: 31061.435 | S4: 29257.301 | T4: 8553.8926 | U4: 44534.59 | V4: 10316.448 | W4: 119663.01 | X4: 7827.5005 | Y4: 43824.617 | Z4: 36694.07 | AA4: 8588.7402 | AB4: 27287.416 | AC4: 8004.3086 | AD4: 10080.413 | AE4: 284382.5 | AF4: 449025 | AG4: 44950 | AH4: 122400 | AI4: 25412.5 | AJ4: 132834.33 | AK4: 14400 | AL4: 5636.4497 | AM4: 12911.644 | AN4: 42024.574 | AO4: 9100 | AP4: 14572.32 | AQ4: 9465.2803 | AR4: 7724.2129 | AS4: 23260.576 | AT4: 2416867.5
A5: 4 | B5: 39780 | C5: 228053.94 | D5: 25428.545 | E5: 125029.21 | F5: 19067.631 | G5: 9702 | H5: 58008.074 | I5: 50816.855 | J5: 35200 | K5: 24041.598 | L5: 13691.466 | M5: 6052.2158 | N5: 20916.635 | O5: 21055.826 | P5: 47627.371 | Q5: 12972.758 | R5: 28165.877 | S5: 29842.445 | T5: 7059.0371 | U5: 36849.418 | V5: 7548.6206 | W5: 101713.55 | X5: 8835 | Y5: 36893.172 | Z5: 31079.678 | AA5: 7008.4116 | AB5: 23312.002 | AC5: 9615.5654 | AD5: 7713.7075 | AE5: 309212.41 | AF5: 415136.31 | AG5: 44587.5 | AH5: 108000 | AI5: 25887.5 | AJ5: 119178.46 | AK5: 14880 | AL5: 5391.3867 | AM5: 12826.699 | AN5: 38760.531 | AO5: 9362.5 | AP5: 15808.76 | AQ5: 9065.3398 | AR5: 8303.5283 | AS5: 22845.209 | AT5: 2342146.5
A6: 5 | B6: 39810 | C6: 235458.3 | D6: 25857.117 | E6: 131710.16 | F6: 21860.977 | G6: 13320.999 | H6: 56489.539 | I6: 61958.52 | J6: 39600 | K6: 30653.037 | L6: 15439.314 | M6: 6564.6416 | N6: 31157.068 | O6: 23913.402 | P6: 55265.723 | Q6: 15218.044 | R6: 36062.852 | S6: 32914.465 | T6: 8304.75 | U6: 42564.035 | V6: 9393.8389 | W6: 107696.71 | X6: 9145 | Y6: 42483.047 | Z6: 37696.641 | AA6: 8794.8701 | AB6: 28552.685 | AC6: 11330.774 | AD6: 9598.3066 | AE6: 353858.03 | AF6: 494209.91 | AG6: 61987.5 | AH6: 123600 | AI6: 31825 | AJ6: 119799.18 | AK6: 16200 | AL6: 11027.837 | AM6: 13166.478 | AN6: 48144.66 | AO6: 10762.5 | AP6: 17045.199 | AQ6: 9398.624 | AR6: 10813.897 | AS6: 24506.676 | AT6: 2648651.5
A7: 6 | B7: 39841 | C7: 222130.47 | D7: 26142.83 | E7: 138391.11 | F7: 20646.479 | G7: 12474.001 | H7: 53756.176 | I7: 60871.531 | J7: 37800 | K7: 30051.996 | L7: 16021.929 | M7: 6092.9307 | N7: 28542.49 | O7: 24815.795 | P7: 50323.258 | Q7: 11912.485 | R7: 36589.316 | S7: 33645.895 | T7: 9135.2246 | U7: 38031.75 | V7: 10819.69 | W7: 107696.71 | X7: 9377.5 | Y7: 44495.402 | Z7: 32283.258 | AA7: 8382.6104 | AB7: 26022.701 | AC7: 11018.919 | AD7: 9379.168 | AE7: 327401.34 | AF7: 451849.06 | AG7: 57637.5 | AH7: 120000 | AI7: 30637.5 | AJ7: 129308.07 | AK7: 16800 | AL7: 7760.3291 | AM7: 11892.304 | AN7: 49980.684 | AO7: 11375 | AP7: 17221.834 | AQ7: 9931.8789 | AR7: 11264.478 | AS7: 23260.576 | AT7: 2589690.5
A8: 7 | B8: 39872 | C8: 238420.03 | D8: 22999.977 | E8: 142208.8 | F8: 20767.928 | G8: 12166 | H8: 53756.176 | I8: 57610.555 | J8: 38600 | K8: 31053.731 | L8: 15439.314 | M8: 4795.7261 | N8: 27017.318 | O8: 25417.391 | P8: 54367.094 | Q8: 13222.235 | R8: 37379.016 | S8: 30427.592 | T8: 9384.3672 | U8: 36849.418 | V8: 9729.333 | W8: 106500.08 | X8: 9687.5 | Y8: 46284.16 | Z8: 27069.812 | AA8: 9138.4199 | AB8: 25671.414 | AC8: 11018.919 | AD8: 7929.5962 | AE8: 294352.72 | AF8: 440552.84 | AG8: 55100 | AH8: 120000 | AI8: 31825 | AJ8: 139254.84 | AK8: 16680 | AL8: 6698.3892 | AM8: 12996.589 | AN8: 48960.668 | AO8: 10937.5 | AP8: 17045.199 | AQ8: 10731.763 | AR8: 9700.3242 | AS8: 20353.004 | AT8: 2561465.8
A9: 8 | B9: 39900 | C9: 245084.7 | D9: 22857.119 | E9: 142208.8 | F9: 20646.479 | G9: 12320 | H9: 53148.758 | I9: 58425.801 | J9: 37200 | K9: 33257.543 | L9: 13036.022 | M9: 5071.6841 | N9: 27235.199 | O9: 24364.6 | P9: 56613.668 | Q9: 11475.901 | R9: 34878.309 | S9: 30720.166 | T9: 8387.7979 | U9: 37243.531 | V9: 8387.3564 | W9: 107098.4 | X9: 10075 | Y9: 50756.062 | Z9: 29877.246 | AA9: 8176.48 | AB9: 23329.176 | AC9: 10707.062 | AD9: 8786.2568 | AE9: 321638.22 | AF9: 430668.62 | AG9: 55825 | AH9: 118200 | AI9: 29687.5 | AJ9: 135524.8 | AK9: 16080 | AL9: 6780.0767 | AM9: 16224.5 | AN9: 52020.707 | AO9: 11200 | AP9: 18016.688 | AQ9: 12798.127 | AR9: 8921.4668 | AS9: 18276.166 | AT9: 2566740.8
A10: 9 | B10: 39931 | C10: 235501.8 | D10: 26714.26 | E10: 162251.64 | F10: 24047.074 | G10: 11935 | H10: 69245.234 | I10: 77176.406 | J10: 39600 | K10: 33457.891 | L10: 17114.332 | M10: 8570.7539 | N10: 31157.068 | O10: 24966.193 | P10: 56164.352 | Q10: 14843.829 | R10: 35931.238 | S10: 34669.902 | T10: 10048.748 | U10: 55963.82 | V10: 10568.069 | W10: 125646.16 | X10: 12090 | Y10: 59252.672 | Z10: 38499.539 | AA10: 9756.8086 | AB10: 23150.133 | AC10: 13201.912 | AD10: 12520.415 | AE10: 342309.06 | AF10: 535158.75 | AG10: 55100 | AH10: 145200 | AI10: 34081.25 | AJ10: 156703.61 | AK10: 16500 | AL10: 8822.2695 | AM10: 20386.807 | AN10: 65790.898 | AO10: 14787.5 | AP10: 19429.762 | AQ10: 14931.147 | AR10: 11612.066 | AS10: 23260.576 | AT10: 2972127.5
A11: 10 | B11: 39961 | C11: 239949.42 | D11: 31428.539 | E11: 167978.17 | F11: 24897.225 | G11: 12089 | H11: 71067.484 | I11: 86415.82 | J11: 38800 | K11: 31855.117 | L11: 20028.373 | M11: 9694.6602 | N11: 36168.348 | O11: 31884.535 | P11: 65150.645 | Q11: 18211.758 | R11: 36720.934 | S11: 39131.641 | T11: 13287.6 | U11: 72910.609 | V11: 12245.541 | W11: 134022.58 | X11: 13562.5 | Y11: 81053.18 | Z11: 51132.199 | AA11: 12230.365 | AB11: 2730.595 | AC11: 17775.803 | AD11: 16803.715 | AE11: 431636.25 | AF11: 621292.44 | AG11: 54375 | AH11: 157200 | AI11: 38356.25 | AJ11: 174909.84 | AK11: 17280 | AL11: 11844.714 | AM11: 25313.623 | AN11: 83131.133 | AO11: 15662.5 | AP11: 20754.518 | AQ11: 17197.482 | AR11: 15576.097 | AS11: 30737.19 | AT11: 3407526.2
A12: 11 | B12: 39992 | C12: 268102.78 | D12: 38214.246 | E12: 206155.03 | F12: 27569.121 | G12: 12859.001 | H12: 88075.086 | I12: 91035.531 | J12: 41800 | K12: 34659.969 | L12: 18935.916 | M12: 8591.2734 | N12: 42704.793 | O12: 35945.305 | P12: 76832.836 | Q12: 15966.473 | R12: 39221.641 | S12: 49737.41 | T12: 13453.695 | U12: 63846.047 | V12: 11742.299 | W12: 158553.48 | X12: 15267.501 | Y12: 97822.805 | Z12: 51132.199 | AA12: 12436.496 | AB12: 25763.121 | AC12: 17256.043 | AD12: 18451.137 | AE12: 441558.94 | AF12: 660972.5 | AG12: 55100 | AH12: 186000 | AI12: 39900 | AJ12: 190515.17 | AK12: 17400 | AL12: 12661.59 | AM12: 24124.393 | AN12: 72420.992 | AO12: 14787.5 | AP12: 20931.152 | AQ12: 18263.992 | AR12: 15576.097 | AS12: 35721.598 | AT12: 3685584.5
A13: 12 | B13: 40022 | C13: 256266.11 | D13: 45714.238 | E13: 211881.56 | F13: 28176.371 | G13: 13244.001 | H13: 109942.01 | I13: 101905.45 | J13: 39600 | K13: 38466.555 | L13: 18753.84 | M13: 11665.215 | N13: 40308.098 | O13: 39479.672 | P13: 75035.578 | Q13: 19459.139 | R13: 38958.41 | S13: 43520.234 | T13: 15695.977 | U13: 67439.078 | V13: 11322.932 | W13: 173511.36 | X13: 16430 | Y13: 93909.891 | Z13: 51633.496 | AA13: 12917.465 | AB13: 27387.44 | AC13: 16840.234 | AD13: 21087.016 | AE13: 456442.94 | AF13: 675106.56 | AG13: 55825 | AH13: 220800 | AI13: 43462.5 | AJ13: 261953.56 | AK13: 17220 | AL13: 14295.344 | AM13: 23105.053 | AN13: 76501.047 | AO13: 16275 | AP13: 22962.445 | AQ13: 18397.307 | AR13: 16000.9 | AS13: 33644.762 | AT13: 3905743.2
A14: 13 | B14: 40053 | C14: 255583.88 | D14: 52142.805 | E14: 209972.72 | F14: 30119.568 | G14: 14168 | H14: 108119.76 | I14: 108427.39 | J14: 37400 | K14: 36663.438 | L14: 19300.068 | M14: 13478.052 | N14: 45537.254 | O14: 45119.629 | P14: 75934.203 | Q14: 21829.16 | R14: 41327.504 | S14: 44983.102 | T14: 16443.404 | U14: 75721.07 | V14: 11910.046 | W14: 173511.36 | X14: 22165 | Y14: 96145.844 | Z14: 60155.527 | AA14: 13604.564 | AB14: 34358.086 | AC14: 17256.043 | AD14: 21796.34 | AE14: 458584.56 | AF14: 689230.12 | AG14: 54737.5 | AH14: 232800 | AI14: 49875 | AJ14: 261105.81 | AK14: 16860 | AL14: 14458.719 | AM14: 33128.57 | AN14: 82621.125 | AO14: 15750 | AP14: 22962.445 | AQ14: 19597.131 | AR14: 16354.902 | AS14: 44028.945 | AT14: 4057038.8
... A52: 51 | B52: 41210 | C52: 587186.31 | D52: 117142.74 | E52: 337865.19 | F52: 164591.38 | G52: 21367.5 | H52: 180705.78 | I52: 106525.16 | J52: 118000 | K52: 154687.5 | L52: 55175.789 | M52: 10846.3 | N52: 154695.94 | O52: 272938.69 | P52: 357078.28 | Q52: 36485.914 | R52: 68966.914 | S52: 104594.85 | T52: 17707.334 | U52: 87868.008 | V52: 16942.459 | W52: 428393.56 | X52: 21272.869 | Y52: 252966.72 | Z52: 86222.93 | AA52: 23017.824 | AB52: 67034.18 | AC52: 13929.575 | AD52: 43339.363 | AE52: 551117.56 | AF52: 908303.25 | AG52: 78300 | AH52: 448800 | AI52: 97980 | AJ52: 546391.56 | AK52: 110400 | AL52: 6535.0142 | AM52: 50422.031 | AN52: 136171.86 | AO52: 27562.5 | AP52: 82626.758 | AQ52: 47279.207 | AR52: 11328.07 | AS52: 80131.852 | AT52: 8383180.5
B55: Month End Prices | C55: 2 | D55: 4 | E55: 6 | F55: 8 | G55: 10 | H55: 12 | I55: 14 | J55: 16 | K55: 18 | L55: 20 | M55: 22 | N55: 24 | O55: 26 | P55: 28 | Q55: 30 | R55: 32 | S55: 34 | T55: 36 | U55: 38 | V55: 40 | W55: 42 | X55: 44 | Y55: 46 | Z55: 48 | AA55: 50 | AB55: 52 | AC55: 54 | AD55: 56 | AE55: 60 | AF55: 62 | AG55: 64 | AH55: 66 | AI55: 70 | AJ55: 72 | AK55: 74 | AL55: 76 | AM55: 78 | AN55: 80 | AO55: 82 | AP55: 84 | AQ55: 86 | AR55: 88 | AS55: 90 | AT55: 92
A56: 1 | B56: Date | C56: ADVANC | D56: AOT | E56: BBL | F56: BGH | G56: BECL | H56: BAY | I56: BANPU | J56: BEC | K56: BIGC | L56: BH | M56: CCET | N56: CPN | O56: CPF | P56: CPALL | Q56: DELTA | R56: EGCO | S56: GLOW | T56: HANA | U56: IRPC | V56: ITD | W56: KBANK | X56: KSL | Y56: KTB | Z56: LH | AA56: MCOT | AB56: MINT | AC56: PSL | AD56: PS | AE56: PTTEP | AF56: PTT | AG56: RATCH | AH56: SCC | AI56: SCCC | AJ56: SCB | AK56: MAKRO | AL56: TSTH | AM56: THAI | AN56: TOP | AO56: TPC | AP56: TUF | AQ56: TCAP | AR56: TTA | AS56: TMB | AT56: SET50
A57: 2 | B57: 39719 | C57: 74 | D57: 33.25 | E57: 106 | F57: 32 | G57: 16.8 | H57: 17.4 | I57: 328.61 | J57: 20.8 | K57: 44 | L57: 33 | M57: 3.5 | N57: 17.3 | O57: 4.08 | P57: 5.4 | Q57: 15.8 | R57: 65 | S57: 28.25 | T57: 15 | U57: 4.12 | V57: 4.06 | W57: 64.5 | X57: 9.15 | Y57: 6.02 | Z57: 6.4 | AA57: 20.7 | AB57: 10.27 | AC57: 15.6 | AD57: 7.25 | AE57: 136 | AF57: 236 | AG57: 36 | AH57: 134 | AI57: 167 | AJ57: 70.5 | AK57: 83 | AL57: 1.61 | AM57: 12.5 | AN57: 43.75 | AO57: 18.1 | AP57: 18.23 | AQ57: 10.9 | AR57: 24.55 | AS57: 1.04 | AT57: 435.25
A58: 3 | B58: 39749 | C58: 62.79 | D58: 16 | E58: 63.5 | F58: 18.2 | G58: 11.8 | H58: 9.8 | I58: 147.48 | J58: 16.1 | K58: 34.75 | L58: 23.7 | M58: 1.81 | N58: 7.85 | O58: 2.98 | P58: 3.98 | Q58: 11 | R58: 58 | S58: 19.5 | T58: 10 | U58: 2.22 | V58: 2.26 | W58: 48.75 | X58: 5.2 | Y58: 3.63 | Z58: 2.92 | AA58: 12.3 | AB58: 6.18 | AC58: 8 | AD58: 4.14 | AE58: 81 | AF58: 148 | AG58: 28.75 | AH58: 99.5 | AI58: 108 | AJ58: 49.75 | AK58: 57.5 | AL58: 0.6 | AM58: 7.55 | AN58: 19.8 | AO58: 10.2 | AP58: 15.61 | AQ58: 5.25 | AR58: 9.45 | AS58: 0.52 | AT58: 273.52
A59: 4 | B59: 39780 | C59: 69.07 | D59: 17.8 | E59: 65.5 | F59: 15.7 | G59: 12.6 | H59: 9.55 | I59: 185.09 | J59: 17.6 | K59: 30 | L59: 18.8 | M59: 1.54 | N59: 9.6 | O59: 2.8 | P59: 5.3 | Q59: 10.4 | R59: 53.5 | S59: 20.4 | T59: 8.5 | U59: 1.87 | V59: 1.8 | W59: 42.5 | X59: 5.7 | Y59: 3.1 | Z59: 3.1 | AA59: 10.2 | AB59: 5.86 | AC59: 9.25 | AD59: 3.52 | AE59: 93.5 | AF59: 147 | AG59: 30.75 | AH59: 90 | AI59: 109 | AJ59: 48 | AK59: 62 | AL59: 0.66 | AM59: 7.55 | AN59: 19 | AO59: 10.7 | AP59: 16.73 | AQ59: 6.8 | AR59: 11.73 | AS59: 0.55 | AT59: 279.83
A60: 5 | B60: 39810 | C60: 69.96 | D60: 20.6 | E60: 68.5 | F60: 17.6 | G60: 17 | H60: 9.3 | I60: 223.69 | J60: 19.6 | K60: 36.75 | L60: 20.7 | M60: 1.71 | N60: 14.6 | O60: 3.08 | P60: 6.1 | Q60: 12 | R60: 66.5 | S60: 22.2 | T60: 10.7 | U60: 2.16 | V60: 2.2 | W60: 45.75 | X60: 5.8 | Y60: 3.67 | Z60: 3.84 | AA60: 13 | AB60: 7.14 | AC60: 11.3 | AD60: 4.6 | AE60: 102 | AF60: 172 | AG60: 43.25 | AH60: 104 | AI60: 130 | AJ60: 49 | AK60: 68 | AL60: 1.12 | AM60: 7.85 | AN60: 23.5 | AO60: 11.9 | AP60: 18.04 | AQ60: 7.05 | AR60: 15.27 | AS60: 0.61 | AT60: 313.79
A61: 6 | B61: 39841 | C61: 67.72 | D61: 18.5 | E61: 74.5 | F61: 17.5 | G61: 16.3 | H61: 9.15 | I61: 229.63 | J61: 20 | K61: 39.5 | L61: 21.5 | M61: 1.58 | N61: 13.5 | O61: 3.34 | P61: 5.65 | Q61: 9.6 | R61: 69 | S61: 23.6 | T61: 11 | U61: 2.02 | V61: 2.7 | W61: 47 | X61: 6.1 | Y61: 3.89 | Z61: 3.32 | AA61: 12.5 | AB61: 6.5 | AC61: 11 | AD61: 4.5 | AE61: 101 | AF61: 167 | AG61: 39.75 | AH61: 105 | AI61: 132 | AJ61: 54 | AK61: 69 | AL61: 1.07 | AM61: 7.1 | AN61: 25.5 | AO61: 13.1 | AP61: 18.32 | AQ61: 7.2 | AR61: 16.18 | AS61: 0.57 | AT61: 312.51
A62: 7 | B62: 39872 | C62: 72.21 | D62: 16.1 | E62: 74.5 | F62: 17.1 | G62: 15.8 | H62: 8.85 | I62: 209.83 | J62: 19.3 | K62: 38.75 | L62: 21.2 | M62: 1.22 | N62: 12.4 | O62: 3.38 | P62: 6.05 | Q62: 10.6 | R62: 71 | S62: 20.8 | T62: 11.3 | U62: 1.87 | V62: 2.32 | W62: 44.5 | X62: 6.25 | Y62: 3.89 | Z62: 2.7 | AA62: 13.3 | AB62: 5.91 | AC62: 10.6 | AD62: 3.94 | AE62: 89 | AF62: 156 | AG62: 38 | AH62: 100 | AI62: 134 | AJ62: 56 | AK62: 69.5 | AL62: 0.82 | AM62: 7.65 | AN62: 24 | AO62: 12.5 | AP62: 18.04 | AQ62: 8.05 | AR62: 13.7 | AS62: 0.49 | AT62: 299.58
A63: 8 | B63: 39900 | C63: 74.9 | D63: 15.8 | E63: 76.5 | F63: 16.9 | G63: 15.9 | H63: 8.95 | I63: 221.71 | J63: 18.5 | K63: 41.25 | L63: 17.9 | M63: 1.32 | N63: 12.8 | O63: 3.36 | P63: 6.25 | Q63: 9.4 | R63: 67.5 | S63: 21 | T63: 9.95 | U63: 1.92 | V63: 2.06 | W63: 46.5 | X63: 6.55 | Y63: 4.25 | Z63: 3.06 | AA63: 13.1 | AB63: 5.82 | AC63: 10.3 | AD63: 4.16 | AE63: 100 | AF63: 160 | AG63: 40 | AH63: 101 | AI63: 128 | AJ63: 55.5 | AK63: 67 | AL63: 0.87 | AM63: 9.15 | AN63: 26.5 | AO63: 12.7 | AP63: 18.88 | AQ63: 9.8 | AR63: 13.1 | AS63: 0.45 | AT63: 307.96
A64: 9 | B64: 39931 | C64: 69.74 | D64: 18.1 | E64: 78.75 | F64: 19.6 | G64: 15.4 | H64: 10.1 | I64: 265.26 | J64: 18.7 | K64: 40 | L64: 23.6 | M64: 1.93 | N64: 13.5 | O64: 3.22 | P64: 6.05 | Q64: 11.3 | R64: 66.25 | S64: 23.2 | T64: 11.8 | U64: 2.84 | V64: 2.34 | W64: 51.25 | X64: 7.5 | Y64: 4.99 | Z64: 3.7 | AA64: 13.8 | AB64: 5.82 | AC64: 12.4 | AD64: 4.92 | AE64: 98.25 | AF64: 181 | AG64: 37.5 | AH64: 108.5 | AI64: 136.5 | AJ64: 58.5 | AK64: 67 | AL64: 1.05 | AM64: 11.5 | AN64: 30.75 | AO64: 15.9 | AP64: 19.63 | AQ64: 10.7 | AR64: 15.8 | AS64: 0.52 | AT64: 331.76
A65: 10 | B65: 39961 | C65: 72.43 | D65: 23.1 | E65: 88.75 | F65: 20.4 | G65: 15.8 | H65: 11.8 | I65: 307.82 | J65: 19.7 | K65: 40.25 | L65: 27.75 | M65: 2.42 | N65: 17.5 | O65: 4.24 | P65: 7.45 | Q65: 14.6 | R65: 69.5 | S65: 28 | T65: 14.9 | U65: 3.72 | V65: 2.9 | W65: 55.75 | X65: 8.8 | Y65: 6.73 | Z65: 5.05 | AA65: 17.7 | AB65: 7.14 | AC65: 16.8 | AD65: 7.4 | AE65: 125 | AF65: 217 | AG65: 37.75 | AH65: 131.5 | AI65: 161 | AJ65: 67 | AK65: 72 | AL65: 1.34 | AM65: 15 | AN65: 40.25 | AO65: 18 | AP65: 21.87 | AQ65: 12.9 | AR65: 20.8 | AS65: 0.75 | AT65: 394.84
A66: 11 | B66: 39992 | C66: 79.83 | D66: 28.25 | E66: 106 | F66: 22.4 | G66: 16.7 | H66: 15 | I66: 334.55 | J66: 20.8 | K66: 41.25 | L66: 26.25 | M66: 2.22 | N66: 19.3 | O66: 4.68 | P66: 8.65 | Q66: 13.1 | R66: 76.25 | S66: 32.25 | T66: 16 | U66: 3.26 | V66: 2.8 | W66: 66.25 | X66: 9.8 | Y66: 7.9 | Z66: 5.25 | AA66: 18.2 | AB66: 7.27 | AC66: 15.8 | AD66: 8.45 | AE66: 133 | AF66: 237 | AG66: 37.5 | AH66: 152 | AI66: 171 | AJ66: 74 | AK66: 72.75 | AL66: 1.56 | AM66: 14.6 | AN66: 35 | AO66: 17.1 | AP66: 22.34 | AQ66: 13.3 | AR66: 21.6 | AS66: 0.84 | AT66: 429.43
A67: 12 | B67: 40022 | C67: 79.83 | D67: 31.5 | E67: 115 | F67: 23.6 | G67: 17.1 | H67: 18.3 | I67: 337.52 | J67: 20 | K67: 46.5 | L67: 26 | M67: 2.56 | N67: 18.3 | O67: 5.1 | P67: 8.1 | Q67: 14.5 | R67: 75.25 | S67: 30 | T67: 17.7 | U67: 3.44 | V67: 2.74 | W67: 72 | X67: 9.95 | Y67: 8 | Z67: 5.4 | AA67: 19 | AB67: 7.59 | AC67: 16.4 | AD67: 9.8 | AE67: 139.5 | AF67: 238 | AG67: 37.5 | AH67: 174 | AI67: 177 | AJ67: 78 | AK67: 73 | AL67: 1.74 | AM67: 13.8 | AN67: 38 | AO67: 18.6 | AP67: 22.99 | AQ67: 13.7 | AR67: 22.9 | AS67: 0.82 | AT67: 448.58
A68: 13 | B68: 40053 | C68: 77.59 | D68: 37.5 | E68: 112 | F68: 24.7 | G68: 18.6 | H68: 18.1 | I68: 401.85 | J68: 18.7 | K68: 45 | L68: 26.75 | M68: 3.52 | N68: 20.8 | O68: 5.85 | P68: 8.35 | Q68: 17.7 | R68: 78 | S68: 31.5 | T68: 19.7 | U68: 3.9 | V68: 2.86 | W68: 73 | X68: 12.7 | Y68: 7.9 | Z68: 6.05 | AA68: 19.4 | AB68: 9.64 | AC68: 16.6 | AD68: 9.9 | AE68: 142 | AF68: 247 | AG68: 37.25 | AH68: 194.5 | AI68: 213 | AJ68: 76.75 | AK68: 70.5 | AL68: 1.79 | AM68: 20.1 | AN68: 40.75 | AO68: 18 | AP68: 24.54 | AQ68: 14.3 | AR68: 23.1 | AS68: 1.06 | AT68: 470.69
... A106: 51 | B106: 41210 | C106: 198 | D106: 83 | E106: 175 | F106: 107 | G106: 28 | H106: 29 | I106: 389 | J106: 59.75 | K106: 186.5 | L106: 77 | M106: 2.66 | N106: 72 | O106: 35.25 | P106: 40 | Q106: 28.25 | R106: 134 | S106: 70.25 | T106: 22 | U106: 4.18 | V106: 4 | W106: 175 | X106: 13.2 | Y106: 18.1 | Z106: 8.65 | AA106: 32.5 | AB106: 17.5 | AC106: 13.4 | AD106: 19.6 | AE106: 156 | AF106: 313 | AG106: 54 | AH106: 363 | AI106: 420 | AJ106: 158.5 | AK106: 452 | AL106: 0.82 | AM106: 22.7 | AN106: 65.5 | AO106: 29.5 | AP106: 70.5 | AQ106: 36 | AR106: 18.2 | AS106: 1.83 | AT106: 866.98
B109: Monthly Returns | C109: 2 | D109: 4 | E109: 6 | F109: 8 | G109: 10 | H109: 12 | I109: 14 | J109: 16 | K109: 18 | L109: 20 | M109: 22 | N109: 24 | O109: 26 | P109: 28 | Q109: 30 | R109: 32 | S109: 34 | T109: 36 | U109: 38 | V109: 40 | W109: 42 | X109: 44 | Y109: 46 | Z109: 48 | AA109: 50 | AB109: 52 | AC109: 54 | AD109: 56 | AE109: 60 | AF109: 62 | AG109: 64 | AH109: 66 | AI109: 70 | AJ109: 72 | AK109: 74 | AL109: 76 | AM109: 78 | AN109: 80 | AO109: 82 | AP109: 84 | AQ109: 86 | AR109: 88 | AS109: 90 | AT109: 92
A110: 1 | B110: Date | C110: ADVANC | D110: AOT | E110: BBL | F110: BGH | G110: BECL | H110: BAY | I110: BANPU | J110: BEC | K110: BIGC | L110: BH | M110: CCET | N110: CPN | O110: CPF | P110: CPALL | Q110: DELTA | R110: EGCO | S110: GLOW | T110: HANA | U110: IRPC | V110: ITD | W110: KBANK | X110: KSL | Y110: KTB | Z110: LH | AA110: MCOT | AB110: MINT | AC110: PSL | AD110: PS | AE110: PTTEP | AF110: PTT | AG110: RATCH | AH110: SCC | AI110: SCCC | AJ110: SCB | AK110: MAKRO | AL110: TSTH | AM110: THAI | AN110: TOP | AO110: TPC | AP110: TUF | AQ110: TCAP | AR110: TTA | AS110: TMB | AT110: SET50
A111: 2 | B111: 39719
A112: 3 | B112: 39749 | C112: =LN(C58/C57) -> -0.16426927 | D112: =LN(D58/D57) -> -0.73146604 | E112: =LN(E58/E57) -> -0.51239919 | F112: =LN(F58/F57) -> -0.56431431 | G112: =LN(G58/G57) -> -0.35327935 | H112: =LN(H58/H57) -> -0.57408782 | I112: =LN(I58/I57) -> -0.80117906 | J112: =LN(J58/J57) -> -0.25613371 | ... AT112: =LN(AT58/AT57) -> -0.46454583
A113: 4 | B113: 39780 | C113: =LN(C59/C58) -> 0.095324658 | D113: =LN(D59/D58) -> 0.10660974 | E113: =LN(E59/E58) -> 0.031010237 | F113: =LN(F59/F58) -> -0.14776088 | G113: =LN(G59/G58) -> 0.065597282 | H113: =LN(H59/H58) -> -0.025841231 | I113: =LN(I59/I58) -> 0.22714962 | J113: =LN(J59/J58) -> 0.08907963 | ... AT113: =LN(AT59/AT58) -> 0.022807531
A114: 5 | B114: 39810 | C114: =LN(C60/C59) -> 0.012803167 | D114: =LN(D60/D59) -> 0.14609262 | E114: =LN(E60/E59) -> 0.044783603 | F114: =LN(F60/F59) -> 0.11423819 | G114: =LN(G60/G59) -> 0.29951653 | H114: =LN(H60/H59) -> -0.026526754 | I114: =LN(I60/I59) -> 0.18941897 | J114: =LN(J60/J59) -> 0.10763066 | ... AT114: =LN(AT60/AT59) -> 0.1145417
A115: 6 | B115: 39841 | C115: =LN(C61/C60) -> -0.032542093 | D115: =LN(D61/D60) -> -0.10752034 | E115: =LN(E61/E60) -> 0.08396538 | F115: =LN(F61/F60) -> -0.0056980211 | G115: =LN(G61/G60) -> -0.042048236 | H115: =LN(H61/H60) -> -0.016260521 | I115: =LN(I61/I60) -> 0.026208153 | J115: =LN(J61/J60) -> 0.020202707 | ... AT115: =LN(AT61/AT60) -> -0.0040875037
A116: 7 | B116: 39872 | C116: =LN(C62/C61) -> 0.064196983 | D116: =LN(D62/D61) -> -0.13895146 | E116: =LN(E62/E61) -> 0 | F116: =LN(F62/F61) -> -0.023122417 | G116: =LN(G62/G61) -> -0.031155168 | H116: =LN(H62/H61) -> -0.03333642 | I116: =LN(I62/I61) -> -0.090171639 | J116: =LN(J62/J61) -> -0.035627178 | ... AT116: =LN(AT62/AT61) -> -0.042254975
A117: 8 | B117: 39900 | C117: =LN(C63/C62) -> 0.03657535 | D117: =LN(D63/D62) -> -0.018809332 | E117: =LN(E63/E62) -> 0.026491615 | F117: =LN(F63/F62) -> -0.011764842 | G117: =LN(G63/G62) -> 0.0063091692 | H117: =LN(H63/H62) -> 0.011236073 | I117: =LN(I63/I62) -> 0.055072543 | J117: =LN(J63/J62) -> -0.042334364 | ... AT117: =LN(AT63/AT62) -> 0.027588411
A118: 9 | B118: 39931 | C118: =LN(C64/C63) -> -0.071379849 | D118: =LN(D64/D63) -> 0.135902 | E118: =LN(E64/E63) -> 0.028987537 | F118: =LN(F64/F63) -> 0.14821594 | G118: =LN(G64/G63) -> -0.0319516 | H118: =LN(H64/H63) -> 0.12088189 | I118: =LN(I64/I63) -> 0.17934026 | J118: =LN(J64/J63) -> 0.010752792 | ... AT118: =LN(AT64/AT63) -> 0.074441912
A119: 10 | B119: 39961 | C119: =LN(C65/C64) -> 0.037846537 | D119: =LN(D65/D64) -> 0.24392068 | E119: =LN(E65/E64) -> 0.11954515 | F119: =LN(F65/F64) -> 0.040005335 | G119: =LN(G65/G64) -> 0.025642431 | H119: =LN(H65/H64) -> 0.15556411 | I119: =LN(I65/I64) -> 0.14880472 | J119: =LN(J65/J64) -> 0.052095112 | ... AT119: =LN(AT65/AT64) -> 0.1740688
A120: 11 | B120: 39992 | C120: =LN(C66/C65) -> 0.097278795 | D120: =LN(D66/D65) -> 0.20126084 | E120: =LN(E66/E65) -> 0.17761567 | F120: =LN(F66/F65) -> 0.093526058 | G120: =LN(G66/G65) -> 0.055398779 | H120: =LN(H66/H65) -> 0.23995067 | I120: =LN(I66/I65) -> 0.083271149 | J120: =LN(J66/J65) -> 0.054334351 | ... AT120: =LN(AT66/AT65) -> 0.083978128
A121: 12 | B121: 40022 | C121: =LN(C67/C66) -> 0 | D121: =LN(D67/D66) -> 0.10889409 | E121: =LN(E67/E66) -> 0.081493034 | F121: =LN(F67/F66) -> 0.052185753 | G121: =LN(G67/G66) -> 0.023669744 | H121: =LN(H67/H66) -> 0.19885086 | I121: =LN(I67/I66) -> 0.0088384226 | J121: =LN(J67/J66) -> -0.039220713 | ... AT121: =LN(AT67/AT66) -> 0.04362829
A122: 13 | B122: 40053 | C122: =LN(C68/C67) -> -0.028460821 | D122: =LN(D68/D67) -> 0.17435339 | E122: =LN(E68/E67) -> -0.026433257 | F122: =LN(F68/F67) -> 0.045556532 | G122: =LN(G68/G67) -> 0.084083117 | H122: =LN(H68/H67) -> -0.010989122 | I122: =LN(I68/I67) -> 0.17445412 | J122: =LN(J68/J67) -> -0.06720875 | ... AT122: =LN(AT68/AT67) -> 0.048112665
A123: 14 | B123: 40084 | C123: =LN(C69/C68) -> 0.075083322 | D123: =LN(D69/D68) -> 0.10735852 | E123: =LN(E69/E68) -> 0.043675064 | F123: =LN(F69/F68) -> -0.02045061 | G123: =LN(G69/G68) -> 0 | H123: =LN(H69/H68) -> 0.037944932 | I123: =LN(I69/I68) -> 0.066705824 | J123: =LN(J69/J68) -> 0.17156877 | ... AT123: =LN(AT69/AT68) -> 0.071190064
... A160: 51 | B160: 41210 | C160: =LN(C106/C105) -> -0.077708984 | D160: =LN(D106/D105) -> 0.043083586 | E160: =LN(E106/E105) -> -0.10307219 | F160: =LN(F106/F105) -> -0.0046620131 | G160: =LN(G106/G105) -> -0.052185753 | H160: =LN(H106/H105) -> -0.074723546 | I160: =LN(I106/I105) -> -0.0076824962 | J160: =LN(J106/J105) -> -0.24712155 | ... AT160: =LN(AT106/AT105) -> -0.022355456
A162: 1 | B162: 2
A163: Last 6 Month | B163: 6
A164: Last Year | B164: 12
A165: Last 2 Years | B165: 24
A166: Last 3 Years | B166: 36
A167: Last 4 Years | B167: 48
A169: ='Single Asset Return&Risk'!H2 -> Last Year | B169: =VLOOKUP(A169,SELECTIONS_NO,2,FALSE) -> 12 | C169: Table for Single Asset Sheet
A170: 1 | C170: =C110 -> ADVANC | D170: =D110 -> AOT | E170: =E110 -> BBL | F170: =F110 -> BGH | G170: =G110 -> BECL | H170: =H110 -> BAY | I170: =I110 -> BANPU | J170: =J110 -> BEC | ... AT170: =AT110 -> SET50
A171: 2 | B171: Monthly Average | C171: =AVERAGE(OFFSET(C$160,0,0,-NO_OBS_SA,1)) -> 0.038329441 | D171: =AVERAGE(OFFSET(D$160,0,0,-NO_OBS_SA,1)) -> 0.064558087 | E171: =AVERAGE(OFFSET(E$160,0,0,-NO_OBS_SA,1)) -> 0.013683418 | F171: =AVERAGE(OFFSET(F$160,0,0,-NO_OBS_SA,1)) -> 0.039322878 | G171: =AVERAGE(OFFSET(G$160,0,0,-NO_OBS_SA,1)) -> 0.044070344 | H171: =AVERAGE(OFFSET(H$160,0,0,-NO_OBS_SA,1)) -> 0.03096363 | I171: =AVERAGE(OFFSET(I$160,0,0,-NO_OBS_SA,1)) -> -0.039265989 | J171: =AVERAGE(OFFSET(J$160,0,0,-NO_OBS_SA,1)) -> 0.038819021 | ... AT171: =AVERAGE(OFFSET(AT$160,0,0,-NO_OBS_SA,1)) -> 0.018787034
A172: 3 | B172: Annualized Average Returns | C172: =C171*12 -> 0.45995329 | D172: =D171*12 -> 0.77469705 | E172: =E171*12 -> 0.16420102 | F172: =F171*12 -> 0.47187454 | G172: =G171*12 -> 0.52884413 | H172: =H171*12 -> 0.37156356 | I172: =I171*12 -> -0.47119187 | J172: =J171*12 -> 0.46582826 | ... AT172: =AT171*12 -> 0.2254444
A175: Use all observation | C175: Table for Portflio Sheet
A176: 1 | C176: =C170 -> ADVANC | D176: =D170 -> AOT | E176: =E170 -> BBL | F176: =F170 -> BGH | G176: =G170 -> BECL | H176: =H170 -> BAY | I176: =I170 -> BANPU | J176: =J170 -> BEC | ... AT176: =AT170 -> SET50
A177: 2 | B177: Monthly Average | C177: =AVERAGE(C112:C160) -> 0.020085754 | D177: =AVERAGE(D112:D160) -> 0.018669099 | E177: =AVERAGE(E112:E160) -> 0.010231569 | F177: =AVERAGE(F112:F160) -> 0.02463455 | G177: =AVERAGE(G112:G160) -> 0.010425013 | H177: =AVERAGE(H112:H160) -> 0.010425013 | I177: =AVERAGE(I112:I160) -> 0.0034430144 | J177: =AVERAGE(J112:J160) -> 0.021535025 | ... AT177: =AVERAGE(AT112:AT160) -> 0.01406317
A178: 3 | B178: Monthly Standard Deviation | C178: =STDEV(C112:C160) -> 0.066625821 | D178: =STDEV(D112:D160) -> 0.15057866 | E178: =STDEV(E112:E160) -> 0.10332279 | F178: =STDEV(F112:F160) -> 0.11005295 | G178: =STDEV(G112:G160) -> 0.082405402 | H178: =STDEV(H112:H160) -> 0.121391 | I178: =STDEV(I112:I160) -> 0.15302954 | J178: =STDEV(J112:J160) -> 0.11235487 | ... AT178: =STDEV(AT112:AT160) -> 0.090368183
A179: 4 | B179: Monthly Variance | C179: =C178^2 -> 0.0044390001 | D179: =D178^2 -> 0.022673934 | E179: =E178^2 -> 0.010675598 | F179: =F178^2 -> 0.012111652 | G179: =G178^2 -> 0.0067906503 | H179: =H178^2 -> 0.014735774 | I179: =I178^2 -> 0.023418039 | J179: =J178^2 -> 0.012623617 | ... AT179: =AT178^2 -> 0.0081664085
A182: ='Security Analysis'!I3 -> Last 3 Years | B182: =VLOOKUP(A182,SELECTIONS_NO,2,FALSE) -> 36 | C182: Table for Equity Analysis Sheet
A183: 1 | C183: =C176 -> ADVANC | D183: =D176 -> AOT | E183: =E176 -> BBL | F183: =F176 -> BGH | G183: =G176 -> BECL | H183: =H176 -> BAY | I183: =I176 -> BANPU | J183: =J176 -> BEC | ... AT183: =AT176 -> SET50
A184: 2 | B184: Monthly Average | C184: =AVERAGE(OFFSET(C$160,0,0,-NO_OBS_EA,1)) -> 0.025389461 | D184: =AVERAGE(OFFSET(D$160,0,0,-NO_OBS_EA,1)) -> 0.020979971 | E184: =AVERAGE(OFFSET(E$160,0,0,-NO_OBS_EA,1)) -> 0.012149949 | F184: =AVERAGE(OFFSET(F$160,0,0,-NO_OBS_EA,1)) -> 0.040498918 | G184: =AVERAGE(OFFSET(G$160,0,0,-NO_OBS_EA,1)) -> 0.011512049 | H184: =AVERAGE(OFFSET(H$160,0,0,-NO_OBS_EA,1)) -> 0.012337062 | I184: =AVERAGE(OFFSET(I$160,0,0,-NO_OBS_EA,1)) -> -0.0031365404 | J184: =AVERAGE(OFFSET(J$160,0,0,-NO_OBS_EA,1)) -> 0.027880071 | ... AT184: =AVERAGE(OFFSET(AT$160,0,0,-NO_OBS_EA,1)) -> 0.015380367

Sheet Financial Data
A1: 1 | B1: 2 | C1: 3 | D1: 4 | E1: 5 | F1: 6 | G1: 7 | H1: 8 | I1: 9 | J1: 10 | K1: 11 | L1: 12 | M1: 13 | N1: 14 | O1: 15 | P1: 16 | Q1: 17 | R1: 18 | S1: 19 | T1: 20 | U1: 21 | V1: 22 | W1: 23 | X1: 24 | Y1: 25 | Z1: 26 | AA1: 27 | AB1: 28 | AC1: 29 | AD1: 30 | AE1: 31
A2: Symbol | B2: Name | C2: WebURL | D2: Industry | E2: Last Price | F2: 52 Wk High | G2: 52 Wk Low | H2: Volume | I2: 3M Avg Daily Vol | J2: 50 Day MovAvg | K2: 200 Day MovAvg | L2: Beta | M2: Analyst Consensus (1-5) | N2: Institutional Ownership | O2: Debt/ Equity Ratio | P2: Gross Margin | Q2: Profit Margin | R2: Total Shares Outstanding (Mil) | S2: Market Cap (Bil) | T2: TTM Earn/ Share | U2: Qtr EPS Estimate | V2: FY EPS Estimate | W2: Current PE | X2: FY PE Estimate | Y2: Price/ Sales Ratio | Z2: Price/ Book Value | AA2: Price/ Cash Flow Ratio | AB2: ROE | AC2: ROA | AD2: ROC | AE2: Health Grade
A3: ADVANC | B3: ADVANCED INFO SERVICE PCL | C3: http://www.ais.co.th | D3: Telecommunications | E3: 189.5 | F3: 227 | G3: 132 | H3: 13982500 | I3: 4832285 | J3: 208.52 | K3: 185.76 | L3: 0.6334205 | M3: 4.117647 | N3: 0.4498019 | O3: 0.56060607 | P3: 0.39717164 | Q3: 0.17572126 | R3: 2973.095 | S3: 563.40156 | T3: 9.244 | U3: 3.157 | V3: 12.083 | W3: 20.499784 | X3: 15.683191 | Y3: 4.2071221 | Z3: 12.737549 | AA3: 11.122639 | AB3: 63.85362 | AC3: 27.527391 | AD3: 38.944415 | AE3: A
A4: AOT | B4: AIRPORTS OF THAILAND PCL | C4: http://www.airportthai.co.th | D4: Engineering&Construction | E4: 82.5 | F4: 88.25 | G4: 35.75 | H4: 2076800 | I4: 3434030 | J4: 77.83 | K4: 63.06875 | L4: 0.9770615 | M4: 3.95 | N4: 0.7474064 | O4: 0.89004506 | P4: #VALUE! | Q4: 0.088276476 | R4: 1428.57 | S4: 117.85702 | T4: 3.582 | U4: 1.63 | V4: 4.373 | W4: 23.031826 | X4: 18.865767 | Y4: 3.9349568 | Z4: 1.5503296 | AA4: 8.4440244 | AB4: 6.7483941 | AC4: 3.4526643 | AD4: 4.7309384 | AE4: C+
A5: BBL | B5: BANGKOK BANK PUBLIC CO LTD | C5: http://www.bangkokbank.com | D5: Banks | E5: 178 | F5: 203 | G5: 136 | H5: 6640300 | I5: 5056697 | J5: 189.71 | K5: 183.5525 | L5: 1.122179 | M5: 4.555555 | N5: 0.236508 | O5: 0.88146437 | P5: #VALUE! | Q5: 0.31736818 | R5: 1908.843 | S5: 339.77403 | T5: 16.07 | U5: 4.97 | V5: 17.255 | W5: 11.07654 | X5: 10.31585 | Y5: 2.6823927 | Z5: 1.3018923 | AA5: #N/A N/A | AB5: 12.402937 | AC5: 1.4024607 | AD5: 6.5456594 | AE5: #N/A N/A
A6: BGH | B6: BANGKOK DUSIT MED SERVICE | C6: http://www.bangkokhospital.com | D6: Healthcare-Services | E6: 107 | F6: 113 | G6: 66.5 | H6: 1013800 | I6: 2873719 | J6: 106.72 | K6: 93.1625 | L6: 0.6116548 | M6: 4.217391 | N6: 0.1469117 | O6: 0.52482409 | P6: 0.34659342 | Q6: 0.12104643 | R6: 1545.459 | S6: 165.36409 | T6: 4.34 | U6: 0.82 | V6: 4.006 | W6: 24.654378 | X6: 26.709935 | Y6: 3.9565815 | Z6: 4.9390043 | AA6: 21.694365 | AB6: 21.44574 | AC6: 11.067345 | AD6: 14.56225 | AE6: A
A7: BECL | B7: BANGKOK EXPRESSWAY PUB CO | C7: http://www.becl.co.th | D7: Commercial Services | E7: 29 | F7: 30.5 | G7: 16.6 | H7: 3381200 | I7: 1785303 | J7: 28.935 | K7: 24.30975 | L7: 0.5694013 | M7: 4.733333 | N7: 0.3222031 | O7: 1.0178905 | P7: #VALUE! | Q7: 0.19262688 | R7: 770 | S7: 22.33 | T7: 2.7009 | U7: 0.44 | V7: 1.974 | W7: 10.737162 | X7: 14.690983 | Y7: 3.0287216 | Z7: 1.1049069 | AA7: 6.0122917 | AB7: 10.646855 | AC7: 5.0443428 | AD7: 6.7529561 | AE7: C
A8: BAY | B8: BANK OF AYUDHYA PCL | C8: http://www.krungsri.com | D8: Banks | E8: 29.5 | F8: 37 | G8: 17.8 | H8: 4986800 | I8: 14774830 | J8: 31.64 | K8: 28.52075 | L8: 1.174226 | M8: 4.212121 | N8: 0.09444683 | O8: 2.2797978 | P8: #VALUE! | Q8: 0.16511763 | R8: 6074.144 | S8: 179.18723 | T8: 1.8686 | U8: 0.75 | V8: 2.501 | W8: 15.78722 | X8: 11.795282 | Y8: 2.3207178 | Z8: 1.6421693 | AA8: 27.390628 | AB8: 10.796901 | AC8: 1.1610876 | AD8: 3.4664814 | AE8: #N/A N/A
A9: BANPU | B9: BANPU PUBLIC CO LTD | C9: http://www.banpu.co.th | D9: Coal | E9: 389 | F9: 688 | G9: 388 | H9: 872100 | I9: 1616331 | J9: 413.44 | K9: 501.6651 | L9: 1.111976 | M9: 3.875 | N9: 0.2097117 | O9: 1.2493118 | P9: 0.33872132 | Q9: 0.17846174 | R9: 271.7479 | S9: 105.70991 | T9: 48.774 | U9: 11 | V9: 39.549 | W9: 7.9755607 | X9: 9.8358998 | Y9: 0.87153235 | Z9: 1.3466181 | AA9: 4.964551 | AB9: 17.790777 | AC9: 6.1156224 | AD9: 12.267947 | AE9: C+
A10: BEC | B10: BEC WORLD PUBLIC CO LTD | C10: http://www.becworld.com | D10: Media | E10: 58 | F10: 76.5 | G10: 35.25 | H10: 2483900 | I10: 1812031 | J10: 57.475 | K10: 51.785 | L10: 0.8421156 | M10: 3.375 | N10: 0.08910461 | O10: 0.001079245 | P10: 0.52607288 | Q10: 0.27573077 | R10: 2000 | S10: 116 | T10: 2.01 | U10: 0.59 | V10: 2.338 | W10: 28.855721 | X10: 24.807528 | Y10: 8.4887645 | Z10: 15.246619 | AA10: 18.551933 | AB10: 54.131185 | AC10: 39.718442 | AD10: 54.365227 | AE10: A
A11: BIGC | B11: BIG C SUPERCENTER PCL | C11: http://www.bigc.co.th | D11: Retail | E11: 186.5 | F11: 238 | G11: 104 | H11: 854500 | I11: 810350 | J11: 188.19 | K11: 180.2675 | L11: 1.112769 | M11: 2.555556 | N11: 0.4062747 | O11: 1.5533317 | P11: 0.20286399 | Q11: 0.047848822 | R11: 825 | S11: 153.8625 | T11: 8.27 | U11: 2.46 | V11: 7.52 | W11: 22.551391 | X11: 24.800532 | Y11: 1.3132034 | Z11: 5.1180848 | AA11: 15.998195 | AB11: 26.085094 | AC11: 7.757034 | AD11: 13.113253 | AE11: A
A12: BH | B12: BUMRUNGRAD HOSPITAL PUB CO | C12: http://www.bumrungrad.com | D12: Healthcare-Services | E12: 76.75 | F12: 85.5 | G12: 39.5 | H12: 239200 | I12: 1012145 | J12: 78.775 | K12: 65.34125 | L12: 0.773914 | M12: 3.043478 | N12: 0.2639736 | O12: 0.73623679 | P12: 0.40092091 | Q12: 0.14417215 | R12: 728.3932 | S12: 55.90418 | T12: 2.63 | U12: 0.5 | V12: 2.93 | W12: 29.18251 | X12: 26.194539 | Y12: 4.728832 | Z12: 7.6351306 | AA12: 23.861238 | AB12: 28.204662 | AC12: 13.729873 | AD12: 17.886967 | AE12: A
A13: CCET | B13: CALCOMP ELECTRONICS (THAI) | C13: http://www.calcomp.co.th | D13: Computers | E13: 2.6 | F13: 2.98 | G13: 2.18 | H13: 7739500 | I13: 2552547 | J13: 2.7032 | K13: 2.7011 | L13: 0.8152083 | M13: 1.555556 | N13: 0.2089641 | O13: 0.89687875 | P13: 0.029197439 | Q13: 0.0038913973 | R13: 4077.556 | S13: 10.601646 | T13: 0.176 | U13: #N/A N/A | V13: 0.304 | W13: 14.772727 | X13: 8.5526316 | Y13: 0.075843774 | Z13: 0.70338405 | AA13: #N/A N/A | AB13: 4.4604442 | AC13: 1.1792656 | AD13: 3.1678631 | AE13: B
A14: CPN | B14: CENTRAL PATTANA PUB CO LTD | C14: http://www.centralpattana.co.th | D14: Real Estate | E14: 69.75 | F14: 77.25 | G14: 31.75 | H14: 1715700 | I14: 2842725 | J14: 61.53 | K14: 49.37875 | L14: 0.8899142 | M14: 4.352941 | N14: 0.0943149 | O14: 1.2647782 | P14: 0.34870539 | Q14: 0.17221737 | R14: 2178.816 | S14: 151.97242 | T14: 1.52 | U14: 0.447 | V14: 1.959 | W14: 45.888158 | X14: 35.6049 | Y14: 10.600762 | Z14: 7.1049354 | AA14: 16.48 | AB14: 16.46006 | AC14: 5.4141664 | AD14: 9.4215261 | AE14: C+
A15: CPF | B15: CHAROEN POKPHAND FOODS PUB | C15: http://www.cpfworldwide.com | D15: Food | E15: 35.5 | F15: 42.25 | G15: 29.5 | H15: 25385200 | I15: 25920370 | J15: 33.64 | K15: 35.785 | L15: 0.8582324 | M15: 4.172414 | N15: 0.5366158 | O15: 1.0920229 | P15: 0.16308493 | Q15: 0.076841572 | R15: 7742.942 | S15: 274.87444 | T15: 3.44 | U15: -0.11 | V15: 2.33 | W15: 10.319767 | X15: 15.236052 | Y15: 0.90489731 | Z15: 2.6673227 | AA15: 30.84638 | AB15: 28.883968 | AC15: 11.097807 | AD15: 15.857317 | AE15: B+
A16: CPALL | B16: CP ALL PCL | C16: http://www.7eleven.co.th | D16: Retail | E16: 40.75 | F16: 44.75 | G16: 22.5 | H16: 38643500 | I16: 20390210 | J16: 36.675 | K16: 34.19812 | L16: 0.9246077 | M16: 3.6875 | N16: 0.6219209 | O16: 0.00010113582 | P16: 0.24779436 | Q16: 0.051542067 | R16: 8983.101 | S16: 366.06137 | T16: 1.015 | U16: 0.255 | V16: 1.172 | W16: 40.147783 | X16: 34.769625 | Y16: 2.1815705 | Z16: 17.231358 | AA16: 20.696575 | AB16: 46.920064 | AC16: 17.315585 | AD16: 46.452829 | AE16: A
A17: DELTA | B17: DELTA ELECTRONICS THAI PCL | C17: http://www.deltathailand.com | D17: Electronics | E17: 29.5 | F17: 30 | G17: 18.2 | H17: 2396800 | I17: 1027267 | J17: 26.269 | K17: 23.7595 | L17: 0.812852 | M17: 4 | N17: 0.6860667 | O17: 0.051469856 | P17: 0.23524374 | Q17: 0.074526804 | R17: 1247.382 | S17: 36.797758 | T17: 2.41 | U17: 0.69 | V17: 2.701 | W17: 12.240664 | X17: 10.921881 | Y17: 0.95569281 | Z17: 1.8526065 | AA17: 6.4475153 | AB17: 15.527193 | AC17: 9.8705351 | AD17: 15.181447 | AE17: A
A18: EGCO | B18: ELECTRICITY GENERATING PCL | C18: http://www.egco.com | D18: Electric | E18: 129.5 | F18: 138 | G18: 85.75 | H18: 721400 | I18: 642867.2 | J18: 127.34 | K18: 107.8875 | L18: 0.4530518 | M18: 3.947368 | N18: 0.0652411 | O18: 0.2079601 | P18: 0.27049432 | Q18: 0.65128724 | R18: 526.465 | S18: 68.177219 | T18: 18.97 | U18: 3.897 | V18: 13.703 | W18: 6.8265683 | X18: 9.4504853 | Y18: 8.203912 | Z18: 1.0323805 | AA18: 7.0036623 | AB18: 16.309801 | AC18: 11.407245 | AD18: 12.813734 | AE18: C+
A19: GLOW | B19: GLOW ENERGY PCL | C19: http://www.glow.co.th | D19: Electric | E19: 71.25 | F19: 73 | G19: 50 | H19: 598500 | I19: 774328.1 | J19: 66.925 | K19: 61.00125 | L19: 0.7230711 | M19: 3.555556 | N19: 0.5650435 | O19: 2.1515138 | P19: 0.16404505 | Q19: 0.086582219 | R19: 1462.865 | S19: 104.22913 | T19: 3.17 | U19: 1.565 | V19: 3.804 | W19: 22.476341 | X19: 18.730284 | Y19: 2.0453487 | Z19: 2.9603244 | AA19: 41.314387 | AB19: 13.500836 | AC19: 3.713404 | AD19: 6.0835344 | AE19: C+
A20: HANA | B20: HANA MICROELECTRONICS PCL | C20: http://www.hanagroup.com | D20: Electronics | E20: 21.9 | F20: 23.2 | G20: 17.1 | H20: 87000 | I20: 307550 | J20: 21.222 | K20: 20.5675 | L20: 0.6575844 | M20: 3.4375 | N20: 0.3376681 | O20: 0.002665408 | P20: 0.12586942 | Q20: 0.099177184 | R20: 804.8789 | S20: 17.626848 | T20: 1.65 | U20: 0.49 | V20: 1.985 | W20: 13.272727 | X20: 11.032746 | Y20: 1.0465552 | Z20: 1.2065783 | AA20: 6.4507427 | AB20: 9.3964738 | AC20: 7.4950338 | AD20: 9.4477426 | AE20: A
A21: IRPC | B21: IRPC PCL | C21: http://www.irpc.co.th | D21: Chemicals | E21: 4.26 | F21: 4.92 | G21: 3.46 | H21: 56708500 | I21: 70622100 | J21: 4.1584 | K21: 4.1647 | L21: 1.547618 | M21: 3.695652 | N21: 0.6109509 | O21: 0.40649156 | P21: 0.046161938 | Q21: 0.016634139 | R21: 20434.42 | S21: 87.050633 | T21: -0.158 | U21: 0.1 | V21: 0.15 | W21: #N/A N/A | X21: 28.4 | Y21: 0.31641181 | Z21: 1.1750137 | AA21: 7.0747414 | AB21: -4.1669938 | AC21: -2.2254306 | AD21: #N/A N/A | AE21: A
A22: ITD | B22: ITALIAN-THAI DEVELOPMENT PCL | C22: http://www.itd.co.th | D22: Engineering&Construction | E22: 4.06 | F22: 4.14 | G22: 3.04 | H22: 46874500 | I22: 44400490 | J22: 3.7216 | K22: 3.5108 | L22: 1.252907 | M22: 2.941176 | N22: 0.02735545 | O22: 3.0044251 | P22: 0.071366374 | Q22: -0.038385615 | R22: 4193.678 | S22: 17.026334 | T22: -0.32298 | U22: #N/A N/A | V22: 0.11 | W22: #N/A N/A | X22: 36.909091 | Y22: 0.38811378 | Z22: 2.1714414 | AA22: #N/A N/A | AB22: -15.771488 | AC22: -2.5016504 | AD22: #N/A N/A | AE22: C
A23: KBANK | B23: KASIKORNBANK PCL | C23: http://www.kasikornbank.com | D23: Banks | E23: 177.5 | F23: 188 | G23: 109 | H23: 3154600 | I23: 4425166 | J23: 177.85 | K23: 159.035 | L23: 1.146595 | M23: 4.764706 | N23: 0.1889084 | O23: 0.88731153 | P23: #VALUE! | Q23: 0.18971981 | R23: 2393.26 | S23: 424.80369 | T23: 12.79 | U23: 4.54 | V23: 14.759 | W23: 13.87803 | X23: 12.02656 | Y23: 2.4061005 | Z23: 2.3785395 | AA23: 5.976459 | AB23: 18.641024 | AC23: 1.6176408 | AD23: 8.6893192 | AE23: #N/A N/A
A24: KSL | B24: KHON KAEN SUGAR INDUSTRY PCL | C24: http://www.kslsugar.com | D24: Food | E24: 13.4 | F24: 14.9 | G24: 11.3 | H24: 622500 | I24: 1629078 | J24: 13.01 | K24: 13.226 | L24: 0.9663599 | M24: 4.764706 | N24: 0.4021153 | O24: 1.2379263 | P24: 0.29547212 | Q24: 0.11481863 | R24: 1575.768 | S24: 21.115291 | T24: 1.486 | U24: #N/A N/A | V24: 1.287 | W24: 9.0174964 | X24: 10.41181 | Y24: 0.94270163 | Z24: 2.0150751 | AA24: 5.4764647 | AB24: 23.517995 | AC24: 8.27799 | AD24: 11.569936 | AE24: B
A25: KTB | B25: KRUNG THAI BANK PUB CO LTD | C25: http://www.ktb.co.th | D25: Banks | E25: 18.4 | F25: 19.3 | G25: 13.17095 | H25: 21206700 | I25: 38054720 | J25: 17.8828 | K25: 16.12934 | L25: 1.285527 | M25: 4.388889 | N25: 0.533018 | O25: 3.6518747 | P25: #VALUE! | Q25: 0.24095949 | R25: 13976.06 | S25: 257.15952 | T25: 2.0230166 | U25: 0.56 | V25: 2.074 | W25: 9.095328 | X25: 8.8717454 | Y25: 1.998153 | Z25: 1.5888882 | AA25: #N/A N/A | AB25: 15.461459 | AC25: 1.0042968 | AD25: 4.1137477 | AE25: #N/A N/A
A26: LH | B26: LAND & HOUSES PUB CO LTD | C26: http://www.lh.co.th | D26: Home Builders | E26: 8.7 | F26: 9.2 | G26: 5.55 | H26: 20229100 | I26: 15905880 | J26: 8.557 | K26: 7.60575 | L26: 1.205836 | M26: 3.9 | N26: 0.245641 | O26: 0.90837866 | P26: 0.32490561 | Q26: 0.29167071 | R26: 10025.92 | S26: 87.225516 | T26: 0.52 | U26: 0.115 | V26: 0.463 | W26: 16.730769 | X26: 18.790497 | Y26: 4.1169767 | Z26: 2.8044761 | AA26: 45.557852 | AB26: 17.234179 | AC26: 8.37453 | AD26: 9.778726 | AE26: B+
A27: MCOT | B27: MCOT PCL | C27: http://www.mcot.net | D27: Media | E27: 34.75 | F27: 35 | G27: 25 | H27: 5178500 | I27: 974900 | J27: 30.93 | K27: 29.245 | L27: 0.6703543 | M27: 3.8 | N27: 0.8362009 | O27: 0.00170255 | P27: 0.57531013 | Q27: 0.26483922 | R27: 687.0992 | S27: 23.876697 | T27: 1.904006 | U27: 0.69 | V27: 2.356 | W27: 18.250993 | X27: 14.749576 | Y27: 4.7002241 | Z27: 3.098428 | AA27: 8.9208741 | AB27: 16.659744 | AC27: 12.060514 | AD27: 16.818231 | AE27: A
A28: MINT | B28: MINOR INTERNATIONAL PCL | C28: http://www.minorinternational.com | D28: Retail | E28: 18.7 | F28: 18.9 | G28: 9.181818 | H28: 7282700 | I28: 9550177 | J28: 16.49 | K28: 13.99273 | L28: 1.098739 | M28: 4.272727 | N28: 0.192147 | O28: 1.3798026 | P28: 0.5689096 | Q28: 0.11019495 | R28: 3663.07 | S28: 68.499414 | T28: 0.91568184 | U28: 0.3 | V28: 0.806 | W28: 20.421941 | X28: 23.200993 | Y28: 2.343071 | Z28: 4.3364152 | AA28: 16.008807 | AB28: 23.371488 | AC28: 8.1209898 | AD28: 12.223834 | AE28: B+
A29: PSL | B29: PRECIOUS SHIPPING PCL | C29: http://www.preciousshipping.com | D29: Transportation | E29: 13.5 | F29: 17.6 | G29: 13.1 | H29: 806900 | I29: 995118.8 | J29: 13.436 | K29: 14.894 | L29: 0.8872173 | M29: 2.714286 | N29: 0.4004428 | O29: 0.45853978 | P29: 0.56582875 | Q29: 0.23300278 | R29: 1039.521 | S29: 14.033528 | T29: 0.188494 | U29: 0.32 | V29: 0.126 | W29: 71.620317 | X29: 107.14286 | Y29: 4.1245133 | Z29: 0.9522602 | AA29: 22.924361 | AB29: 1.3364672 | AC29: 0.9390067 | AD29: 3.3306162 | AE29: B
A30: PS | B30: PRUKSA REAL ESTATE PCL | C30: http://www.pruksa.com | D30: Real Estate | E30: 19.5 | F30: 20.8 | G30: 10.4 | H30: 2966500 | I30: 7554242 | J30: 18.536 | K30: 16.0935 | L30: 1.24423 | M30: 4.096774 | N30: 0.04554742 | O30: 1.1948076 | P30: 0.36704193 | Q30: 0.12185952 | R30: 2211.192 | S30: 43.118242 | T30: 1.241 | U30: 0.47 | V30: 1.653 | W30: 15.713135 | X30: 11.796733 | Y30: 1.9073646 | Z30: 2.4252728 | AA30: 53.782462 | AB30: 16.350265 | AC30: 6.6107619 | AD30: 8.1881964 | AE30: B+
A31: PTTEP | B31: PTT EXPLOR & PROD PUBLIC CO | C31: http://www.pttep.com | D31: Oil&Gas | E31: 169 | F31: 187 | G31: 147.5 | H31: 5814600 | I31: 3838036 | J31: 156.5 | K31: 166.7825 | L31: 1.021007 | M31: 4.026316 | N31: 0.7795659 | O31: 0.61365193 | P31: 0.77156858 | Q31: 0.26377341 | R31: 3319.985 | S31: 561.07756 | T31: 17.66 | U31: 4.325 | V31: 16.521 | W31: 9.5696489 | X31: 10.229405 | Y31: 2.7775122 | Z31: 2.4988552 | AA31: 6.375399 | AB31: 28.870403 | AC31: 12.391681 | AD31: 17.60567 | AE31: A
A32: PTT | B32: PTT PCL | C32: http://www.pttplc.com | D32: Oil&Gas | E32: 322 | F32: 369 | G32: 290 | H32: 5968100 | I32: 3499692 | J32: 325.24 | K32: 334.155 | L32: 1.140053 | M32: 4.53125 | N32: 0.711581 | O32: 0.73378003 | P32: 0.081229817 | Q32: 0.043364608 | R32: 2856.3 | S32: 919.7285 | T32: 29.464 | U32: 9.693 | V32: 37.501 | W32: 10.928591 | X32: 8.5864377 | Y32: 0.35121076 | Z32: 1.5787006 | AA32: 5.6919058 | AB32: 15.190167 | AC32: 5.8977764 | AD32: 10.812569 | AE32: A
A33: RATCH | B33: RATCHABURI ELEC GEN HODG PUB | C33: http://www.ratch.co.th/en | D33: Electric | E33: 54.75 | F33: 55 | G33: 40 | H33: 786500 | I33: 1219617 | J33: 50.24 | K33: 44.87125 | L33: 0.5326509 | M33: 3.777778 | N33: 0.1259081 | O33: 0.80684896 | P33: 0.17585889 | Q33: 0.1113896 | R33: 1450 | S33: 79.3875 | T33: 4.57 | U33: 0.6 | V33: 3.948 | W33: 11.980306 | X33: 13.867781 | Y33: 1.4937954 | Z33: 1.5482096 | AA33: 9.3333786 | AB33: 13.269087 | AC33: 7.5424961 | AD33: 11.943358 | AE33: B+
A34: SCC | B34: SIAM CEMENT PUBLIC CO LTD | C34: http://www.siamcement.com | D34: Holding Companies-Divers | E34: 390 | F34: 402 | G34: 310 | H34: 4618700 | I34: 1819842 | J34: 350.92 | K34: 340.92 | L34: 1.108802 | M34: 4.344828 | N34: 0.4344634 | O34: 1.1574126 | P34: 0.14316653 | Q34: 0.074015828 | R34: 1200 | S34: 468 | T34: 16.56 | U34: 7.55 | V34: 20.76 | W34: 23.550725 | X34: 18.786127 | Y34: 1.1828488 | Z34: 3.4146155 | AA34: 21.413161 | AB34: 14.567307 | AC34: 5.2386974 | AD34: 5.7511397 | AE34: B+
A35: SCCC | B35: SIAM CITY CEMENT PUB CO LTD | C35: http://www.siamcitycement.com | D35: Building Materials | E35: 456 | F35: 456 | G35: 236 | H35: 75600 | I35: 102520.3 | J35: 385.46 | K35: 328.175 | L35: 0.9575662 | M35: 2.642857 | N35: 0.4158682 | O35: 0.26393519 | P35: 0.44432214 | Q35: 0.14226542 | R35: 230 | S35: 104.88 | T35: 13.96 | U35: 4.16 | V35: 17.791 | W35: 32.664756 | X35: 25.630937 | Y35: 4.2587925 | Z35: 5.9236791 | AA35: 25.354413 | AB35: 18.232803 | AC35: 11.818049 | AD35: 15.180919 | AE35: A
A36: SCB | B36: SIAM COMMERCIAL BANK PUB CO | C36: http://www.scb.co.th/ | D36: Banks | E36: 160 | F36: 172 | G36: 102 | H36: 4772800 | I36: 4830403 | J36: 160.94 | K36: 146.1625 | L36: 1.153906 | M36: 4.666667 | N36: 0.6398847 | O36: 1.7018369 | P36: #VALUE! | Q36: 0.3129666 | R36: 3393.736 | S36: 542.99781 | T36: 10.930239 | U36: 3.395 | V36: 12.096 | W36: 14.638289 | X36: 13.227513 | Y36: 3.5376725 | Z36: 2.6315511 | AA36: #N/A N/A | AB36: 19.360301 | AC36: 1.8795898 | AD36: 7.7445845 | AE36: #N/A N/A
A37: MAKRO | B37: SIAM MAKRO PUBLIC CO LTD | C37: http://www.siammakro.co.th | D37: Retail | E37: 462 | F37: 474 | G37: 205 | H37: 275000 | I37: 291034.4 | J37: 407.44 | K37: 349.695 | L37: 0.9820426 | M37: 4 | N37: 0.7480632 | O37: 0.22743755 | P37: 0.097870794 | Q37: 0.026280485 | R37: 240 | S37: 110.88 | T37: 12.79 | U37: #N/A N/A | V37: 14.818 | W37: 36.12197 | X37: 31.178297 | Y37: 1.000793 | Z37: 11.095584 | AA37: 19.191256 | AB37: 30.515781 | AC37: 10.838152 | AD37: 25.156891 | AE37: A
A38: TSTH | B38: TATA STEEL THAILAND PCL | C38: http://www.millenniumsteel.com | D38: Iron/Steel | E38: 0.79 | F38: 0.95 | G38: 0.75 | H38: 1321400 | I38: 2930638 | J38: 0.8014 | K38: 0.827 | L38: 0.918144 | M38: 2.222222 | N38: 0.05863593 | O38: 0.48395729 | P38: -0.015482651 | Q38: -0.060275048 | R38: 8168.768 | S38: 6.4533267 | T38: -0.20022 | U38: #N/A N/A | V38: 0.015 | W38: #N/A N/A | X38: 52.666667 | Y38: 0.27028666 | Z38: 0.5102688 | AA38: #N/A N/A | AB38: -12.487866 | AC38: -7.499468 | AD38: #N/A N/A | AE38: C
A39: THAI | B39: THAI AIRWAYS INTERNATIONAL | C39: http://www.thaiairways.com | D39: Airlines | E39: 23 | F39: 27.75 | G39: 18.1 | H39: 7058200 | I39: 8522569 | J39: 21.802 | K39: 22.871 | L39: 1.211199 | M39: 3.84 | N39: 0.7328037 | O39: 2.2526852 | P39: 0.49309975 | Q39: -0.053388079 | R39: 2182.772 | S39: 50.203754 | T39: -0.378 | U39: 0.67 | V39: 1.902 | W39: #N/A N/A | X39: 12.092534 | Y39: 0.25475944 | Z39: 0.76820748 | AA39: 4.7767072 | AB39: -1.2516442 | AC39: -0.29361599 | AD39: -1.3491667 | AE39: F
A40: TOP | B40: THAI OIL PCL | C40: http://www.thaioil.co.th/ | D40: Oil&Gas | E40: 67.5 | F40: 77 | G40: 53 | H40: 4760200 | I40: 8698450 | J40: 65.9 | K40: 65.1525 | L40: 1.294643 | M40: 3.823529 | N40: 0.5558756 | O40: 0.574911 | P40: 0.051392513 | Q40: 0.03328508 | R40: 2040.028 | S40: 137.70188 | T40: 2.303 | U40: 2.21 | V40: 5.885 | W40: 29.309596 | X40: 11.469839 | Y40: 0.30283333 | Z40: 1.8185946 | AA40: 9.7874419 | AB40: 6.1313034 | AC40: 2.850642 | AD40: 5.0447863 | AE40: A
A41: TPC | B41: THAI PLASTIC & CHEMICALS PCL | C41: http://www.thaiplastic.co.th | D41: Chemicals | E41: 32.25 | F41: 34.75 | G41: 21.9 | H41: 77700 | I41: 261884.4 | J41: 29.9 | K41: 29.0025 | L41: 0.8836364 | M41: 4.333333 | N41: 0.0396896 | O41: 0.18561002 | P41: 0.15182793 | Q41: 0.060808012 | R41: 875 | S41: 28.21875 | T41: 2.931 | U41: #N/A N/A | V41: 3.445 | W41: 11.003071 | X41: 9.3613933 | Y41: 0.95410865 | Z41: 1.9044603 | AA41: 5.7147315 | AB41: 18.222322 | AC41: 11.778571 | AD41: 15.937224 | AE41: A
A42: TUF | B42: THAI UNION FROZEN PROD PUB | C42: http://www.thaiuniongroup.com | D42: Food | E42: 73.25 | F42: 78 | G42: 49.17812 | H42: 4247700 | I42: 2720641 | J42: 73.69 | K42: 70.16445 | L42: 0.7198537 | M42: 4.642857 | N42: 0.1443674 | O42: 1.628587 | P42: 0.16589561 | Q42: 0.051429218 | R42: 1147.594 | S42: 84.06125 | T42: 5.480738 | U42: 1.3 | V42: 5.076 | W42: 13.364988 | X42: 14.430654 | Y42: 0.71691391 | Z42: 2.3043066 | AA42: 59.217407 | AB42: 18.949622 | AC42: 6.4665131 | AD42: #N/A N/A | AE42: A
A43: TCAP | B43: THANACHART CAPITAL PCL | C43: http://www.thanachart.co.th/ | D43: Banks | E43: 37.75 | F43: 41.75 | G43: 23.6 | H43: 8011100 | I43: 9911995 | J43: 37.075 | K43: 31.28475 | L43: 1.039653 | M43: 3.692308 | N43: 0.1698102 | O43: 8.459677 | P43: #VALUE! | Q43: 0.10708683 | R43: 1277.816 | S43: 48.237566 | T43: #N/A N/A | U43: 0.95 | V43: 4.245 | W43: #N/A N/A | X43: 8.8928151 | Y43: 0.68246017 | Z43: 1.167504 | AA43: #N/A N/A | AB43: 12.981356 | AC43: 0.55081428 | AD43: 2.6114502 | AE43: #N/A N/A
A44: TTA | B44: THORESEN THAI AGENCIES PCL | C44: http://www.thoresen.com | D44: Transportation | E44: 15.7 | F44: 22.5 | G44: 14.4 | H44: 6833000 | I44: 4102952 | J44: 16.774 | K44: 17.918 | L44: 0.9921333 | M44: 2.545455 | N44: 0.04523099 | O44: 0.56245808 | P44: 0.1182962 | Q44: 0.007940382 | R44: 708.0044 | S44: 11.115669 | T44: -4.664 | U44: #N/A N/A | V44: -0.742 | W44: #N/A N/A | X44: #N/A N/A | Y44: 0.68690822 | Z44: 0.50112105 | AA44: 7.0827209 | AB44: -13.796094 | AC44: -6.956411 | AD44: #N/A N/A | AE44: C
A45: TMB | B45: TMB BANK PCL | C45: http://www.tmbbank.com | D45: Banks | E45: 1.87 | F45: 1.98 | G45: 1.32 | H45: 335808500 | I45: 169746600 | J45: 1.7854 | K45: 1.6611 | L45: 1.096784 | M45: 2.083333 | N45: 0.5667795 | O45: 3.2855111 | P45: #VALUE! | Q45: 0.17797532 | R45: 43549.92 | S45: 81.438352 | T45: 0.09 | U45: 0.179 | V45: 0.112 | W45: 20.777778 | X45: 16.696429 | Y45: 2.1116579 | Z45: 1.4914775 | AA45: #N/A N/A | AB45: 8.8917345 | AC45: 0.71071525 | AD45: 3.066263 | AE45: #N/A N/A
A46: SET50 | B46: THAI SET 50 INDEX | C46: #N/A Field Not Applicable | D46: #N/A Field Not Applicable | E46: 883.43 | F46: 892.63 | G46: 669.41 | H46: 623913280 | I46: 853867100 | J46: 870.2357 | K46: 827.7539 | L46: #N/A Field Not Applicable | M46: #N/A Field Not Applicable | N46: #VALUE! | O46: #VALUE! | P46: 0.2825071 | Q46: 0.2027142 | R46: #N/A Field Not Applicable | S46: 8424.828 | T46: 57.430038 | U46: #N/A Field Not Applicable | V46: #N/A Field Not Applicable | W46: 15.382716 | X46: #N/A Field Not Applicable | Y46: #N/A Field Not Applicable | Z46: 2.4225512 | AA46: 16.978555 | AB46: 23.43786 | AC46: 8.9854002 | AD46: 15.43113 | AE46: #N/A Field Not Applicable

Sheet Security Analysis
I3: Last 3 Years | X3: Stock | Y3: Name | Z3: Beta | AA3: Current PE | AB3: ROE | AC3: ROA | AD3: ROC | AE3: WebURL | AF3: =IF(Y14="NO_CONS","MVP","MVP_C") -> MVP_C | AG3: =IF(Y14="NO_CONS","EP","EP_C") -> EP_C
H4: =IF(T4<0,REPT("n",ABS(T4)),"") | I4: ADVANC | J4: =IF(T4>0,REPT("n",T4),"") -> nnnnnnnnnnnnn | T4: =ROUND(U4*500,0) -> 13 | U4: =HLOOKUP(I4,TAB_EA,2,FALSE) -> 0.025389461 | X4: ADVANC | Y4: =HLOOKUP(Y$3,TAB_FINDATA,MATCH($X4,COL_FINDATA,0),0) -> ADVANCED INFO SERVICE PCL | Z4: =HLOOKUP(Z$3,TAB_FINDATA,MATCH($X4,COL_FINDATA,0),0) -> 0.6334205 | AA4: =HLOOKUP(AA$3,TAB_FINDATA,MATCH($X4,COL_FINDATA,0),0) -> 20.499784 | AB4: =HLOOKUP(AB$3,TAB_FINDATA,MATCH($X4,COL_FINDATA,0),0) -> 63.85362 | AC4: =HLOOKUP(AC$3,TAB_FINDATA,MATCH($X4,COL_FINDATA,0),0) -> 27.527391 | AD4: =HLOOKUP(AD$3,TAB_FINDATA,MATCH($X4,COL_FINDATA,0),0) -> 38.944415 | AE4: =HYPERLINK(HLOOKUP(AE$3,TAB_FINDATA,MATCH($X4,COL_FINDATA,0),0),Y4) -> ADVANCED INFO SERVICE PCL | AF4: {=IF(Y14="NO_CONS",W_MVP,W_MVP_C)} -> 0.70554977 | AG4: {=IF(Y14="NO_CONS",W_EP,W_EP_C)} -> 0.6997567
H5: =IF(T5<0,REPT("n",ABS(T5)),"") | I5: AOT | J5: =IF(T5>0,REPT("n",T5),"") -> nnnnnnnnnn | T5: =ROUND(U5*500,0) -> 10 | U5: =HLOOKUP(I5,TAB_EA,2,FALSE) -> 0.020979971 | X5: AOT | Y5: =HLOOKUP(Y$3,TAB_FINDATA,MATCH($X5,COL_FINDATA,0),0) -> AIRPORTS OF THAILAND PCL | Z5: =HLOOKUP(Z$3,TAB_FINDATA,MATCH($X5,COL_FINDATA,0),0) -> 0.9770615 | AA5: =HLOOKUP(AA$3,TAB_FINDATA,MATCH($X5,COL_FINDATA,0),0) -> 23.031826 | AB5: =HLOOKUP(AB$3,TAB_FINDATA,MATCH($X5,COL_FINDATA,0),0) -> 6.7483941 | AC5: =HLOOKUP(AC$3,TAB_FINDATA,MATCH($X5,COL_FINDATA,0),0) -> 3.4526643 | AD5: =HLOOKUP(AD$3,TAB_FINDATA,MATCH($X5,COL_FINDATA,0),0) -> 4.7309384 | AE5: =HYPERLINK(HLOOKUP(AE$3,TAB_FINDATA,MATCH($X5,COL_FINDATA,0),0),Y5) -> AIRPORTS OF THAILAND PCL | AF5: -0.28405183 | AG5: 0.16709106
H6: =IF(T6<0,REPT("n",ABS(T6)),"") | I6: BBL | J6: =IF(T6>0,REPT("n",T6),"") -> nnnnnn | T6: =ROUND(U6*500,0) -> 6 | U6: =HLOOKUP(I6,TAB_EA,2,FALSE) -> 0.012149949 | X6: BBL | Y6: =HLOOKUP(Y$3,TAB_FINDATA,MATCH($X6,COL_FINDATA,0),0) -> BANGKOK BANK PUBLIC CO LTD | Z6: =HLOOKUP(Z$3,TAB_FINDATA,MATCH($X6,COL_FINDATA,0),0) -> 1.122179 | AA6: =HLOOKUP(AA$3,TAB_FINDATA,MATCH($X6,COL_FINDATA,0),0) -> 11.07654 | AB6: =HLOOKUP(AB$3,TAB_FINDATA,MATCH($X6,COL_FINDATA,0),0) -> 12.402937 | AC6: =HLOOKUP(AC$3,TAB_FINDATA,MATCH($X6,COL_FINDATA,0),0) -> 1.4024607 | AD6: =HLOOKUP(AD$3,TAB_FINDATA,MATCH($X6,COL_FINDATA,0),0) -> 6.5456594 | AE6: =HYPERLINK(HLOOKUP(AE$3,TAB_FINDATA,MATCH($X6,COL_FINDATA,0),0),Y6) -> BANGKOK BANK PUBLIC CO LTD | AF6: 0.15 | AG6: 0.15
H7: =IF(T7<0,REPT("n",ABS(T7)),"") | I7: KBANK | J7: =IF(T7>0,REPT("n",T7),"") -> nnnnnnnnnnn | T7: =ROUND(U7*500,0) -> 11 | U7: =HLOOKUP(I7,TAB_EA,2,FALSE) -> 0.021142227 | X7: KBANK | Y7: =HLOOKUP(Y$3,TAB_FINDATA,MATCH($X7,COL_FINDATA,0),0) -> KASIKORNBANK PCL | Z7: =HLOOKUP(Z$3,TAB_FINDATA,MATCH($X7,COL_FINDATA,0),0) -> 1.146595 | AA7: =HLOOKUP(AA$3,TAB_FINDATA,MATCH($X7,COL_FINDATA,0),0) -> 13.87803 | AB7: =HLOOKUP(AB$3,TAB_FINDATA,MATCH($X7,COL_FINDATA,0),0) -> 18.641024 | AC7: =HLOOKUP(AC$3,TAB_FINDATA,MATCH($X7,COL_FINDATA,0),0) -> 1.6176408 | AD7: =HLOOKUP(AD$3,TAB_FINDATA,MATCH($X7,COL_FINDATA,0),0) -> 8.6893192 | AE7: =HYPERLINK(HLOOKUP(AE$3,TAB_FINDATA,MATCH($X7,COL_FINDATA,0),0),Y7) -> KASIKORNBANK PCL | AF7: 0.52558224 | AG7: 1.4238151
H8: =IF(T8<0,REPT("n",ABS(T8)),"") | I8: SCB | J8: =IF(T8>0,REPT("n",T8),"") -> nnnnnnnnn | T8: =ROUND(U8*500,0) -> 9 | U8: =HLOOKUP(I8,TAB_EA,2,FALSE) -> 0.018819372 | X8: SCB | Y8: =HLOOKUP(Y$3,TAB_FINDATA,MATCH($X8,COL_FINDATA,0),0) -> SIAM COMMERCIAL BANK PUB CO | Z8: =HLOOKUP(Z$3,TAB_FINDATA,MATCH($X8,COL_FINDATA,0),0) -> 1.153906 | AA8: =HLOOKUP(AA$3,TAB_FINDATA,MATCH($X8,COL_FINDATA,0),0) -> 14.638289 | AB8: =HLOOKUP(AB$3,TAB_FINDATA,MATCH($X8,COL_FINDATA,0),0) -> 19.360301 | AC8: =HLOOKUP(AC$3,TAB_FINDATA,MATCH($X8,COL_FINDATA,0),0) -> 1.8795898 | AD8: =HLOOKUP(AD$3,TAB_FINDATA,MATCH($X8,COL_FINDATA,0),0) -> 7.7445845 | AE8: =HYPERLINK(HLOOKUP(AE$3,TAB_FINDATA,MATCH($X8,COL_FINDATA,0),0),Y8) -> SIAM COMMERCIAL BANK PUB CO | AF8: -0.058271846 | AG8: -0.38468894
H9: =IF(T9<0,REPT("n",ABS(T9)),"") | I9: BAY | J9: =IF(T9>0,REPT("n",T9),"") -> nnnnnn | T9: =ROUND(U9*500,0) -> 6 | U9: =HLOOKUP(I9,TAB_EA,2,FALSE) -> 0.012337062 | X9: BAY | Y9: =HLOOKUP(Y$3,TAB_FINDATA,MATCH($X9,COL_FINDATA,0),0) -> BANK OF AYUDHYA PCL | Z9: =HLOOKUP(Z$3,TAB_FINDATA,MATCH($X9,COL_FINDATA,0),0) -> 1.174226 | AA9: =HLOOKUP(AA$3,TAB_FINDATA,MATCH($X9,COL_FINDATA,0),0) -> 15.78722 | AB9: =HLOOKUP(AB$3,TAB_FINDATA,MATCH($X9,COL_FINDATA,0),0) -> 10.796901 | AC9: =HLOOKUP(AC$3,TAB_FINDATA,MATCH($X9,COL_FINDATA,0),0) -> 1.1610876 | AD9: =HLOOKUP(AD$3,TAB_FINDATA,MATCH($X9,COL_FINDATA,0),0) -> 3.4664814 | AE9: =HYPERLINK(HLOOKUP(AE$3,TAB_FINDATA,MATCH($X9,COL_FINDATA,0),0),Y9) -> BANK OF AYUDHYA PCL | AF9: -0.041779969 | AG9: -0.74595291
H10: =IF(T10<0,REPT("n",ABS(T10)),"") -> nn | I10: BANPU | J10: =IF(T10>0,REPT("n",T10),"") | T10: =ROUND(U10*500,0) -> -2 | U10: =HLOOKUP(I10,TAB_EA,2,FALSE) -> -0.0031365404 | X10: TMB | Y10: =HLOOKUP(Y$3,TAB_FINDATA,MATCH($X10,COL_FINDATA,0),0) -> TMB BANK PCL | Z10: =HLOOKUP(Z$3,TAB_FINDATA,MATCH($X10,COL_FINDATA,0),0) -> 1.096784 | AA10: =HLOOKUP(AA$3,TAB_FINDATA,MATCH($X10,COL_FINDATA,0),0) -> 20.777778 | AB10: =HLOOKUP(AB$3,TAB_FINDATA,MATCH($X10,COL_FINDATA,0),0) -> 8.8917345 | AC10: =HLOOKUP(AC$3,TAB_FINDATA,MATCH($X10,COL_FINDATA,0),0) -> 0.71071525 | AD10: =HLOOKUP(AD$3,TAB_FINDATA,MATCH($X10,COL_FINDATA,0),0) -> 3.066263 | AE10: =HYPERLINK(HLOOKUP(AE$3,TAB_FINDATA,MATCH($X10,COL_FINDATA,0),0),Y10) -> TMB BANK PCL | AF10: 0.0029716377 | AG10: -0.31002106
X11: NO_CONS
I12: Select Data | Y12: Require Rate of Return | Z12: 0.03 | AE12: E(Rp) | AF12: =IF(Y14="NO_CONS",RP_MVP,RP_MVP_C) -> 0.019744529
Y13: Risk | Z13: =IF(Y14="NO_CONS",STD_EP,STD_EP_C) -> 0.083524657 | AE13: Std(p) | AF13: =IF(Y14="NO_CONS",STD_MVP,STD_MVP_C) -> 0.054696863
Y14: BBL | Z14: 0.15
A15: 1 | B15: Date | C15: KBANK | D15: BBL | E15: SCB | I15: TAB_PRICES
A16: 2 | B16: 39719 | C16: =HLOOKUP(C$15,INDIRECT($I$15),$A16) -> 64.5 | D16: =HLOOKUP(D$15,INDIRECT($I$15),$A16) -> 106 | E16: =HLOOKUP(E$15,INDIRECT($I$15),$A16) -> 36
A17: 3 | B17: 39749 | C17: =HLOOKUP(C$15,INDIRECT($I$15),$A17) -> 48.75 | D17: =HLOOKUP(D$15,INDIRECT($I$15),$A17) -> 63.5 | E17: =HLOOKUP(E$15,INDIRECT($I$15),$A17) -> 28.75
A18: 4 | B18: 39780 | C18: =HLOOKUP(C$15,INDIRECT($I$15),$A18) -> 42.5 | D18: =HLOOKUP(D$15,INDIRECT($I$15),$A18) -> 65.5 | E18: =HLOOKUP(E$15,INDIRECT($I$15),$A18) -> 30.75
A19: 5 | B19: 39810 | C19: =HLOOKUP(C$15,INDIRECT($I$15),$A19) -> 45.75 | D19: =HLOOKUP(D$15,INDIRECT($I$15),$A19) -> 68.5 | E19: =HLOOKUP(E$15,INDIRECT($I$15),$A19) -> 43.25
A20: 6 | B20: 39841 | C20: =HLOOKUP(C$15,INDIRECT($I$15),$A20) -> 47 | D20: =HLOOKUP(D$15,INDIRECT($I$15),$A20) -> 74.5 | E20: =HLOOKUP(E$15,INDIRECT($I$15),$A20) -> 39.75
A21: 7 | B21: 39872 | C21: =HLOOKUP(C$15,INDIRECT($I$15),$A21) -> 44.5 | D21: =HLOOKUP(D$15,INDIRECT($I$15),$A21) -> 74.5 | E21: =HLOOKUP(E$15,INDIRECT($I$15),$A21) -> 38
A22: 8 | B22: 39900 | C22: =HLOOKUP(C$15,INDIRECT($I$15),$A22) -> 46.5 | D22: =HLOOKUP(D$15,INDIRECT($I$15),$A22) -> 76.5 | E22: =HLOOKUP(E$15,INDIRECT($I$15),$A22) -> 40
A23: 9 | B23: 39931 | C23: =HLOOKUP(C$15,INDIRECT($I$15),$A23) -> 51.25 | D23: =HLOOKUP(D$15,INDIRECT($I$15),$A23) -> 78.75 | E23: =HLOOKUP(E$15,INDIRECT($I$15),$A23) -> 37.5
A24: 10 | B24: 39961 | C24: =HLOOKUP(C$15,INDIRECT($I$15),$A24) -> 55.75 | D24: =HLOOKUP(D$15,INDIRECT($I$15),$A24) -> 88.75 | E24: =HLOOKUP(E$15,INDIRECT($I$15),$A24) -> 37.75
A25: 11 | B25: 39992 | C25: =HLOOKUP(C$15,INDIRECT($I$15),$A25) -> 66.25 | D25: =HLOOKUP(D$15,INDIRECT($I$15),$A25) -> 106 | E25: =HLOOKUP(E$15,INDIRECT($I$15),$A25) -> 37.5
A26: 12 | B26: 40022 | C26: =HLOOKUP(C$15,INDIRECT($I$15),$A26) -> 72 | D26: =HLOOKUP(D$15,INDIRECT($I$15),$A26) -> 115 | E26: =HLOOKUP(E$15,INDIRECT($I$15),$A26) -> 37.5
A27: 13 | B27: 40053 | C27: =HLOOKUP(C$15,INDIRECT($I$15),$A27) -> 73 | D27: =HLOOKUP(D$15,INDIRECT($I$15),$A27) -> 112 | E27: =HLOOKUP(E$15,INDIRECT($I$15),$A27) -> 37.25
... A65: 51 | B65: 41210 | C65: =HLOOKUP(C$15,INDIRECT($I$15),$A65) -> 175 | D65: =HLOOKUP(D$15,INDIRECT($I$15),$A65) -> 175 | E65: =HLOOKUP(E$15,INDIRECT($I$15),$A65) -> 54

Sheet Matrix
B2: VCM | C2: {=TRANSPOSE(C13:C19)} -> ADVANC | D2: AOT | E2: BBL | F2: KBANK | G2: SCB | H2: BAY | I2: TMB
B3: {=C13:C19} -> ADVANC | C3: =MAX(HLOOKUP(C$2,TAB_COV,MATCH($B3,COL_COV,0),0),HLOOKUP($B3,TAB_COV,MATCH(C$2,COL_COV,0),0)) -> 0.0043484083 | D3: =MAX(HLOOKUP(D$2,TAB_COV,MATCH($B3,COL_COV,0),0),HLOOKUP($B3,TAB_COV,MATCH(D$2,COL_COV,0),0)) -> 0.0054843868 | E3: =MAX(HLOOKUP(E$2,TAB_COV,MATCH($B3,COL_COV,0),0),HLOOKUP($B3,TAB_COV,MATCH(E$2,COL_COV,0),0)) -> 0.0036687308 | F3: =MAX(HLOOKUP(F$2,TAB_COV,MATCH($B3,COL_COV,0),0),HLOOKUP($B3,TAB_COV,MATCH(F$2,COL_COV,0),0)) -> 0.0021004443 | G3: =MAX(HLOOKUP(G$2,TAB_COV,MATCH($B3,COL_COV,0),0),HLOOKUP($B3,TAB_COV,MATCH(G$2,COL_COV,0),0)) -> 0.0029934701 | H3: =MAX(HLOOKUP(H$2,TAB_COV,MATCH($B3,COL_COV,0),0),HLOOKUP($B3,TAB_COV,MATCH(H$2,COL_COV,0),0)) -> 0.0031896038 | I3: =MAX(HLOOKUP(I$2,TAB_COV,MATCH($B3,COL_COV,0),0),HLOOKUP($B3,TAB_COV,MATCH(I$2,COL_COV,0),0)) -> 0.0040480912
B4: AOT | C4: =MAX(HLOOKUP(C$2,TAB_COV,MATCH($B4,COL_COV,0),0),HLOOKUP($B4,TAB_COV,MATCH(C$2,COL_COV,0),0)) -> 0.0054843868 | D4: =MAX(HLOOKUP(D$2,TAB_COV,MATCH($B4,COL_COV,0),0),HLOOKUP($B4,TAB_COV,MATCH(D$2,COL_COV,0),0)) -> 0.022211201 | E4: =MAX(HLOOKUP(E$2,TAB_COV,MATCH($B4,COL_COV,0),0),HLOOKUP($B4,TAB_COV,MATCH(E$2,COL_COV,0),0)) -> 0.011536268 | F4: =MAX(HLOOKUP(F$2,TAB_COV,MATCH($B4,COL_COV,0),0),HLOOKUP($B4,TAB_COV,MATCH(F$2,COL_COV,0),0)) -> 0.0088835385 | G4: =MAX(HLOOKUP(G$2,TAB_COV,MATCH($B4,COL_COV,0),0),HLOOKUP($B4,TAB_COV,MATCH(G$2,COL_COV,0),0)) -> 0.0099076454 | H4: =MAX(HLOOKUP(H$2,TAB_COV,MATCH($B4,COL_COV,0),0),HLOOKUP($B4,TAB_COV,MATCH(H$2,COL_COV,0),0)) -> 0.013624594 | I4: =MAX(HLOOKUP(I$2,TAB_COV,MATCH($B4,COL_COV,0),0),HLOOKUP($B4,TAB_COV,MATCH(I$2,COL_COV,0),0)) -> 0.018674247
B5: BBL | C5: =MAX(HLOOKUP(C$2,TAB_COV,MATCH($B5,COL_COV,0),0),HLOOKUP($B5,TAB_COV,MATCH(C$2,COL_COV,0),0)) -> 0.0036687308 | D5: =MAX(HLOOKUP(D$2,TAB_COV,MATCH($B5,COL_COV,0),0),HLOOKUP($B5,TAB_COV,MATCH(D$2,COL_COV,0),0)) -> 0.011536268 | E5: =MAX(HLOOKUP(E$2,TAB_COV,MATCH($B5,COL_COV,0),0),HLOOKUP($B5,TAB_COV,MATCH(E$2,COL_COV,0),0)) -> 0.010457729 | F5: =MAX(HLOOKUP(F$2,TAB_COV,MATCH($B5,COL_COV,0),0),HLOOKUP($B5,TAB_COV,MATCH(F$2,COL_COV,0),0)) -> 0.0069724136 | G5: =MAX(HLOOKUP(G$2,TAB_COV,MATCH($B5,COL_COV,0),0),HLOOKUP($B5,TAB_COV,MATCH(G$2,COL_COV,0),0)) -> 0.0078451136 | H5: =MAX(HLOOKUP(H$2,TAB_COV,MATCH($B5,COL_COV,0),0),HLOOKUP($B5,TAB_COV,MATCH(H$2,COL_COV,0),0)) -> 0.010379309 | I5: =MAX(HLOOKUP(I$2,TAB_COV,MATCH($B5,COL_COV,0),0),HLOOKUP($B5,TAB_COV,MATCH(I$2,COL_COV,0),0)) -> 0.011649516
B6: KBANK | C6: =MAX(HLOOKUP(C$2,TAB_COV,MATCH($B6,COL_COV,0),0),HLOOKUP($B6,TAB_COV,MATCH(C$2,COL_COV,0),0)) -> 0.0021004443 | D6: =MAX(HLOOKUP(D$2,TAB_COV,MATCH($B6,COL_COV,0),0),HLOOKUP($B6,TAB_COV,MATCH(D$2,COL_COV,0),0)) -> 0.0088835385 | E6: =MAX(HLOOKUP(E$2,TAB_COV,MATCH($B6,COL_COV,0),0),HLOOKUP($B6,TAB_COV,MATCH(E$2,COL_COV,0),0)) -> 0.0069724136 | F6: =MAX(HLOOKUP(F$2,TAB_COV,MATCH($B6,COL_COV,0),0),HLOOKUP($B6,TAB_COV,MATCH(F$2,COL_COV,0),0)) -> 0.0066740017 | G6: =MAX(HLOOKUP(G$2,TAB_COV,MATCH($B6,COL_COV,0),0),HLOOKUP($B6,TAB_COV,MATCH(G$2,COL_COV,0),0)) -> 0.0060421043 | H6: =MAX(HLOOKUP(H$2,TAB_COV,MATCH($B6,COL_COV,0),0),HLOOKUP($B6,TAB_COV,MATCH(H$2,COL_COV,0),0)) -> 0.0075904299 | I6: =MAX(HLOOKUP(I$2,TAB_COV,MATCH($B6,COL_COV,0),0),HLOOKUP($B6,TAB_COV,MATCH(I$2,COL_COV,0),0)) -> 0.0086814577 | W6: R2, Page 100-103
B7: SCB | C7: =MAX(HLOOKUP(C$2,TAB_COV,MATCH($B7,COL_COV,0),0),HLOOKUP($B7,TAB_COV,MATCH(C$2,COL_COV,0),0)) -> 0.0029934701 | D7: =MAX(HLOOKUP(D$2,TAB_COV,MATCH($B7,COL_COV,0),0),HLOOKUP($B7,TAB_COV,MATCH(D$2,COL_COV,0),0)) -> 0.0099076454 | E7: =MAX(HLOOKUP(E$2,TAB_COV,MATCH($B7,COL_COV,0),0),HLOOKUP($B7,TAB_COV,MATCH(E$2,COL_COV,0),0)) -> 0.0078451136 | F7: =MAX(HLOOKUP(F$2,TAB_COV,MATCH($B7,COL_COV,0),0),HLOOKUP($B7,TAB_COV,MATCH(F$2,COL_COV,0),0)) -> 0.0060421043 | G7: =MAX(HLOOKUP(G$2,TAB_COV,MATCH($B7,COL_COV,0),0),HLOOKUP($B7,TAB_COV,MATCH(G$2,COL_COV,0),0)) -> 0.0078288219 | H7: =MAX(HLOOKUP(H$2,TAB_COV,MATCH($B7,COL_COV,0),0),HLOOKUP($B7,TAB_COV,MATCH(H$2,COL_COV,0),0)) -> 0.0084449197 | I7: =MAX(HLOOKUP(I$2,TAB_COV,MATCH($B7,COL_COV,0),0),HLOOKUP($B7,TAB_COV,MATCH(I$2,COL_COV,0),0)) -> 0.0093040704
B8: BAY | C8: =MAX(HLOOKUP(C$2,TAB_COV,MATCH($B8,COL_COV,0),0),HLOOKUP($B8,TAB_COV,MATCH(C$2,COL_COV,0),0)) -> 0.0031896038 | D8: =MAX(HLOOKUP(D$2,TAB_COV,MATCH($B8,COL_COV,0),0),HLOOKUP($B8,TAB_COV,MATCH(D$2,COL_COV,0),0)) -> 0.013624594 | E8: =MAX(HLOOKUP(E$2,TAB_COV,MATCH($B8,COL_COV,0),0),HLOOKUP($B8,TAB_COV,MATCH(E$2,COL_COV,0),0)) -> 0.010379309 | F8: =MAX(HLOOKUP(F$2,TAB_COV,MATCH($B8,COL_COV,0),0),HLOOKUP($B8,TAB_COV,MATCH(F$2,COL_COV,0),0)) -> 0.0075904299 | G8: =MAX(HLOOKUP(G$2,TAB_COV,MATCH($B8,COL_COV,0),0),HLOOKUP($B8,TAB_COV,MATCH(G$2,COL_COV,0),0)) -> 0.0084449197 | H8: =MAX(HLOOKUP(H$2,TAB_COV,MATCH($B8,COL_COV,0),0),HLOOKUP($B8,TAB_COV,MATCH(H$2,COL_COV,0),0)) -> 0.014435044 | I8: =MAX(HLOOKUP(I$2,TAB_COV,MATCH($B8,COL_COV,0),0),HLOOKUP($B8,TAB_COV,MATCH(I$2,COL_COV,0),0)) -> 0.012565101
B9: TMB | C9: =MAX(HLOOKUP(C$2,TAB_COV,MATCH($B9,COL_COV,0),0),HLOOKUP($B9,TAB_COV,MATCH(C$2,COL_COV,0),0)) -> 0.0040480912 | D9: =MAX(HLOOKUP(D$2,TAB_COV,MATCH($B9,COL_COV,0),0),HLOOKUP($B9,TAB_COV,MATCH(D$2,COL_COV,0),0)) -> 0.018674247 | E9: =MAX(HLOOKUP(E$2,TAB_COV,MATCH($B9,COL_COV,0),0),HLOOKUP($B9,TAB_COV,MATCH(E$2,COL_COV,0),0)) -> 0.011649516 | F9: =MAX(HLOOKUP(F$2,TAB_COV,MATCH($B9,COL_COV,0),0),HLOOKUP($B9,TAB_COV,MATCH(F$2,COL_COV,0),0)) -> 0.0086814577 | G9: =MAX(HLOOKUP(G$2,TAB_COV,MATCH($B9,COL_COV,0),0),HLOOKUP($B9,TAB_COV,MATCH(G$2,COL_COV,0),0)) -> 0.0093040704 | H9: =MAX(HLOOKUP(H$2,TAB_COV,MATCH($B9,COL_COV,0),0),HLOOKUP($B9,TAB_COV,MATCH(H$2,COL_COV,0),0)) -> 0.012565101 | I9: =MAX(HLOOKUP(I$2,TAB_COV,MATCH($B9,COL_COV,0),0),HLOOKUP($B9,TAB_COV,MATCH(I$2,COL_COV,0),0)) -> 0.024894909 | V9: Rf
V10: 0.005
C11: MVP
C12: Stock | D12: Weigth | E12: E(Ri) | V12: Ri-Rf | X12: Zi | Z12: Xi | AB12: =SUM(Z12:Z19) -> 1
C13: ='Security Analysis'!X4 -> ADVANC | D13: {=O21:O27} -> 0.76318993 | E13: =HLOOKUP(C13,TAB_PORT,2,0) -> 0.020085754 | V13: =E13-Rf -> 0.015085754 | X13: {=MMULT(MINVERSE(mVCM),V13:V19)} -> 5.4797663 | Z13: =X13/$X$22 -> 0.81230359
C14: ='Security Analysis'!X5 -> AOT | D14: -0.30046697 | E14: =HLOOKUP(C14,TAB_PORT,2,0) -> 0.018669099 | V14: =E14-Rf -> 0.013669099 | X14: -0.96440428 | Z14: =X14/$X$22 -> -0.1429603 | AB14: Required
C15: ='Security Analysis'!X6 -> BBL | D15: -0.37007858 | E15: =HLOOKUP(C15,TAB_PORT,2,0) -> 0.010231569 | V15: =E15-Rf -> 0.005231569 | X15: -5.620504 | Z15: =X15/$X$22 -> -0.83316611 | AB15: 0.02
C16: ='Security Analysis'!X7 -> KBANK | D16: 0.61789344 | E16: =HLOOKUP(C16,TAB_PORT,2,0) -> 0.020369811 | V16: =E16-Rf -> 0.015369811 | X16: 7.03461 | Z16: =X16/$X$22 -> 1.0427888
C17: ='Security Analysis'!X8 -> SCB | D17: 0.1144727 | E17: =HLOOKUP(C17,TAB_PORT,2,0) -> 0.016533508 | G17: MVP | V17: =E17-Rf -> 0.011533508 | X17: 0.96973707 | Z17: =X17/$X$22 -> 0.14375082 | AB17: Port M
C18: ='Security Analysis'!X9 -> BAY | D18: 0.11253251 | E18: =HLOOKUP(C18,TAB_PORT,2,0) -> 0.010425013 | F18: E(Rp) | G18: {=MMULT(TRANSPOSE(D13:D19),E13:E19)} -> 0.022305762 | V18: =E18-Rf -> 0.0054250127 | X18: -0.12632174 | Z18: =X18/$X$22 -> -0.018725543 | AA18: E(Rp) | AB18: {=MMULT(TRANSPOSE(Z13:Z19),E13:E19)} -> 0.028499066
C19: ='Security Analysis'!X10 -> TMB | D19: 0.062456968 | E19: =HLOOKUP(C19,TAB_PORT,2,0) -> 0.011532556 | F19: Std(p) | G19: {=SQRT(MMULT(MMULT(TRANSPOSE(D13:D19),C3:I9),D13:D19))} -> 0.05064931 | V19: =E19-Rf -> 0.0065325562 | X19: -0.026924765 | Z19: =X19/$X$22 -> -0.0039912437 | AA19: Std(p) | AB19: {=SQRT(MMULT(MMULT(TRANSPOSE(Z13:Z19),mVCM),Z13:Z19))} -> 0.059020579
C21: {=2*mVCM} -> 0.0086968165 | D21: 0.010968774 | E21: 0.0073374616 | F21: 0.0042008886 | G21: 0.0059869403 | H21: 0.0063792076 | I21: 0.0080961825 | J21: 1 | L21: 0 | N21: {=C13:C19} -> ADVANC | O21: {=MMULT(MINVERSE(C21:J28),L21:L28)} -> 0.76318993 | Q21: =SUM(O21:O27) -> 1 | X21: Sum Zi | AA21: Slope | AB21: =(AB18-Rf)/AB19 -> 0.39815038
C22: 0.010968774 | D22: 0.044422401 | E22: 0.023072536 | F22: 0.017767077 | G22: 0.019815291 | H22: 0.027249188 | I22: 0.037348493 | J22: 1 | L22: 0 | N22: AOT | O22: -0.30046697 | X22: =SUM(X13:X19) -> 6.7459586
C23: 0.0073374616 | D23: 0.023072536 | E23: 0.020915458 | F23: 0.013944827 | G23: 0.015690227 | H23: 0.020758618 | I23: 0.023299032 | J23: 1 | L23: 0 | N23: BBL | O23: -0.37007858 | AA23: For Graphs Only
C24: 0.0042008886 | D24: 0.017767077 | E24: 0.013944827 | F24: 0.013348003 | G24: 0.012084209 | H24: 0.01518086 | I24: 0.017362915 | J24: 1 | L24: 0 | N24: KBANK | O24: 0.61789344 | AA24: X | AB24: Y
C25: 0.0059869403 | D25: 0.019815291 | E25: 0.015690227 | F25: 0.012084209 | G25: 0.015657644 | H25: 0.016889839 | I25: 0.018608141 | J25: 1 | L25: 0 | N25: SCB | O25: 0.1144727 | AA25: St.Dev | AB25: Return
C26: 0.0063792076 | D26: 0.027249188 | E26: 0.020758618 | F26: 0.01518086 | G26: 0.016889839 | H26: 0.028870089 | I26: 0.025130202 | J26: 1 | L26: 0 | N26: BAY | O26: 0.11253251 | AA26: 0 | AB26: =Rf -> 0.005
C27: 0.0080961825 | D27: 0.037348493 | E27: 0.023299032 | F27: 0.017362915 | G27: 0.018608141 | H27: 0.025130202 | I27: 0.049789819 | J27: 1 | L27: 0 | N27: TMB | O27: 0.062456968 | AA27: 0.3 | AB27: =Rf+AB21*AA27 -> 0.12444511
C28: 1 | D28: 1 | E28: 1 | F28: 1 | G28: 1 | H28: 1 | I28: 1 | J28: 0 | L28: 1 | N28: l | O28: -0.0051307052
W29: Stocks and Bond(CML)
C30: Efficient Portfolio | U30: Xs | V30: =1-X30 -> 0.63832324 | W30: Xb | X30: =(AB15-Rm)/(Rf-Rm) -> 0.36167676 | Z30: =SUM(X30:X37) -> 1
C31: Stock | D31: Weigth | E31: E(Ri) | W31: =C13 -> ADVANC | X31: =(1-$X$30)*Z13 -> 0.51851225
C32: =C13 -> ADVANC | D32: {=P40:P46} -> 0.82420617 | E32: =HLOOKUP(C32,TAB_PORT,2,0) -> 0.020085754 | G32: Required | W32: =C14 -> AOT | X32: =(1-$X$30)*Z14 -> -0.091254884
C33: =C14 -> AOT | D33: -0.1047889 | E33: =HLOOKUP(C33,TAB_PORT,2,0) -> 0.018669099 | G33: ='Security Analysis'!Z12 -> 0.03 | W33: =C15 -> BBL | X33: =(1-$X$30)*Z15 -> -0.53182929
C34: =C15 -> BBL | D34: -0.94539437 | E34: =HLOOKUP(C34,TAB_PORT,2,0) -> 0.010231569 | W34: =C16 -> KBANK | X34: =(1-$X$30)*Z16 -> 0.66563632
C35: =C16 -> KBANK | D35: 1.1457613 | E35: =HLOOKUP(C35,TAB_PORT,2,0) -> 0.020369811 | W35: =C17 -> SCB | X35: =(1-$X$30)*Z17 -> 0.091759488
C36: =C17 -> SCB | D36: 0.15084631 | E36: =HLOOKUP(C36,TAB_PORT,2,0) -> 0.016533508 | G36: RQ | W36: =C18 -> BAY | X36: =(1-$X$30)*Z18 -> -0.011952949
C37: =C18 -> BAY | D37: -0.050535648 | E37: =HLOOKUP(C37,TAB_PORT,2,0) -> 0.010425013 | F37: E(Rp) | G37: {=MMULT(TRANSPOSE(D32:D38),E32:E38)} -> 0.03 | W37: =C19 -> TMB | X37: =(1-$X$30)*Z19 -> -0.0025477036 | Y37: Std(p) | Z37: {=SQRT(MMULT(MMULT(TRANSPOSE(X31:X37),mVCM),X31:X37))} -> 0.037674207
C38: =C19 -> TMB | D38: -0.020094824 | E38: =HLOOKUP(C38,TAB_PORT,2,0) -> 0.011532556 | F38: Std(p) | G38: {=SQRT(MMULT(MMULT(TRANSPOSE(D32:D38),C3:I9),D32:D38))} -> 0.063105762
C40: {=2*mVCM} -> 0.0086968165 | D40: 0.010968774 | E40: 0.0073374616 | F40: 0.0042008886 | G40: 0.0059869403 | H40: 0.0063792076 | I40: 0.0080961825 | J40: {=E13:E19} -> 0.020085754 | K40: 1 | M40: 0 | O40: {=C13:C19} -> ADVANC | P40: {=MMULT(MINVERSE(C40:K48),M40:M48)} -> 0.82420617 | R40: =SUM(P40:P46) -> 1
C41: 0.010968774 | D41: 0.044422401 | E41: 0.023072536 | F41: 0.017767077 | G41: 0.019815291 | H41: 0.027249188 | I41: 0.037348493 | J41: 0.018669099 | K41: 1 | M41: 0 | O41: AOT | P41: -0.1047889
C42: 0.0073374616 | D42: 0.023072536 | E42: 0.020915458 | F42: 0.013944827 | G42: 0.015690227 | H42: 0.020758618 | I42: 0.023299032 | J42: 0.010231569 | K42: 1 | M42: 0 | O42: BBL | P42: -0.94539437
C43: 0.0042008886 | D43: 0.017767077 | E43: 0.013944827 | F43: 0.013348003 | G43: 0.012084209 | H43: 0.01518086 | I43: 0.017362915 | J43: 0.020369811 | K43: 1 | M43: 0 | O43: KBANK | P43: 1.1457613
C44: 0.0059869403 | D44: 0.019815291 | E44: 0.015690227 | F44: 0.012084209 | G44: 0.015657644 | H44: 0.016889839 | I44: 0.018608141 | J44: 0.016533508 | K44: 1 | M44: 0 | O44: SCB | P44: 0.15084631
C45: 0.0063792076 | D45: 0.027249188 | E45: 0.020758618 | F45: 0.01518086 | G45: 0.016889839 | H45: 0.028870089 | I45: 0.025130202 | J45: 0.010425013 | K45: 1 | M45: 0 | O45: BAY | P45: -0.050535648
C46: 0.0080961825 | D46: 0.037348493 | E46: 0.023299032 | F46: 0.017362915 | G46: 0.018608141 | H46: 0.025130202 | I46: 0.049789819 | J46: 0.011532556 | K46: 1 | M46: 0 | O46: TMB | P46: -0.020094824
C47: {=TRANSPOSE(J40:K46)} -> 0.020085754 | D47: 0.018669099 | E47: 0.010231569 | F47: 0.020369811 | G47: 0.016533508 | H47: 0.010425013 | I47: 0.011532556 | J47: 0 | K47: 0 | M47: =G33 -> 0.03 | O47: l1 | P47: -0.36832359 | R47: Var(p) | S47: =ABS(SUMPRODUCT(M47:M48,P47:P48))/2 -> 0.0039823372
C48: 1 | D48: 1 | E48: 1 | F48: 1 | G48: 1 | H48: 1 | I48: 1 | J48: 0 | K48: 0 | M48: 1 | O48: l2 | P48: 0.0030850333 | R48: Std | S48: =SQRT(S47) -> 0.063105762
M50: Efficient Frontier
M51: Rp | N51: 1 | O51: Std | P51: Rp
C52: {=MINVERSE(C40:K48)} -> 91.628155 | D52: -17.39588 | E52: -22.765503 | F52: -44.904972 | G52: -51.751695 | H52: 30.283679 | I52: 14.906217 | J52: 7.9301218 | K52: 0.58630252 | M52: 0 | N52: 1 | O52: {=SQRT(ABS(MMULT(MMULT(M52:N52,$J$59:$K$60),TRANSPOSE(M52:N52)))/2)} -> 0.12030858 | P52: =M52 -> 0
C53: -17.39588 | D53: 74.091093 | E53: 49.734916 | F53: -29.254982 | G53: -16.858479 | H53: -24.904503 | I53: -35.412165 | J53: 25.431769 | K53: -0.86774196 | M53: =M52+0.005 -> 0.005 | N53: 1 | O53: {=SQRT(ABS(MMULT(MMULT(M53:N53,$J$59:$K$60),TRANSPOSE(M53:N53)))/2)} -> 0.098659212 | P53: =M53 -> 0.005
C54: -22.765503 | D54: 49.734916 | E54: 200.38015 | F54: 50.86431 | G54: -97.965294 | H54: -127.21246 | I54: -53.036116 | J54: -74.772293 | K54: 1.2977744 | M54: =M53+0.005 -> 0.01 | N54: 1 | O54: {=SQRT(ABS(MMULT(MMULT(M54:N54,$J$59:$K$60),TRANSPOSE(M54:N54)))/2)} -> 0.07867577 | P54: =M54 -> 0.01
C55: -44.904972 | D55: -29.254982 | E55: 50.86431 | F55: 155.00901 | G55: -140.92183 | H55: 5.4864942 | I55: 3.7219723 | J55: 68.605604 | K55: -0.91240687 | M55: =M54+0.005 -> 0.015 | N55: 1 | O55: {=SQRT(ABS(MMULT(MMULT(M55:N55,$J$59:$K$60),TRANSPOSE(M55:N55)))/2)} -> 0.061990844 | P55: =M55 -> 0.015
C56: -51.751695 | D56: -16.858479 | E56: -97.965294 | F56: -140.92183 | G56: 329.90241 | H56: -28.024459 | I56: 5.6193517 | J56: 4.7273825 | K56: 0.0090248326 | M56: =M55+0.005 -> 0.02 | N56: 1 | O56: {=SQRT(ABS(MMULT(MMULT(M56:N56,$J$59:$K$60),TRANSPOSE(M56:N56)))/2)} -> 0.051890309 | P56: =M56 -> 0.02
C57: 30.283679 | D57: -24.904503 | E57: -127.21246 | F57: 5.4864942 | G57: -28.024459 | H57: 140.06548 | I57: 4.3057695 | J57: -21.193543 | K57: 0.58527064 | M57: =M56+0.005 -> 0.025 | N57: 1 | O57: {=SQRT(ABS(MMULT(MMULT(M57:N57,$J$59:$K$60),TRANSPOSE(M57:N57)))/2)} -> 0.052336364 | P57: =M57 -> 0.025
C58: 14.906217 | D58: -35.412165 | E58: -53.036116 | F58: 3.7219723 | G58: 5.6193517 | H58: 4.3057695 | I58: 59.89497 | J58: -10.729041 | K58: 0.30177641 | M58: =M57+0.005 -> 0.03 | N58: 1 | O58: {=SQRT(ABS(MMULT(MMULT(M58:N58,$J$59:$K$60),TRANSPOSE(M58:N58)))/2)} -> 0.063105762 | P58: =M58 -> 0.03
C59: 7.9301218 | D59: 25.431769 | E59: -74.772293 | F59: 68.605604 | G59: 4.7273825 | H59: -21.193543 | I59: -10.729041 | J59: -47.870056 | K59: 1.0677781 | M59: =M58+0.005 -> 0.035 | N59: 1 | O59: {=SQRT(ABS(MMULT(MMULT(M59:N59,$J$59:$K$60),TRANSPOSE(M59:N59)))/2)} -> 0.080139446 | P59: =M59 -> 0.035
C60: 0.58630252 | D60: -0.86774196 | E60: 1.2977744 | F60: -0.91240687 | G60: 0.0090248326 | H60: 0.58527064 | I60: 0.30177641 | J60: 1.0677781 | K60: -0.02894831 | M60: =M59+0.005 -> 0.04 | N60: 1 | O60: {=SQRT(ABS(MMULT(MMULT(M60:N60,$J$59:$K$60),TRANSPOSE(M60:N60)))/2)} -> 0.10029494 | P60: =M60 -> 0.04
M61: =M60+0.005 -> 0.045 | N61: 1 | O61: {=SQRT(ABS(MMULT(MMULT(M61:N61,$J$59:$K$60),TRANSPOSE(M61:N61)))/2)} -> 0.12203513 | P61: =M61 -> 0.045
M62: =M61+0.005 -> 0.05 | N62: 1 | O62: {=SQRT(ABS(MMULT(MMULT(M62:N62,$J$59:$K$60),TRANSPOSE(M62:N62)))/2)} -> 0.14464723 | P62: =M62 -> 0.05
M63: =M62+0.005 -> 0.055 | N63: 1 | O63: {=SQRT(ABS(MMULT(MMULT(M63:N63,$J$59:$K$60),TRANSPOSE(M63:N63)))/2)} -> 0.16777908 | P63: =M63 -> 0.055
M64: =M63+0.005 -> 0.06 | N64: 1 | O64: {=SQRT(ABS(MMULT(MMULT(M64:N64,$J$59:$K$60),TRANSPOSE(M64:N64)))/2)} -> 0.19124218 | P64: =M64 -> 0.06
M65: =M64+0.005 -> 0.065 | N65: 1 | O65: {=SQRT(ABS(MMULT(MMULT(M65:N65,$J$59:$K$60),TRANSPOSE(M65:N65)))/2)} -> 0.21492806 | P65: =M65 -> 0.065
M66: =M65+0.005 -> 0.07 | N66: 1 | O66: {=SQRT(ABS(MMULT(MMULT(M66:N66,$J$59:$K$60),TRANSPOSE(M66:N66)))/2)} -> 0.23877045 | P66: =M66 -> 0.07
M67: =M66+0.005 -> 0.075 | N67: 1 | O67: {=SQRT(ABS(MMULT(MMULT(M67:N67,$J$59:$K$60),TRANSPOSE(M67:N67)))/2)} -> 0.26272672 | P67: =M67 -> 0.075
M68: =M67+0.005 -> 0.08 | N68: 1 | O68: {=SQRT(ABS(MMULT(MMULT(M68:N68,$J$59:$K$60),TRANSPOSE(M68:N68)))/2)} -> 0.28676835 | P68: =M68 -> 0.08
M69: =M68+0.005 -> 0.085 | N69: 1 | O69: {=SQRT(ABS(MMULT(MMULT(M69:N69,$J$59:$K$60),TRANSPOSE(M69:N69)))/2)} -> 0.31087553 | P69: =M69 -> 0.085
M70: =M69+0.005 -> 0.09 | N70: 1 | O70: {=SQRT(ABS(MMULT(MMULT(M70:N70,$J$59:$K$60),TRANSPOSE(M70:N70)))/2)} -> 0.33503411 | P70: =M70 -> 0.09
M71: =M70+0.005 -> 0.095 | N71: 1 | O71: {=SQRT(ABS(MMULT(MMULT(M71:N71,$J$59:$K$60),TRANSPOSE(M71:N71)))/2)} -> 0.35923372 | P71: =M71 -> 0.095
M72: =M71+0.005 -> 0.1 | N72: 1 | O72: {=SQRT(ABS(MMULT(MMULT(M72:N72,$J$59:$K$60),TRANSPOSE(M72:N72)))/2)} -> 0.38346659 | P72: =M72 -> 0.1
B94: Portfolios With Constraint
Q96: MVP_C
C97: {=2*mVCM} -> 0.0086968165 | D97: 0.010968774 | E97: 0.0073374616 | F97: 0.0042008886 | G97: 0.0059869403 | H97: 0.0063792076 | I97: 0.0080961825 | J97: 1 | K97: =IF('Security Analysis'!$Y$14='Security Analysis'!X4,1,0) -> 0 | N97: 0 | Q97: {=MMULT(MINVERSE(C97:K105),N97:N105)} -> 0.70554977 | S97: =SUM(Q97:Q103) -> 1
C98: 0.010968774 | D98: 0.044422401 | E98: 0.023072536 | F98: 0.017767077 | G98: 0.019815291 | H98: 0.027249188 | I98: 0.037348493 | J98: 1 | K98: =IF('Security Analysis'!$Y$14='Security Analysis'!X5,1,0) -> 0 | N98: 0 | Q98: -0.28405183
C99: 0.0073374616 | D99: 0.023072536 | E99: 0.020915458 | F99: 0.013944827 | G99: 0.015690227 | H99: 0.020758618 | I99: 0.023299032 | J99: 1 | K99: =IF('Security Analysis'!$Y$14='Security Analysis'!X6,1,0) -> 1 | N99: 0 | Q99: 0.15
C100: 0.0042008886 | D100: 0.017767077 | E100: 0.013944827 | F100: 0.013348003 | G100: 0.012084209 | H100: 0.01518086 | I100: 0.017362915 | J100: 1 | K100: =IF('Security Analysis'!$Y$14='Security Analysis'!X7,1,0) -> 0 | N100: 0 | Q100: 0.52558224
C101: 0.0059869403 | D101: 0.019815291 | E101: 0.015690227 | F101: 0.012084209 | G101: 0.015657644 | H101: 0.016889839 | I101: 0.018608141 | J101: 1 | K101: =IF('Security Analysis'!$Y$14='Security Analysis'!X8,1,0) -> 0 | N101: 0 | Q101: -0.058271846
C102: 0.0063792076 | D102: 0.027249188 | E102: 0.020758618 | F102: 0.01518086 | G102: 0.016889839 | H102: 0.028870089 | I102: 0.025130202 | J102: 1 | K102: =IF('Security Analysis'!$Y$14='Security Analysis'!X9,1,0) -> 0 | N102: 0 | Q102: -0.041779969
C103: 0.0080961825 | D103: 0.037348493 | E103: 0.023299032 | F103: 0.017362915 | G103: 0.018608141 | H103: 0.025130202 | I103: 0.049789819 | J103: 1 | K103: =IF('Security Analysis'!$Y$14='Security Analysis'!X10,1,0) -> 0 | N103: 0 | Q103: 0.0029716377 | S103: MVP_C
C104: {=TRANSPOSE(J97:K103)} -> 1 | D104: 1 | E104: 1 | F104: 1 | G104: 1 | H104: 1 | I104: 1 | J104: 0 | K104: 0 | N104: 1 | Q104: -0.0057375341 | R104: E(Rp) | S104: {=MMULT(C115:I115,Q97:Q103)} -> 0.019744529
C105: 0 | D105: 0 | E105: 1 | F105: 0 | G105: 0 | H105: 0 | I105: 0 | J105: 0 | K105: 0 | N105: ='Security Analysis'!Z14 -> 0.15 | Q105: -0.0016397299 | R105: Std(p) | S105: {=SQRT(MMULT(MMULT(TRANSPOSE(Q97:Q103),mVCM),Q97:Q103))} -> 0.054696863
Q107: EP_C
C108: {=2*mVCM} -> 0.0086968165 | D108: 0.010968774 | E108: 0.0073374616 | F108: 0.0042008886 | G108: 0.0059869403 | H108: 0.0063792076 | I108: 0.0080961825 | J108: {=E32:E38} -> 0.020085754 | K108: 1 | L108: =IF('Security Analysis'!$Y$14='Security Analysis'!X4,1,0) -> 0 | N108: 0 | Q108: {=MMULT(MINVERSE(C108:L117),N108:N117)} -> 0.6997567 | S108: =SUM(Q108:Q114) -> 1
C109: 0.010968774 | D109: 0.044422401 | E109: 0.023072536 | F109: 0.017767077 | G109: 0.019815291 | H109: 0.027249188 | I109: 0.037348493 | J109: 0.018669099 | K109: 1 | L109: =IF('Security Analysis'!$Y$14='Security Analysis'!X5,1,0) -> 0 | N109: 0 | Q109: 0.16709106
C110: 0.0073374616 | D110: 0.023072536 | E110: 0.020915458 | F110: 0.013944827 | G110: 0.015690227 | H110: 0.020758618 | I110: 0.023299032 | J110: 0.010231569 | K110: 1 | L110: =IF('Security Analysis'!$Y$14='Security Analysis'!X6,1,0) -> 1 | N110: 0 | Q110: 0.15
C111: 0.0042008886 | D111: 0.017767077 | E111: 0.013944827 | F111: 0.013348003 | G111: 0.012084209 | H111: 0.01518086 | I111: 0.017362915 | J111: 0.020369811 | K111: 1 | L111: =IF('Security Analysis'!$Y$14='Security Analysis'!X7,1,0) -> 0 | N111: 0 | Q111: 1.4238151
C112: 0.0059869403 | D112: 0.019815291 | E112: 0.015690227 | F112: 0.012084209 | G112: 0.015657644 | H112: 0.016889839 | I112: 0.018608141 | J112: 0.016533508 | K112: 1 | L112: =IF('Security Analysis'!$Y$14='Security Analysis'!X8,1,0) -> 0 | N112: 0 | Q112: -0.38468894
C113: 0.0063792076 | D113: 0.027249188 | E113: 0.020758618 | F113: 0.01518086 | G113: 0.016889839 | H113: 0.028870089 | I113: 0.025130202 | J113: 0.010425013 | K113: 1 | L113: =IF('Security Analysis'!$Y$14='Security Analysis'!X9,1,0) -> 0 | N113: 0 | Q113: -0.74595291
C114: 0.0080961825 | D114: 0.037348493 | E114: 0.023299032 | F114: 0.017362915 | G114: 0.018608141 | H114: 0.025130202 | I114: 0.049789819 | J114: 0.011532556 | K114: 1 | L114: =IF('Security Analysis'!$Y$14='Security Analysis'!X10,1,0) -> 0 | N114: 0 | Q114: -0.31002106
C115: {=TRANSPOSE(J108:L114)} -> 0.020085754 | D115: 0.018669099 | E115: 0.010231569 | F115: 0.020369811 | G115: 0.016533508 | H115: 0.010425013 | I115: 0.011532556 | J115: 0 | K115: 0 | L115: 0 | N115: ='Security Analysis'!Z12 -> 0.03 | Q115: -0.77707241 | S115: EP_C
C116: 1 | D116: 1 | E116: 1 | F116: 1 | G116: 1 | H116: 1 | I116: 1 | J116: 0 | K116: 0 | L116: 0 | N116: 1 | Q116: 0.010179423 | R116: E(Rp) | S116: {=MMULT(C115:I115,Q108:Q114)} -> 0.03
C117: 0 | D117: 0 | E117: 1 | F117: 0 | G117: 0 | H117: 0 | I117: 0 | J117: 0 | K117: 0 | L117: 0 | N117: =N105 -> 0.15 | Q117: -0.0054665813 | R117: Std(p) | S117: {=SQRT(MMULT(MMULT(TRANSPOSE(Q108:Q114),mVCM),Q108:Q114))} -> 0.083524657
M120: Efficient Frontier
M121: Rp | N121: 1 | O121: Fixed | P121: Std | Q121: Rp
C122: {=MINVERSE(C108:L117)} -> 89.04173 | D122: -11.745418 | E122: 0 | F122: -39.126198 | G122: -62.881686 | H122: 15.830871 | I122: 8.8807005 | J122: -0.56487579 | K122: 0.73374471 | L122: -0.11361157 | M122: 0 | N122: 1 | O122: =$N$117 -> 0.15 | P122: {=SQRT(ABS(MMULT(MMULT(M122:O122,$J$129:$L$131),TRANSPOSE(M122:O122)))/2)} -> 0.1332718 | Q122: =M122 -> 0
C123: -11.745418 | D123: 61.746748 | E123: 0 | F123: -41.879647 | G123: 7.4567824 | H123: 6.6699871 | I123: -22.248452 | J123: 43.990462 | K123: -1.1898532 | L123: 0.24820281 | M123: =M122+0.005 -> 0.005 | N123: 1 | O123: =$N$117 -> 0.15 | P123: {=SQRT(ABS(MMULT(MMULT(M123:O123,$J$129:$L$131),TRANSPOSE(M123:O123)))/2)} -> 0.10596298 | Q123: =M123 -> 0.005
C124: 0 | D124: 0 | E124: 0 | F124: 0 | G124: 0 | H124: 0 | I124: 0 | J124: 0 | K124: 0 | L124: 1 | M124: =M123+0.005 -> 0.01 | N124: 1 | O124: =$N$117 -> 0.15 | P124: {=SQRT(ABS(MMULT(MMULT(M124:O124,$J$129:$L$131),TRANSPOSE(M124:O124)))/2)} -> 0.081174015 | Q124: =M124 -> 0.01
C125: -39.126198 | D125: -41.879647 | E125: 0 | F125: 142.09766 | G125: -116.05441 | H125: 37.777987 | I125: 17.184611 | J125: 87.585734 | K125: -1.2418327 | L125: 0.25383907 | M125: =M124+0.005 -> 0.015 | N125: 1 | O125: =$N$117 -> 0.15 | P125: {=SQRT(ABS(MMULT(MMULT(M125:O125,$J$129:$L$131),TRANSPOSE(M125:O125)))/2)} -> 0.062004647 | Q125: =M125 -> 0.015
C126: -62.881686 | D126: 7.4567824 | E126: 0 | F126: -116.05441 | G126: 282.00745 | H126: -90.218276 | I126: -20.309857 | J126: -31.828583 | K126: 0.64350312 | L126: -0.4888972 | M126: =M125+0.005 -> 0.02 | N126: 1 | O126: =$N$117 -> 0.15 | P126: {=SQRT(ABS(MMULT(MMULT(M126:O126,$J$129:$L$131),TRANSPOSE(M126:O126)))/2)} -> 0.054719461 | Q126: =M126 -> 0.02
C127: 15.830871 | D127: 6.6699871 | E127: 0 | F127: 37.777987 | G127: -90.218276 | H127: 59.303937 | I127: -29.364506 | J127: -68.663153 | K127: 1.40917 | L127: -0.63485561 | M127: =M126+0.005 -> 0.025 | N127: 1 | O127: =$N$117 -> 0.15 | P127: {=SQRT(ABS(MMULT(MMULT(M127:O127,$J$129:$L$131),TRANSPOSE(M127:O127)))/2)} -> 0.063546441 | Q127: =M127 -> 0.025
C128: 8.8807005 | D128: -22.248452 | E128: 0 | F128: 17.184611 | G128: -20.309857 | H128: -29.364506 | I128: 45.857504 | J128: -30.519584 | K128: 0.6452681 | L128: -0.26467749 | M128: =M127+0.005 -> 0.03 | N128: 1 | O128: =$N$117 -> 0.15 | P128: {=SQRT(ABS(MMULT(MMULT(M128:O128,$J$129:$L$131),TRANSPOSE(M128:O128)))/2)} -> 0.083524657 | Q128: =M128 -> 0.03
C129: -0.56487579 | D129: 43.990462 | E129: 0 | F129: 87.585734 | G129: -31.828583 | H129: -68.663153 | I129: -30.519584 | J129: -75.771502 | K129: 1.5520455 | L129: -0.3731522 | M129: =M128+0.005 -> 0.035 | N129: 1 | O129: =$N$117 -> 0.15 | P129: {=SQRT(ABS(MMULT(MMULT(M129:O129,$J$129:$L$131),TRANSPOSE(M129:O129)))/2)} -> 0.10866864 | Q129: =M129 -> 0.035
...

Sheet Estimating Beta
A3: Chapter 6 Toolkit, Estimating Beta
A5: Contribution to Market Risk: Beta
A7: The beta coefficient measures the amount of risk that a stock contributes to a well-diversified portfolio. It also reflects the tendency of a stock to move up and down with the market. Shown below in the chart and in the table are the returns for three stocks and for the stock market.
A11: Figure 6-13. Relative Returns of Stocks H, A, and L
B37: Historical Returns
A38: Year | B38: Market | C38: Stock H | D38: Stock A | E38: Stock L
A39: 1 | B39: 0.19 | C39: 0.26 | D39: 0.19 | E39: 0.12
A40: 2 | B40: 0.25 | C40: 0.35 | D40: 0.25 | E40: 0.15
A41: 3 | B41: -0.15 | C41: -0.25 | D41: -0.15 | E41: -0.05
A42: Average = | B42: =AVERAGE(B39:B41) -> 0.096666667 | C42: =AVERAGE(C39:C41) -> 0.12 | D42: =AVERAGE(D39:D41) -> 0.096666667 | E42: =AVERAGE(E39:E41) -> 0.073333333
A43: Standard deviation = | B43: =STDEV(B39:B41) -> 0.21571586 | C43: =STDEV(C39:C41) -> 0.32357379 | D43: =STDEV(D39:D41) -> 0.21571586 | E43: =STDEV(E39:E41) -> 0.10785793
A44: Beta = | C44: =C94 -> 1.5 | D44: =D94 -> 1 | E44: =E94 -> 0.5
A46: Note: These three stocks plot exactly on their regression lines. This indicates that they are exposed only to market risk. Portfolios that concentrate on stocks with betas of 1.5, 1.0, and 0.5 have patterns similar to those shown in the graph. Standard deviation is calculated with the Excel STDEV function because the data come from an historical sample.
A52: Probability Distributions for H, A, and L
A54: Notice that Stock L has the lowest average return, but it also has the tightest distribution. On the other hand, Stock H has the highest average return, but the widest distribution.
J69: Prep work for chart:
J70: Stock A | K70: Stock H | L70: Stock L
J71: =(1/(C43*SQRT(2*PI())))*EXP((-0.5/C43^2)*((0)^2)) -> 1.2329252 | K71: =(1/(D43*SQRT(2*PI())))*EXP((-0.5/D43^2)*((0)^2)) -> 1.8493878 | L71: =(1/(E43*SQRT(2*PI())))*EXP((-0.5/E43^2)*((0)^2)) -> 3.6987756
A80: Calculating Beta for H, A, and L | H80: Factor
H81: =3/2 -> 1.5
A82: First, calculate correlation and covariance.
C83: =C38 -> Stock H | D83: =D38 -> Stock A | E83: =E38 -> Stock L
A84: Correlation of stock with Market, ri,M | C84: =CORREL(MARKET,STOCK_H) -> 1 | D84: =CORREL(MARKET,STOCK_A) -> 1 | E84: =CORREL(MARKET,STOCK_L) -> 1 | G84: We use Excel's correlation function, CORREL: =CORREL($B$39:$B$41,C39:C41)
A85: Covariance of stock with Market, COVi,M | C85: =COVAR(MARKET,STOCK_H)*FACTOR -> 0.0698 | D85: =COVAR(MARKET,STOCK_A)*FACTOR -> 0.046533333 | E85: =COVAR(MARKET,STOCK_L)*FACTOR -> 0.023266667 | G85: We use Excel's covariance function, COV, modified to reflect the fact that this is a sample and not a population: =COVAR($B$39:$B$41,C39:C41)*(3/2). See Formula Help
A87: Method 1:
A88: bi = ri,M (si / sM) | C88: =C84*(C43/$B$43) -> 1.5 | D88: =D84*(D43/$B$43) -> 1 | E88: =E84*(E43/$B$43) -> 0.5
A90: Method 2:
A91: bi = COVi,M / (sM)2 | C91: =C85/($B$43^2) -> 1.5 | D91: =D85/($B$43^2) -> 1 | E91: =E85/($B$43^2) -> 0.5
A93: Method 3:
A94: Slope of regression Beta = | C94: =C85/($B$43^2) -> 1.5 | D94: =D85/($B$43^2) -> 1 | E94: =E85/($B$43^2) -> 0.5 | G94: We use Excel's SLOPE function: =SLOPE(C310:C312,$B$310:$B$312)
A97: CALCULATING BETA COEFFICIENTS (Section 6.4)
A99: Now we show how to calculate beta for an actual company, General Electric.
A101: Step 1. Retrive Data
A102: We downloaded stock prices and dividends from http://finance.yahoo.com for General Electric, using its ticker symbol GE, and for the S&P 500 Index ( symbol ^SPX), which contains 500 actively traded large stocks. For example, to download the GE data, enter its ticker symbol in the upper left section and click Go. Then select Historical Prices from the upper left side of the new page. After the daily prices come up, click monthly prices, enter a start and stop date, and click "Get Prices." When presenting monthly data, the date shown is for the first date in the month, but the data are actually for the last day of trading in the month, so be alert for this. Note that these prices are "adjusted" to reflect any dividends or stock splits. Scroll to the bottom of the page and click "Download to Spreadsheet."
A111: The downloaded data are in csv format. Convert to xls by opening a new Excel worksheet, copying the date and adjusted index price data to it, and saving as an xls file. Then repeat the process to get the S&P index data. At this point you have returns data for GE and the S&P Index, as we show below.
A115: Step 2. Calculate Returns
A116: Next, calculate the percentage change in adjusted prices (which already reflect dividends) for GE and the S&P to obtain returns, with the spreadsheet set up as shown below. At this point, we are ready to calculate some statistics and to find GE's beta coefficient. This is shown below the data.
A122: Figure 6-14. Stock Return Data for GE and the S&P 500 Index
A123: Month | B123: Market Level (S&P 500 Index) at Month End | C123: Market's Return | D123: GE Adjusted Stock Price at Month End | E123: GE's Return
A124: 39874 | B124: 797.87 | C124: =(B124-B125)/B125 -> 0.085404508 | D124: 10.11 | E124: =(D124-D125)/D125 -> 0.1880141
A125: 39846 | B125: 735.09 | C125: =(B125-B126)/B126 -> -0.10993122 | D125: 8.51 | E125: =(D125-D126)/D126 -> -0.27758913
A126: 39815 | B126: 825.88 | C126: =(B126-B127)/B127 -> -0.085657348 | D126: 11.78 | E126: =(D126-D127)/D127 -> -0.25158831
A127: 39783 | B127: 903.25 | C127: =(B127-B128)/B128 -> 0.0078215657 | D127: 15.74 | E127: =(D127-D128)/D128 -> -0.038485034
A128: 39755 | B128: 896.24 | C128: =(B128-B129)/B129 -> -0.074849032 | D128: 16.37 | E128: =(D128-D129)/D129 -> -0.11989247
A129: 39722 | B129: 968.75 | C129: =(B129-B130)/B130 -> -0.16826931 | D129: 18.6 | E129: =(D129-D130)/D130 -> -0.2345679
A130: 39693 | B130: 1164.74 | C130: =(B130-B131)/B131 -> -0.092054286 | D130: 24.3 | E130: =(D130-D131)/D131 -> -0.080590238
A131: 39661 | B131: 1282.83 | C131: =(B131-B132)/B132 -> 0.012190503 | D131: 26.43 | E131: =(D131-D132)/D132 -> -0.0067643743
A132: 39630 | B132: 1267.38 | C132: =(B132-B133)/B133 -> -0.009859375 | D132: 26.61 | E132: =(D132-D133)/D133 -> 0.060159363
A133: 39601 | B133: 1280 | C133: =(B133-B134)/B134 -> -0.085962382 | D133: 25.1 | E133: =(D133-D134)/D134 -> -0.12145607
A134: 39569 | B134: 1400.38 | C134: =(B134-B135)/B135 -> 0.010674153 | D134: 28.57 | E134: =(D134-D135)/D135 -> -0.060815253
A135: 39539 | B135: 1385.59 | C135: =(B135-B136)/B136 -> 0.047546685 | D135: 30.42 | E135: =(D135-D136)/D136 -> -0.1164682
... A169: 38504 | B169: 1191.33 | C169: =(B169-B170)/B170 -> -0.0001426773 | D169: 29.68 | E169: =(D169-D170)/D170 -> -0.044122383
A170: 38474 | B170: 1191.5 | C170: =(B170-B171)/B171 -> 0.029952025 | D170: 31.05 | E170: =(D170-D171)/D171 -> 0.0074626866 | G170: Ribbon
A171: 38443 | B171: 1156.85 | C171: =(B171-B172)/B172 -> -0.02010859 | D171: 30.82 | E171: =(D171-D172)/D172 -> 0.0039087948 | G171: Data>Data Analysis>Regression
A172: 38413 | B172: 1180.59 | D172: 30.7
A174: Description of Data
A175: Average return (annual): | C175: =AVERAGE(MARKET_SP500)*12 -> -0.084510105 | E175: =AVERAGE(STOCK_GE)*12 -> -0.22940888 | G175: SUMMARY OUTPUT
A176: Standard deviation (annual): | C176: =STDEV(MARKET_SP500)*SQRT(12) -> 0.15915859 | E176: =STDEV(STOCK_GE)*SQRT(12) -> 0.28926129
A177: Minimum monthly return: | C177: =MIN(MARKET_SP500) -> -0.16826931 | E177: =MIN(STOCK_GE) -> -0.27758913 | G177: Regression Statistics
A178: Maximum monthly return: | C178: =MAX(MARKET_SP500) -> 0.085404508 | E178: =MAX(STOCK_GE) -> 0.1880141 | G178: Multiple R | H178: 0.75624087
A179: Correlation between GE and the market: | E179: =CORREL(MARKET_SP500,STOCK_GE) -> 0.75624087 | G179: R Square | H179: 0.57190026
A180: Beta: bGE = rGE,M (sGE / sM) | E180: =E179*(E176/C176) -> 1.3744229 | G180: Adjusted R Square | H180: 0.56259374
G181: Standard Error | H181: 0.055225823
A182: Beta (using the SLOPE function): | E182: =SLOPE(STOCK_GE,MARKET_SP500) -> 1.3744229 | G182: Observations | H182: 48
A183: Intercept (using the INTERCEPT function): | E183: =INTERCEPT(STOCK_GE,MARKET_SP500) -> -0.0094380215
A184: R2 (using the RSQ function): | E184: =RSQ(STOCK_GE,MARKET_SP500) -> 0.57190026 | G184: ANOVA
H185: df | I185: SS | J185: MS | K185: F | L185: Significance F
G186: Regression | H186: 1 | I186: 0.1874207 | J186: 0.1874207 | K186: 61.451595 | L186: 5.1113723e-10
G187: Residual | H187: 46 | I187: 0.14029501 | J187: 0.0030498915
G188: Total | H188: 47 | I188: 0.32771571
H190: Coefficients | I190: Standard Error | J190: t Stat | K190: P-value | L190: Lower 95% | M190: Upper 95% | N190: Lower 95.0% | O190: Upper 95.0%
G191: Intercept | H191: -0.0094380215 | I191: 0.0080662277 | J191: -1.1700663 | K191: 0.24800089 | L191: -0.025674496 | M191: 0.0067984525 | N191: -0.025674496 | O191: 0.0067984525
G192: X Variable 1 | H192: 1.3744229 | I192: 0.17532902 | J192: 7.8391068 | K192: 5.1113723e-10 | L192: 1.0215039 | M192: 1.7273419 | N192: 1.0215039 | O192: 1.7273419

Sheet Single Asset Return&Risk
B2: Expected Returns | H2: Last Year
B4: Scenario | C4: Probability | D4: ADVANC | E4: BGH | F4: CCET
B5: Good(+50%) | C5: 0.3 | D5: =(1+0.5)*D6 -> 0.68992994 | E5: =(1+0.5)*E6 -> 0.70781181 | F5: =(1+0.5)*F6 -> 0.23122602
B6: Normal | C6: 0.4 | D6: =HLOOKUP(D4,TAB_SA,3,FALSE) -> 0.45995329 | E6: =HLOOKUP(E4,TAB_SA,3,FALSE) -> 0.47187454 | F6: =HLOOKUP(F4,TAB_SA,3,FALSE) -> 0.15415068
B7: Bad(-50%) | C7: 0.3 | D7: =(1-0.5)*D6 -> 0.22997665 | E7: =(1-0.5)*E6 -> 0.23593727 | F7: =(1-0.5)*F6 -> 0.07707534
C8: Expected Return,E(Ri) | D8: =SUMPRODUCT($C$5:$C$7,D5:D7) -> 0.45995329 | E8: =SUMPRODUCT($C$5:$C$7,E5:E7) -> 0.47187454 | F8: =SUMPRODUCT($C$5:$C$7,F5:F7) -> 0.15415068
B11: Risks
B13: Scenario | C13: Probability | D13: =D4 -> ADVANC | E13: =E4 -> BGH | F13: =F4 -> CCET
B14: =B5 -> Good(+50%) | C14: =C5 -> 0.3 | D14: =(D5-$D$8)^2 -> 0.052889258 | E14: =(E5-$E$8)^2 -> 0.055666395 | F14: =(F5-$F$8)^2 -> 0.005940608
B15: =B6 -> Normal | C15: =C6 -> 0.4 | D15: =(D6-$D$8)^2 -> 3.0814879e-33 | E15: =(E6-$E$8)^2 -> 0 | F15: =(F6-$F$8)^2 -> 0
B16: =B7 -> Bad(-50%) | C16: =C7 -> 0.3 | D16: =(D7-$D$8)^2 -> 0.052889258 | E16: =(E7-$E$8)^2 -> 0.055666395 | F16: =(F7-$F$8)^2 -> 0.005940608
C17: Variance,s2 | D17: =SUMPRODUCT($C$5:$C$7,D14:D16) -> 0.031733555 | E17: =SUMPRODUCT($C$5:$C$7,E14:E16) -> 0.033399837 | F17: =SUMPRODUCT($C$5:$C$7,F14:F16) -> 0.0035643648
C18: Standard Deviation,s | D18: =SQRT(D17) -> 0.17813914 | E18: =SQRT(E17) -> 0.18275622 | F18: =SQRT(F17) -> 0.059702302
B20: Probability of Drawdown
B22: Drawdown | C22: -0.3
C23: E(Ri) | D23: s | E23: Drawdown | F23: Z Score | G23: CDF
B24: {=TRANSPOSE(D4:F4)} -> ADVANC | C24: {=TRANSPOSE(D8:F8)} -> 0.45995329 | D24: {=TRANSPOSE(D18:F18)} -> 0.17813914 | E24: =C24+C22 -> 0.15995329 | F24: =(E24-C24)/D24 -> -1.6840768 | G24: =NORMSDIST(F24) -> 0.046083414
B25: BGH | C25: 0.47187454 | D25: 0.18275622 | E25: =C25+C22 -> 0.17187454 | F25: =(E25-C25)/D25 -> -1.641531 | G25: =NORMSDIST(F25) -> 0.050343621
B26: CCET | C26: 0.15415068 | D26: 0.059702302 | E26: =C26+C22 -> -0.14584932 | F26: =(E26-C26)/D26 -> -5.0249319 | G26: =NORMSDIST(F26) -> 2.518056e-07
B28: m1 | C28: 0 | D28: m2 | E28: 0
B29: s1 | C29: 2 | D29: s2 | E29: 3
B31: Z | C31: X1=m1+Zs1 | D31: PDF1 | E31: X2=m2+Zs2 | F31: PDF2
B32: -4 | C32: =mue_1+B32*sigma_1 -> -8 | D32: =NORMDIST(C32,mue_1,sigma_1,0) -> 6.6915113e-05 | E32: =mue_2+C32*sigma_2 -> -24 | F32: =NORMDIST(E32,mue_2,sigma_2,0) -> 1.6840904e-15
B33: =B32+0.05 -> -3.95 | C33: =mue_1+B33*sigma_1 -> -7.9 | D33: =NORMDIST(C33,mue_1,sigma_1,0) -> 8.1628204e-05 | E33: =mue_2+C33*sigma_2 -> -23.7 | F33: =NORMDIST(E33,mue_2,sigma_2,0) -> 3.7293187e-15
B34: =B33+0.05 -> -3.9 | C34: =mue_1+B34*sigma_1 -> -7.8 | D34: =NORMDIST(C34,mue_1,sigma_1,0) -> 9.9327736e-05 | E34: =mue_2+C34*sigma_2 -> -23.4 | F34: =NORMDIST(E34,mue_2,sigma_2,0) -> 8.1761843e-15
B35: =B34+0.05 -> -3.85 | C35: =mue_1+B35*sigma_1 -> -7.7 | D35: =NORMDIST(C35,mue_1,sigma_1,0) -> 0.00012056329 | E35: =mue_2+C35*sigma_2 -> -23.1 | F35: =NORMDIST(E35,mue_2,sigma_2,0) -> 1.7747161e-14
B36: =B35+0.05 -> -3.8 | C36: =mue_1+B36*sigma_1 -> -7.6 | D36: =NORMDIST(C36,mue_1,sigma_1,0) -> 0.00014597346 | E36: =mue_2+C36*sigma_2 -> -22.8 | F36: =NORMDIST(E36,mue_2,sigma_2,0) -> 3.813855e-14
B37: =B36+0.05 -> -3.75 | C37: =mue_1+B37*sigma_1 -> -7.5 | D37: =NORMDIST(C37,mue_1,sigma_1,0) -> 0.00017629784 | E37: =mue_2+C37*sigma_2 -> -22.5 | F37: =NORMDIST(E37,mue_2,sigma_2,0) -> 8.1144018e-14
B38: =B37+0.05 -> -3.7 | C38: =mue_1+B38*sigma_1 -> -7.4 | D38: =NORMDIST(C38,mue_1,sigma_1,0) -> 0.00021239014 | E38: =mue_2+C38*sigma_2 -> -22.2 | F38: =NORMDIST(E38,mue_2,sigma_2,0) -> 1.7092512e-13
B39: =B38+0.05 -> -3.65 | C39: =mue_1+B39*sigma_1 -> -7.3 | D39: =NORMDIST(C39,mue_1,sigma_1,0) -> 0.00025523249 | E39: =mue_2+C39*sigma_2 -> -21.9 | F39: =NORMDIST(E39,mue_2,sigma_2,0) -> 3.5646126e-13
B40: =B39+0.05 -> -3.6 | C40: =mue_1+B40*sigma_1 -> -7.2 | D40: =NORMDIST(C40,mue_1,sigma_1,0) -> 0.00030595097 | E40: =mue_2+C40*sigma_2 -> -21.6 | F40: =NORMDIST(E40,mue_2,sigma_2,0) -> 7.3599665e-13
B41: =B40+0.05 -> -3.55 | C41: =mue_1+B41*sigma_1 -> -7.1 | D41: =NORMDIST(C41,mue_1,sigma_1,0) -> 0.00036583223 | E41: =mue_2+C41*sigma_2 -> -21.3 | F41: =NORMDIST(E41,mue_2,sigma_2,0) -> 1.5045146e-12
B42: =B41+0.05 -> -3.5 | C42: =mue_1+B42*sigma_1 -> -7 | D42: =NORMDIST(C42,mue_1,sigma_1,0) -> 0.00043634135 | E42: =mue_2+C42*sigma_2 -> -21 | F42: =NORMDIST(E42,mue_2,sigma_2,0) -> 3.0449068e-12
B43: =B42+0.05 -> -3.45 | C43: =mue_1+B43*sigma_1 -> -6.9 | D43: =NORMDIST(C43,mue_1,sigma_1,0) -> 0.00051914065 | E43: =mue_2+C43*sigma_2 -> -20.7 | F43: =NORMDIST(E43,mue_2,sigma_2,0) -> 6.1011074e-12
B44: =B43+0.05 -> -3.4 | C44: =mue_1+B44*sigma_1 -> -6.8 | D44: =NORMDIST(C44,mue_1,sigma_1,0) -> 0.00061610958 | E44: =mue_2+C44*sigma_2 -> -20.4 | F44: =NORMDIST(E44,mue_2,sigma_2,0) -> 1.2103205e-11
... B111: =B110+0.05 -> -0.05 | C111: =mue_1+B111*sigma_1 -> -0.1 | D111: =NORMDIST(C111,mue_1,sigma_1,0) -> 0.19922196 | E111: =mue_2+C111*sigma_2 -> -0.3 | F111: =NORMDIST(E111,mue_2,sigma_2,0) -> 0.13231752
B112: 0 | C112: =mue_1+B112*sigma_1 -> 0 | D112: =NORMDIST(C112,mue_1,sigma_1,0) -> 0.19947114 | E112: =mue_2+C112*sigma_2 -> 0 | F112: =NORMDIST(E112,mue_2,sigma_2,0) -> 0.13298076
B113: =B112+0.05 -> 0.05 | C113: =mue_1+B113*sigma_1 -> 0.1 | D113: =NORMDIST(C113,mue_1,sigma_1,0) -> 0.19922196 | E113: =mue_2+C113*sigma_2 -> 0.3 | F113: =NORMDIST(E113,mue_2,sigma_2,0) -> 0.13231752
B114: =B113+0.05 -> 0.1 | C114: =mue_1+B114*sigma_1 -> 0.2 | D114: =NORMDIST(C114,mue_1,sigma_1,0) -> 0.19847627 | E114: =mue_2+C114*sigma_2 -> 0.6 | F114: =NORMDIST(E114,mue_2,sigma_2,0) -> 0.13034756
B115: =B114+0.05 -> 0.15 | C115: =mue_1+B115*sigma_1 -> 0.3 | D115: =NORMDIST(C115,mue_1,sigma_1,0) -> 0.19723967 | E115: =mue_2+C115*sigma_2 -> 0.9 | F115: =NORMDIST(E115,mue_2,sigma_2,0) -> 0.12712927
B116: =B115+0.05 -> 0.2 | C116: =mue_1+B116*sigma_1 -> 0.4 | D116: =NORMDIST(C116,mue_1,sigma_1,0) -> 0.19552135 | E116: =mue_2+C116*sigma_2 -> 1.2 | F116: =NORMDIST(E116,mue_2,sigma_2,0) -> 0.12275671
B117: =B116+0.05 -> 0.25 | C117: =mue_1+B117*sigma_1 -> 0.5 | D117: =NORMDIST(C117,mue_1,sigma_1,0) -> 0.19333406 | E117: =mue_2+C117*sigma_2 -> 1.5 | F117: =NORMDIST(E117,mue_2,sigma_2,0) -> 0.11735511
B118: =B117+0.05 -> 0.3 | C118: =mue_1+B118*sigma_1 -> 0.6 | D118: =NORMDIST(C118,mue_1,sigma_1,0) -> 0.19069391 | E118: =mue_2+C118*sigma_2 -> 1.8 | F118: =NORMDIST(E118,mue_2,sigma_2,0) -> 0.11107487
B119: =B118+0.05 -> 0.35 | C119: =mue_1+B119*sigma_1 -> 0.7 | D119: =NORMDIST(C119,mue_1,sigma_1,0) -> 0.18762017 | E119: =mue_2+C119*sigma_2 -> 2.1 | F119: =NORMDIST(E119,mue_2,sigma_2,0) -> 0.10408464
B120: =B119+0.05 -> 0.4 | C120: =mue_1+B120*sigma_1 -> 0.8 | D120: =NORMDIST(C120,mue_1,sigma_1,0) -> 0.18413507 | E120: =mue_2+C120*sigma_2 -> 2.4 | F120: =NORMDIST(E120,mue_2,sigma_2,0) -> 0.096563851
B121: =B120+0.05 -> 0.45 | C121: =mue_1+B121*sigma_1 -> 0.9 | D121: =NORMDIST(C121,mue_1,sigma_1,0) -> 0.18026348 | E121: =mue_2+C121*sigma_2 -> 2.7 | F121: =NORMDIST(E121,mue_2,sigma_2,0) -> 0.088695083
B122: =B121+0.05 -> 0.5 | C122: =mue_1+B122*sigma_1 -> 1 | D122: =NORMDIST(C122,mue_1,sigma_1,0) -> 0.17603266 | E122: =mue_2+C122*sigma_2 -> 3 | F122: =NORMDIST(E122,mue_2,sigma_2,0) -> 0.080656908
B123: =B122+0.05 -> 0.55 | C123: =mue_1+B123*sigma_1 -> 1.1 | D123: =NORMDIST(C123,mue_1,sigma_1,0) -> 0.17147193 | E123: =mue_2+C123*sigma_2 -> 3.3 | F123: =NORMDIST(E123,mue_2,sigma_2,0) -> 0.072617392
B124: =B123+0.05 -> 0.6 | C124: =mue_1+B124*sigma_1 -> 1.2 | D124: =NORMDIST(C124,mue_1,sigma_1,0) -> 0.1666123 | E124: =mue_2+C124*sigma_2 -> 3.6 | F124: =NORMDIST(E124,mue_2,sigma_2,0) -> 0.064728685
... B192: =B191+0.05 -> 4 | C192: =mue_1+B192*sigma_1 -> 8 | D192: =NORMDIST(C192,mue_1,sigma_1,0) -> 6.6915113e-05 | E192: =mue_2+C192*sigma_2 -> 24 | F192: =NORMDIST(E192,mue_2,sigma_2,0) -> 1.6840904e-15

Sheet Portfolio Return&Risk
B2: Portfolio Expected Returns and Risk
B4: 2 Assets
B6: Stock | C6: Investment | D6: Weight | E6: E(Ri)
B7: CCET | C7: 5000 | D7: =C7/C9 -> 0.5 | E7: =HLOOKUP(B7,TAB_PORT,2,FALSE) -> -0.005600752
B8: CPN | C8: 5000 | D8: =C8/C9 -> 0.5 | E8: =HLOOKUP(B8,TAB_PORT,2,FALSE) -> 0.029101217
C9: =SUM(C7:C8) -> 10000
E10: E(Rp) | F10: =SUMPRODUCT(D7:D8,E7:E8) -> 0.011750232
B12: Stock | C12: s2 | E12: s12 | F12: r12
B13: =B7 -> CCET | C13: =HLOOKUP(B13,TAB_COV,MATCH(B13,COL_COV,0),0) -> 0.023729397 | E13: =MAX(HLOOKUP(B13,TAB_COV,MATCH(B14,COL_COV,0),FALSE),HLOOKUP(B14,TAB_COV,MATCH(B13,COL_COV,0),FALSE)) -> 0.015565557 | F13: =MAX(HLOOKUP(B13,TAB_CORR,MATCH(B14,COL_CORR,0),0),HLOOKUP(B14,TAB_CORR,MATCH(B13,COL_CORR,0),0)) -> 0.64963502
B14: =B8 -> CPN | C14: =HLOOKUP(B14,TAB_COV,MATCH(B14,COL_COV,0),0) -> 0.024193784
E16: Var(p),s2 | F16: =(D7^2)*C13+(D8^2)*C14+2*D7*D8*E13 -> 0.019763574
E17: Standard Deviation,s | F17: =SQRT(F16) -> 0.14058298
B18: Matrix Approach
B20: S
C21: =C13 -> 0.023729397 | D21: =E13 -> 0.015565557
C22: =D21 -> 0.015565557 | D22: =C14 -> 0.024193784
E23: E(Rp) | F23: {=MMULT(TRANSPOSE(D7:D8),E7:E8)} -> 0.011750232
E24: Var(p),s2 | F24: {=MMULT(MMULT(TRANSPOSE(D7:D8),C21:D22),D7:D8)} -> 0.019763574
E25: Standard Deviation,s | F25: =SQRT(F24) -> 0.14058298
B27: Annualized
E28: E(Rp) | F28: =F23*12 -> 0.14100279
E29: Standard Deviation,s | F29: =F25*SQRT(12) -> 0.48699372
B33: 3 Assets
B34: Stock | C34: Investment | D34: Weight | E34: E(Ri)
B35: CCET | C35: 5000 | D35: =C35/C38 -> 0.33333333 | E35: =HLOOKUP(B35,TAB_PORT,2,FALSE) -> -0.005600752
B36: CPN | C36: 5000 | D36: =C36/C38 -> 0.33333333 | E36: =HLOOKUP(B36,TAB_PORT,2,FALSE) -> 0.029101217
B37: ITD | C37: 5000 | D37: =C37/C38 -> 0.33333333 | E37: =HLOOKUP(B37,TAB_PORT,2,FALSE) -> -0.00030384923
C38: =SUM(C35:C37) -> 15000
B40: Stock | C40: s2 | E40: s12 | F40: s23
B41: =B35 -> CCET | C41: =HLOOKUP(B41,TAB_COV,MATCH(B41,COL_COV,0),0) -> 0.023729397 | E41: =MAX(HLOOKUP(B41,TAB_COV,MATCH(B42,COL_COV,0),FALSE),HLOOKUP(B42,TAB_COV,MATCH(B41,COL_COV,0),FALSE)) -> 0.015565557 | F41: =MAX(HLOOKUP(B42,TAB_COV,MATCH(B43,COL_COV,0),FALSE),HLOOKUP(B43,TAB_COV,MATCH(B42,COL_COV,0),FALSE)) -> 0.016265762
B42: =B36 -> CPN | C42: =HLOOKUP(B42,TAB_COV,MATCH(B42,COL_COV,0),0) -> 0.024193784 | E42: s13
B43: =B37 -> ITD | C43: =HLOOKUP(B43,TAB_COV,MATCH(B43,COL_COV,0),0) -> 0.025424059 | E43: =MAX(HLOOKUP(B41,TAB_COV,MATCH(B43,COL_COV,0),FALSE),HLOOKUP(B43,TAB_COV,MATCH(B41,COL_COV,0),FALSE)) -> 0.016013389
B46: Matrix Approach
B48: S
C49: =C41 -> 0.023729397 | D49: =E41 -> 0.015565557 | E49: =E43 -> 0.016013389
C50: {=TRANSPOSE(D49:E49)} -> 0.015565557 | D50: =C42 -> 0.024193784 | E50: =F41 -> 0.016265762
C51: 0.016013389 | D51: =E50 -> 0.016265762 | E51: =C43 -> 0.025424059
E53: E(Rp) | F53: {=MMULT(TRANSPOSE(D35:D37),E35:E37)} -> 0.0077322052
E54: Var(p),s2 | F54: {=MMULT(MMULT(TRANSPOSE(D35:D37),C49:E51),D35:D37)} -> 0.018781851
E55: Standard Deviation,s | F55: =SQRT(F54) -> 0.13704689
B57: Annualized
E58: E(Rp) | F58: =F53*12 -> 0.092786462
E59: Standard Deviation,s | F59: =F55*SQRT(12) -> 0.47474436
B63: 5 Assets
B64: Stock | C64: Investment | D64: Weight | E64: E(Ri)
B65: CCET | C65: 5000 | D65: =C65/C70 -> 0.2 | E65: =HLOOKUP(B65,TAB_PORT,2,FALSE) -> -0.005600752
B66: CPN | C66: 5000 | D66: =C66/C70 -> 0.2 | E66: =HLOOKUP(B66,TAB_PORT,2,FALSE) -> 0.029101217
B67: ITD | C67: 5000 | D67: =C67/C70 -> 0.2 | E67: =HLOOKUP(B67,TAB_PORT,2,FALSE) -> -0.00030384923
B68: ADVANC | C68: 5000 | D68: =C68/C70 -> 0.2 | E68: =HLOOKUP(B68,TAB_PORT,2,FALSE) -> 0.020085754
B69: AOT | C69: 5000 | D69: =C69/C70 -> 0.2 | E69: =HLOOKUP(B69,TAB_PORT,2,FALSE) -> 0.018669099
C70: =SUM(C65:C69) -> 25000
B72: Matrix Approach
B74: S | C74: {=TRANSPOSE(B65:B69)} -> CCET | D74: CPN | E74: ITD | F74: ADVANC | G74: AOT
B75: {=TRANSPOSE(C74:G74)} -> CCET | C75: =MAX(HLOOKUP(C$74,TAB_COV,MATCH($B75,COL_COV,0),0),HLOOKUP($B75,TAB_COV,MATCH(C$74,COL_COV,0),0)) -> 0.023729397 | D75: =MAX(HLOOKUP(D$74,TAB_COV,MATCH($B75,COL_COV,0),0),HLOOKUP($B75,TAB_COV,MATCH(D$74,COL_COV,0),0)) -> 0.015565557 | E75: =MAX(HLOOKUP(E$74,TAB_COV,MATCH($B75,COL_COV,0),0),HLOOKUP($B75,TAB_COV,MATCH(E$74,COL_COV,0),0)) -> 0.016013389 | F75: =MAX(HLOOKUP(F$74,TAB_COV,MATCH($B75,COL_COV,0),0),HLOOKUP($B75,TAB_COV,MATCH(F$74,COL_COV,0),0)) -> 0.0018232746 | G75: =MAX(HLOOKUP(G$74,TAB_COV,MATCH($B75,COL_COV,0),0),HLOOKUP($B75,TAB_COV,MATCH(G$74,COL_COV,0),0)) -> 0.016554757
B76: CPN | C76: =MAX(HLOOKUP(C$74,TAB_COV,MATCH($B76,COL_COV,0),0),HLOOKUP($B76,TAB_COV,MATCH(C$74,COL_COV,0),0)) -> 0.015565557 | D76: =MAX(HLOOKUP(D$74,TAB_COV,MATCH($B76,COL_COV,0),0),HLOOKUP($B76,TAB_COV,MATCH(D$74,COL_COV,0),0)) -> 0.024193784 | E76: =MAX(HLOOKUP(E$74,TAB_COV,MATCH($B76,COL_COV,0),0),HLOOKUP($B76,TAB_COV,MATCH(E$74,COL_COV,0),0)) -> 0.016265762 | F76: =MAX(HLOOKUP(F$74,TAB_COV,MATCH($B76,COL_COV,0),0),HLOOKUP($B76,TAB_COV,MATCH(F$74,COL_COV,0),0)) -> 0.0050251762 | G76: =MAX(HLOOKUP(G$74,TAB_COV,MATCH($B76,COL_COV,0),0),HLOOKUP($B76,TAB_COV,MATCH(G$74,COL_COV,0),0)) -> 0.020019407
B77: ITD | C77: =MAX(HLOOKUP(C$74,TAB_COV,MATCH($B77,COL_COV,0),0),HLOOKUP($B77,TAB_COV,MATCH(C$74,COL_COV,0),0)) -> 0.016013389 | D77: =MAX(HLOOKUP(D$74,TAB_COV,MATCH($B77,COL_COV,0),0),HLOOKUP($B77,TAB_COV,MATCH(D$74,COL_COV,0),0)) -> 0.016265762 | E77: =MAX(HLOOKUP(E$74,TAB_COV,MATCH($B77,COL_COV,0),0),HLOOKUP($B77,TAB_COV,MATCH(E$74,COL_COV,0),0)) -> 0.025424059 | F77: =MAX(HLOOKUP(F$74,TAB_COV,MATCH($B77,COL_COV,0),0),HLOOKUP($B77,TAB_COV,MATCH(F$74,COL_COV,0),0)) -> 0.0025590557 | G77: =MAX(HLOOKUP(G$74,TAB_COV,MATCH($B77,COL_COV,0),0),HLOOKUP($B77,TAB_COV,MATCH(G$74,COL_COV,0),0)) -> 0.015636712
B78: ADVANC | C78: =MAX(HLOOKUP(C$74,TAB_COV,MATCH($B78,COL_COV,0),0),HLOOKUP($B78,TAB_COV,MATCH(C$74,COL_COV,0),0)) -> 0.0018232746 | D78: =MAX(HLOOKUP(D$74,TAB_COV,MATCH($B78,COL_COV,0),0),HLOOKUP($B78,TAB_COV,MATCH(D$74,COL_COV,0),0)) -> 0.0050251762 | E78: =MAX(HLOOKUP(E$74,TAB_COV,MATCH($B78,COL_COV,0),0),HLOOKUP($B78,TAB_COV,MATCH(E$74,COL_COV,0),0)) -> 0.0025590557 | F78: =MAX(HLOOKUP(F$74,TAB_COV,MATCH($B78,COL_COV,0),0),HLOOKUP($B78,TAB_COV,MATCH(F$74,COL_COV,0),0)) -> 0.0043484083 | G78: =MAX(HLOOKUP(G$74,TAB_COV,MATCH($B78,COL_COV,0),0),HLOOKUP($B78,TAB_COV,MATCH(G$74,COL_COV,0),0)) -> 0.0054843868
B79: AOT | C79: =MAX(HLOOKUP(C$74,TAB_COV,MATCH($B79,COL_COV,0),0),HLOOKUP($B79,TAB_COV,MATCH(C$74,COL_COV,0),0)) -> 0.016554757 | D79: =MAX(HLOOKUP(D$74,TAB_COV,MATCH($B79,COL_COV,0),0),HLOOKUP($B79,TAB_COV,MATCH(D$74,COL_COV,0),0)) -> 0.020019407 | E79: =MAX(HLOOKUP(E$74,TAB_COV,MATCH($B79,COL_COV,0),0),HLOOKUP($B79,TAB_COV,MATCH(E$74,COL_COV,0),0)) -> 0.015636712 | F79: =MAX(HLOOKUP(F$74,TAB_COV,MATCH($B79,COL_COV,0),0),HLOOKUP($B79,TAB_COV,MATCH(F$74,COL_COV,0),0)) -> 0.0054843868 | G79: =MAX(HLOOKUP(G$74,TAB_COV,MATCH($B79,COL_COV,0),0),HLOOKUP($B79,TAB_COV,MATCH(G$74,COL_COV,0),0)) -> 0.022211201
F81: E(Rp) | G81: {=MMULT(TRANSPOSE(D65:D69),E65:E69)} -> 0.012390294
F82: Var(p),s2 | G82: {=MMULT(MMULT(TRANSPOSE(D65:D69),C75:G79),D65:D69)} -> 0.013192072
F83: Standard Deviation,s | G83: =SQRT(G82) -> 0.11485675
B85: Annualized
F86: E(Rp) | G86: =G81*12 -> 0.14868352
F87: Standard Deviation,s | G87: =G83*SQRT(12) -> 0.39787544
B91: Compare Portfolio Annualized s
B93: 2 Assets | C93: 3 Assets | D93: 5 Assets | E93: 10 Assets
A94: s | B94: =F29 -> 0.48699372 | C94: =F59 -> 0.47474436 | D94: =G87 -> 0.39787544 | E94: =K128 -> 0.33838533
B96: 10 Assets
B97: Stock | C97: Investment | D97: Weight | E97: E(Ri)
B98: CCET | C98: 5000 | D98: =C98/$C$108 -> 0.1 | E98: =HLOOKUP(B98,TAB_PORT,2,FALSE) -> -0.005600752
B99: CPN | C99: 5000 | D99: =C99/$C$108 -> 0.1 | E99: =HLOOKUP(B99,TAB_PORT,2,FALSE) -> 0.029101217
B100: ITD | C100: 5000 | D100: =C100/$C$108 -> 0.1 | E100: =HLOOKUP(B100,TAB_PORT,2,FALSE) -> -0.00030384923
B101: ADVANC | C101: 5000 | D101: =C101/$C$108 -> 0.1 | E101: =HLOOKUP(B101,TAB_PORT,2,FALSE) -> 0.020085754
B102: AOT | C102: 5000 | D102: =C102/$C$108 -> 0.1 | E102: =HLOOKUP(B102,TAB_PORT,2,FALSE) -> 0.018669099
B103: BBL | C103: 5000 | D103: =C103/$C$108 -> 0.1 | E103: =HLOOKUP(B103,TAB_PORT,2,FALSE) -> 0.010231569
B104: BGH | C104: 5000 | D104: =C104/$C$108 -> 0.1 | E104: =HLOOKUP(B104,TAB_PORT,2,FALSE) -> 0.02463455
B105: BECL | C105: 5000 | D105: =C105/$C$108 -> 0.1 | E105: =HLOOKUP(B105,TAB_PORT,2,FALSE) -> 0.010425013
B106: BAY | C106: 5000 | D106: =C106/$C$108 -> 0.1 | E106: =HLOOKUP(B106,TAB_PORT,2,FALSE) -> 0.010425013
B107: GLOW | C107: 5000 | D107: =C107/$C$108 -> 0.1 | E107: =HLOOKUP(B107,TAB_PORT,2,FALSE) -> 0.01859116
C108: =SUM(C98:C107) -> 50000
B110: {=TRANSPOSE(A111:A120)} -> CCET | C110: CPN | D110: ITD | E110: ADVANC | F110: AOT | G110: BBL | H110: BGH | I110: BECL | J110: BAY | K110: GLOW
A111: =B98 -> CCET | B111: =MAX(HLOOKUP(B$110,TAB_COV,MATCH($A111,COL_COV,0),0),HLOOKUP($A111,TAB_COV,MATCH(B$110,COL_COV,0),0)) -> 0.023729397 | C111: =MAX(HLOOKUP(C$110,TAB_COV,MATCH($A111,COL_COV,0),0),HLOOKUP($A111,TAB_COV,MATCH(C$110,COL_COV,0),0)) -> 0.015565557 | D111: =MAX(HLOOKUP(D$110,TAB_COV,MATCH($A111,COL_COV,0),0),HLOOKUP($A111,TAB_COV,MATCH(D$110,COL_COV,0),0)) -> 0.016013389 | E111: =MAX(HLOOKUP(E$110,TAB_COV,MATCH($A111,COL_COV,0),0),HLOOKUP($A111,TAB_COV,MATCH(E$110,COL_COV,0),0)) -> 0.0018232746 | F111: =MAX(HLOOKUP(F$110,TAB_COV,MATCH($A111,COL_COV,0),0),HLOOKUP($A111,TAB_COV,MATCH(F$110,COL_COV,0),0)) -> 0.016554757 | G111: =MAX(HLOOKUP(G$110,TAB_COV,MATCH($A111,COL_COV,0),0),HLOOKUP($A111,TAB_COV,MATCH(G$110,COL_COV,0),0)) -> 0.0090213657 | H111: =MAX(HLOOKUP(H$110,TAB_COV,MATCH($A111,COL_COV,0),0),HLOOKUP($A111,TAB_COV,MATCH(H$110,COL_COV,0),0)) -> 0.012510729 | I111: =MAX(HLOOKUP(I$110,TAB_COV,MATCH($A111,COL_COV,0),0),HLOOKUP($A111,TAB_COV,MATCH(I$110,COL_COV,0),0)) -> 0.0066339668 | ... K111: =MAX(HLOOKUP(K$110,TAB_COV,MATCH($A111,COL_COV,0),0),HLOOKUP($A111,TAB_COV,MATCH(K$110,COL_COV,0),0)) -> 0.0085455834
A112: =B99 -> CPN | B112: =MAX(HLOOKUP(B$110,TAB_COV,MATCH($A112,COL_COV,0),0),HLOOKUP($A112,TAB_COV,MATCH(B$110,COL_COV,0),0)) -> 0.015565557 | C112: =MAX(HLOOKUP(C$110,TAB_COV,MATCH($A112,COL_COV,0),0),HLOOKUP($A112,TAB_COV,MATCH(C$110,COL_COV,0),0)) -> 0.024193784 | D112: =MAX(HLOOKUP(D$110,TAB_COV,MATCH($A112,COL_COV,0),0),HLOOKUP($A112,TAB_COV,MATCH(D$110,COL_COV,0),0)) -> 0.016265762 | E112: =MAX(HLOOKUP(E$110,TAB_COV,MATCH($A112,COL_COV,0),0),HLOOKUP($A112,TAB_COV,MATCH(E$110,COL_COV,0),0)) -> 0.0050251762 | F112: =MAX(HLOOKUP(F$110,TAB_COV,MATCH($A112,COL_COV,0),0),HLOOKUP($A112,TAB_COV,MATCH(F$110,COL_COV,0),0)) -> 0.020019407 | G112: =MAX(HLOOKUP(G$110,TAB_COV,MATCH($A112,COL_COV,0),0),HLOOKUP($A112,TAB_COV,MATCH(G$110,COL_COV,0),0)) -> 0.011236077 | H112: =MAX(HLOOKUP(H$110,TAB_COV,MATCH($A112,COL_COV,0),0),HLOOKUP($A112,TAB_COV,MATCH(H$110,COL_COV,0),0)) -> 0.011398074 | I112: =MAX(HLOOKUP(I$110,TAB_COV,MATCH($A112,COL_COV,0),0),HLOOKUP($A112,TAB_COV,MATCH(I$110,COL_COV,0),0)) -> 0.0098820268 | ... K112: =MAX(HLOOKUP(K$110,TAB_COV,MATCH($A112,COL_COV,0),0),HLOOKUP($A112,TAB_COV,MATCH(K$110,COL_COV,0),0)) -> 0.011007714
A113: =B100 -> ITD | B113: =MAX(HLOOKUP(B$110,TAB_COV,MATCH($A113,COL_COV,0),0),HLOOKUP($A113,TAB_COV,MATCH(B$110,COL_COV,0),0)) -> 0.016013389 | C113: =MAX(HLOOKUP(C$110,TAB_COV,MATCH($A113,COL_COV,0),0),HLOOKUP($A113,TAB_COV,MATCH(C$110,COL_COV,0),0)) -> 0.016265762 | D113: =MAX(HLOOKUP(D$110,TAB_COV,MATCH($A113,COL_COV,0),0),HLOOKUP($A113,TAB_COV,MATCH(D$110,COL_COV,0),0)) -> 0.025424059 | E113: =MAX(HLOOKUP(E$110,TAB_COV,MATCH($A113,COL_COV,0),0),HLOOKUP($A113,TAB_COV,MATCH(E$110,COL_COV,0),0)) -> 0.0025590557 | F113: =MAX(HLOOKUP(F$110,TAB_COV,MATCH($A113,COL_COV,0),0),HLOOKUP($A113,TAB_COV,MATCH(F$110,COL_COV,0),0)) -> 0.015636712 | G113: =MAX(HLOOKUP(G$110,TAB_COV,MATCH($A113,COL_COV,0),0),HLOOKUP($A113,TAB_COV,MATCH(G$110,COL_COV,0),0)) -> 0.0097922961 | H113: =MAX(HLOOKUP(H$110,TAB_COV,MATCH($A113,COL_COV,0),0),HLOOKUP($A113,TAB_COV,MATCH(H$110,COL_COV,0),0)) -> 0.010850361 | I113: =MAX(HLOOKUP(I$110,TAB_COV,MATCH($A113,COL_COV,0),0),HLOOKUP($A113,TAB_COV,MATCH(I$110,COL_COV,0),0)) -> 0.0056240142 | ... K113: =MAX(HLOOKUP(K$110,TAB_COV,MATCH($A113,COL_COV,0),0),HLOOKUP($A113,TAB_COV,MATCH(K$110,COL_COV,0),0)) -> 0.0099295672
A114: =B101 -> ADVANC | B114: =MAX(HLOOKUP(B$110,TAB_COV,MATCH($A114,COL_COV,0),0),HLOOKUP($A114,TAB_COV,MATCH(B$110,COL_COV,0),0)) -> 0.0018232746 | C114: =MAX(HLOOKUP(C$110,TAB_COV,MATCH($A114,COL_COV,0),0),HLOOKUP($A114,TAB_COV,MATCH(C$110,COL_COV,0),0)) -> 0.0050251762 | D114: =MAX(HLOOKUP(D$110,TAB_COV,MATCH($A114,COL_COV,0),0),HLOOKUP($A114,TAB_COV,MATCH(D$110,COL_COV,0),0)) -> 0.0025590557 | E114: =MAX(HLOOKUP(E$110,TAB_COV,MATCH($A114,COL_COV,0),0),HLOOKUP($A114,TAB_COV,MATCH(E$110,COL_COV,0),0)) -> 0.0043484083 | F114: =MAX(HLOOKUP(F$110,TAB_COV,MATCH($A114,COL_COV,0),0),HLOOKUP($A114,TAB_COV,MATCH(F$110,COL_COV,0),0)) -> 0.0054843868 | G114: =MAX(HLOOKUP(G$110,TAB_COV,MATCH($A114,COL_COV,0),0),HLOOKUP($A114,TAB_COV,MATCH(G$110,COL_COV,0),0)) -> 0.0036687308 | H114: =MAX(HLOOKUP(H$110,TAB_COV,MATCH($A114,COL_COV,0),0),HLOOKUP($A114,TAB_COV,MATCH(H$110,COL_COV,0),0)) -> 0.0023276589 | I114: =MAX(HLOOKUP(I$110,TAB_COV,MATCH($A114,COL_COV,0),0),HLOOKUP($A114,TAB_COV,MATCH(I$110,COL_COV,0),0)) -> 0.0022936971 | ... K114: =MAX(HLOOKUP(K$110,TAB_COV,MATCH($A114,COL_COV,0),0),HLOOKUP($A114,TAB_COV,MATCH(K$110,COL_COV,0),0)) -> 0.0020765603
A115: =B102 -> AOT | B115: =MAX(HLOOKUP(B$110,TAB_COV,MATCH($A115,COL_COV,0),0),HLOOKUP($A115,TAB_COV,MATCH(B$110,COL_COV,0),0)) -> 0.016554757 | C115: =MAX(HLOOKUP(C$110,TAB_COV,MATCH($A115,COL_COV,0),0),HLOOKUP($A115,TAB_COV,MATCH(C$110,COL_COV,0),0)) -> 0.020019407 | D115: =MAX(HLOOKUP(D$110,TAB_COV,MATCH($A115,COL_COV,0),0),HLOOKUP($A115,TAB_COV,MATCH(D$110,COL_COV,0),0)) -> 0.015636712 | E115: =MAX(HLOOKUP(E$110,TAB_COV,MATCH($A115,COL_COV,0),0),HLOOKUP($A115,TAB_COV,MATCH(E$110,COL_COV,0),0)) -> 0.0054843868 | F115: =MAX(HLOOKUP(F$110,TAB_COV,MATCH($A115,COL_COV,0),0),HLOOKUP($A115,TAB_COV,MATCH(F$110,COL_COV,0),0)) -> 0.022211201 | G115: =MAX(HLOOKUP(G$110,TAB_COV,MATCH($A115,COL_COV,0),0),HLOOKUP($A115,TAB_COV,MATCH(G$110,COL_COV,0),0)) -> 0.011536268 | H115: =MAX(HLOOKUP(H$110,TAB_COV,MATCH($A115,COL_COV,0),0),HLOOKUP($A115,TAB_COV,MATCH(H$110,COL_COV,0),0)) -> 0.011039151 | I115: =MAX(HLOOKUP(I$110,TAB_COV,MATCH($A115,COL_COV,0),0),HLOOKUP($A115,TAB_COV,MATCH(I$110,COL_COV,0),0)) -> 0.0089259766 | ... K115: =MAX(HLOOKUP(K$110,TAB_COV,MATCH($A115,COL_COV,0),0),HLOOKUP($A115,TAB_COV,MATCH(K$110,COL_COV,0),0)) -> 0.010118839
A116: =B103 -> BBL | B116: =MAX(HLOOKUP(B$110,TAB_COV,MATCH($A116,COL_COV,0),0),HLOOKUP($A116,TAB_COV,MATCH(B$110,COL_COV,0),0)) -> 0.0090213657 | C116: =MAX(HLOOKUP(C$110,TAB_COV,MATCH($A116,COL_COV,0),0),HLOOKUP($A116,TAB_COV,MATCH(C$110,COL_COV,0),0)) -> 0.011236077 | D116: =MAX(HLOOKUP(D$110,TAB_COV,MATCH($A116,COL_COV,0),0),HLOOKUP($A116,TAB_COV,MATCH(D$110,COL_COV,0),0)) -> 0.0097922961 | E116: =MAX(HLOOKUP(E$110,TAB_COV,MATCH($A116,COL_COV,0),0),HLOOKUP($A116,TAB_COV,MATCH(E$110,COL_COV,0),0)) -> 0.0036687308 | F116: =MAX(HLOOKUP(F$110,TAB_COV,MATCH($A116,COL_COV,0),0),HLOOKUP($A116,TAB_COV,MATCH(F$110,COL_COV,0),0)) -> 0.011536268 | G116: =MAX(HLOOKUP(G$110,TAB_COV,MATCH($A116,COL_COV,0),0),HLOOKUP($A116,TAB_COV,MATCH(G$110,COL_COV,0),0)) -> 0.010457729 | H116: =MAX(HLOOKUP(H$110,TAB_COV,MATCH($A116,COL_COV,0),0),HLOOKUP($A116,TAB_COV,MATCH(H$110,COL_COV,0),0)) -> 0.0072010154 | I116: =MAX(HLOOKUP(I$110,TAB_COV,MATCH($A116,COL_COV,0),0),HLOOKUP($A116,TAB_COV,MATCH(I$110,COL_COV,0),0)) -> 0.0051284565 | ... K116: =MAX(HLOOKUP(K$110,TAB_COV,MATCH($A116,COL_COV,0),0),HLOOKUP($A116,TAB_COV,MATCH(K$110,COL_COV,0),0)) -> 0.0060381393
A117: =B104 -> BGH | B117: =MAX(HLOOKUP(B$110,TAB_COV,MATCH($A117,COL_COV,0),0),HLOOKUP($A117,TAB_COV,MATCH(B$110,COL_COV,0),0)) -> 0.012510729 | C117: =MAX(HLOOKUP(C$110,TAB_COV,MATCH($A117,COL_COV,0),0),HLOOKUP($A117,TAB_COV,MATCH(C$110,COL_COV,0),0)) -> 0.011398074 | D117: =MAX(HLOOKUP(D$110,TAB_COV,MATCH($A117,COL_COV,0),0),HLOOKUP($A117,TAB_COV,MATCH(D$110,COL_COV,0),0)) -> 0.010850361 | E117: =MAX(HLOOKUP(E$110,TAB_COV,MATCH($A117,COL_COV,0),0),HLOOKUP($A117,TAB_COV,MATCH(E$110,COL_COV,0),0)) -> 0.0023276589 | F117: =MAX(HLOOKUP(F$110,TAB_COV,MATCH($A117,COL_COV,0),0),HLOOKUP($A117,TAB_COV,MATCH(F$110,COL_COV,0),0)) -> 0.011039151 | G117: =MAX(HLOOKUP(G$110,TAB_COV,MATCH($A117,COL_COV,0),0),HLOOKUP($A117,TAB_COV,MATCH(G$110,COL_COV,0),0)) -> 0.0072010154 | H117: =MAX(HLOOKUP(H$110,TAB_COV,MATCH($A117,COL_COV,0),0),HLOOKUP($A117,TAB_COV,MATCH(H$110,COL_COV,0),0)) -> 0.011864476 | I117: =MAX(HLOOKUP(I$110,TAB_COV,MATCH($A117,COL_COV,0),0),HLOOKUP($A117,TAB_COV,MATCH(I$110,COL_COV,0),0)) -> 0.0054059445 | ... K117: =MAX(HLOOKUP(K$110,TAB_COV,MATCH($A117,COL_COV,0),0),HLOOKUP($A117,TAB_COV,MATCH(K$110,COL_COV,0),0)) -> 0.0057319354
A118: =B105 -> BECL | B118: =MAX(HLOOKUP(B$110,TAB_COV,MATCH($A118,COL_COV,0),0),HLOOKUP($A118,TAB_COV,MATCH(B$110,COL_COV,0),0)) -> 0.0066339668 | C118: =MAX(HLOOKUP(C$110,TAB_COV,MATCH($A118,COL_COV,0),0),HLOOKUP($A118,TAB_COV,MATCH(C$110,COL_COV,0),0)) -> 0.0098820268 | D118: =MAX(HLOOKUP(D$110,TAB_COV,MATCH($A118,COL_COV,0),0),HLOOKUP($A118,TAB_COV,MATCH(D$110,COL_COV,0),0)) -> 0.0056240142 | E118: =MAX(HLOOKUP(E$110,TAB_COV,MATCH($A118,COL_COV,0),0),HLOOKUP($A118,TAB_COV,MATCH(E$110,COL_COV,0),0)) -> 0.0022936971 | F118: =MAX(HLOOKUP(F$110,TAB_COV,MATCH($A118,COL_COV,0),0),HLOOKUP($A118,TAB_COV,MATCH(F$110,COL_COV,0),0)) -> 0.0089259766 | G118: =MAX(HLOOKUP(G$110,TAB_COV,MATCH($A118,COL_COV,0),0),HLOOKUP($A118,TAB_COV,MATCH(G$110,COL_COV,0),0)) -> 0.0051284565 | H118: =MAX(HLOOKUP(H$110,TAB_COV,MATCH($A118,COL_COV,0),0),HLOOKUP($A118,TAB_COV,MATCH(H$110,COL_COV,0),0)) -> 0.0054059445 | I118: =MAX(HLOOKUP(I$110,TAB_COV,MATCH($A118,COL_COV,0),0),HLOOKUP($A118,TAB_COV,MATCH(I$110,COL_COV,0),0)) -> 0.0066520656 | ... K118: =MAX(HLOOKUP(K$110,TAB_COV,MATCH($A118,COL_COV,0),0),HLOOKUP($A118,TAB_COV,MATCH(K$110,COL_COV,0),0)) -> 0.004001857
A119: =B106 -> BAY | B119: =MAX(HLOOKUP(B$110,TAB_COV,MATCH($A119,COL_COV,0),0),HLOOKUP($A119,TAB_COV,MATCH(B$110,COL_COV,0),0)) -> 0.012467722 | C119: =MAX(HLOOKUP(C$110,TAB_COV,MATCH($A119,COL_COV,0),0),HLOOKUP($A119,TAB_COV,MATCH(C$110,COL_COV,0),0)) -> 0.01146128 | D119: =MAX(HLOOKUP(D$110,TAB_COV,MATCH($A119,COL_COV,0),0),HLOOKUP($A119,TAB_COV,MATCH(D$110,COL_COV,0),0)) -> 0.010940336 | E119: =MAX(HLOOKUP(E$110,TAB_COV,MATCH($A119,COL_COV,0),0),HLOOKUP($A119,TAB_COV,MATCH(E$110,COL_COV,0),0)) -> 0.0031896038 | F119: =MAX(HLOOKUP(F$110,TAB_COV,MATCH($A119,COL_COV,0),0),HLOOKUP($A119,TAB_COV,MATCH(F$110,COL_COV,0),0)) -> 0.013624594 | G119: =MAX(HLOOKUP(G$110,TAB_COV,MATCH($A119,COL_COV,0),0),HLOOKUP($A119,TAB_COV,MATCH(G$110,COL_COV,0),0)) -> 0.010379309 | H119: =MAX(HLOOKUP(H$110,TAB_COV,MATCH($A119,COL_COV,0),0),HLOOKUP($A119,TAB_COV,MATCH(H$110,COL_COV,0),0)) -> 0.0092192445 | I119: =MAX(HLOOKUP(I$110,TAB_COV,MATCH($A119,COL_COV,0),0),HLOOKUP($A119,TAB_COV,MATCH(I$110,COL_COV,0),0)) -> 0.0060176276 | ... K119: =MAX(HLOOKUP(K$110,TAB_COV,MATCH($A119,COL_COV,0),0),HLOOKUP($A119,TAB_COV,MATCH(K$110,COL_COV,0),0)) -> 0.0069966644
A120: =B107 -> GLOW | B120: =MAX(HLOOKUP(B$110,TAB_COV,MATCH($A120,COL_COV,0),0),HLOOKUP($A120,TAB_COV,MATCH(B$110,COL_COV,0),0)) -> 0.0085455834 | C120: =MAX(HLOOKUP(C$110,TAB_COV,MATCH($A120,COL_COV,0),0),HLOOKUP($A120,TAB_COV,MATCH(C$110,COL_COV,0),0)) -> 0.011007714 | D120: =MAX(HLOOKUP(D$110,TAB_COV,MATCH($A120,COL_COV,0),0),HLOOKUP($A120,TAB_COV,MATCH(D$110,COL_COV,0),0)) -> 0.0099295672 | E120: =MAX(HLOOKUP(E$110,TAB_COV,MATCH($A120,COL_COV,0),0),HLOOKUP($A120,TAB_COV,MATCH(E$110,COL_COV,0),0)) -> 0.0020765603 | F120: =MAX(HLOOKUP(F$110,TAB_COV,MATCH($A120,COL_COV,0),0),HLOOKUP($A120,TAB_COV,MATCH(F$110,COL_COV,0),0)) -> 0.010118839 | G120: =MAX(HLOOKUP(G$110,TAB_COV,MATCH($A120,COL_COV,0),0),HLOOKUP($A120,TAB_COV,MATCH(G$110,COL_COV,0),0)) -> 0.0060381393 | H120: =MAX(HLOOKUP(H$110,TAB_COV,MATCH($A120,COL_COV,0),0),HLOOKUP($A120,TAB_COV,MATCH(H$110,COL_COV,0),0)) -> 0.0057319354 | I120: =MAX(HLOOKUP(I$110,TAB_COV,MATCH($A120,COL_COV,0),0),HLOOKUP($A120,TAB_COV,MATCH(I$110,COL_COV,0),0)) -> 0.004001857 | ... K120: =MAX(HLOOKUP(K$110,TAB_COV,MATCH($A120,COL_COV,0),0),HLOOKUP($A120,TAB_COV,MATCH(K$110,COL_COV,0),0)) -> 0.0085493851
J122: E(Rp) | K122: {=MMULT(TRANSPOSE(D98:D107),E98:E107)} -> 0.013625877
J123: Var(p) | K123: {=MMULT(MMULT(TRANSPOSE(D98:D107),B111:K120),D98:D107)} -> 0.0095420528
J124: Std(p) | K124: =SQRT(K123) -> 0.097683431
J126: Annualized
J127: E(Rp) | K127: =12*K122 -> 0.16351053
J128: Std(p) | K128: =SQRT(12)*K124 -> 0.33838533

Sheet Theoretical Portfolio, Brigham 
A3: Chapter 6 Toolkit, Portfolio Risk
A5: USING HISTORICAL DATA TO MEASURE RISK
A7: Figure 6-7. Standard Deviation Based On a Sample of Historical Data
D9: Realized
C10: Year | D10: return
C11: 2008 | D11: 0.15
C12: =C11+1 -> 2009 | D12: -0.05
C13: =C12+1 -> 2010 | D13: 0.2
C15: Average =AVERAGE(D11:D13) = | D15: =AVERAGE(D11:D13) -> 0.1
C16: Standard deviation =STDEV(D11:D13) = | D16: =STDEV(D11:D13) -> 0.13228757 | H16: Use STDEV, the SD for a sample, not STDEVP,
A19: RISK IN A PORTFOLIO CONTEXT (Section 6.3)
A21: Portfolio Expected Return
A23: The expected return on a portfolio is simply a weighted average of the expected returns of the individual assets in the portfolio. The weights are the percentage of total portfolio funds invested in each asset. Consider the following portfolio and the hypothetical illustrative returns data.
A27: Figure 6-8. Expected Returns on a Portfolio of Stocks
A29: Stock | B29: Amount of Investment | C29: Portfolio Weight | D29: Expected Return | E29: Weighted Expected Return
A30: Southwest Airlines | B30: 300000 | C30: =B30/$B$34 -> 0.3 | D30: 0.15 | E30: =C30*D30 -> 0.045
A31: Starbucks | B31: 100000 | C31: =B31/$B$34 -> 0.1 | D31: 0.12 | E31: =C31*D31 -> 0.012
A32: FedEx | B32: 200000 | C32: =B32/$B$34 -> 0.2 | D32: 0.1 | E32: =C32*D32 -> 0.02
A33: Dell | B33: 400000 | C33: =B33/$B$34 -> 0.4 | D33: 0.09 | E33: =C33*D33 -> 0.036
A34: Total investment = | B34: =SUM(B30:B33) -> 1000000 | C34: =SUM(C30:C33) -> 1
D36: Portfolio's Expected Return = | E36: =SUM(E30:E33) -> 0.113
A38: Portfolio Standard Deviation
A40: Portfolios of stocks are created to diversify investors from unnecessary risk. The diversifiable, or idiosyncratic, risk is eliminated as more stocks are added. Diversification effects are strongest when combining uncorrelated assets. The following figures illustrate how creating two-stock portfolios with different correlations between the stocks affects the expected return and risk of various fictional portfolios.
A46: Figure 6-9. Portfolio Risk: Perfect Negative Correlation
B62: Stock W | D62: Stock M
A63: Weights | B63: 0.5 | D63: =1-B63 -> 0.5
A65: Year | B65: Stock W | D65: Stock M | F65: Portfolio WM
A66: 2006 | B66: 0.4 | D66: -0.1 | F66: =$B$63*B66+$D$63*D66 -> 0.15
A67: 2007 | B67: -0.1 | D67: 0.4 | F67: =$B$63*B67+$D$63*D67 -> 0.15
A68: 2008 | B68: 0.35 | D68: -0.05 | F68: =$B$63*B68+$D$63*D68 -> 0.15
A69: 2009 | B69: -0.05 | D69: 0.35 | F69: =$B$63*B69+$D$63*D69 -> 0.15
A70: 2010 | B70: 0.15 | D70: 0.15 | F70: =$B$63*B70+$D$63*D70 -> 0.15
A71: Average return = | B71: =AVERAGE(B66:B70) -> 0.15 | D71: =AVERAGE(D66:D70) -> 0.15 | F71: =AVERAGE(F66:F70) -> 0.15
A72: Standard deviation = | B72: =STDEV(B66:B70) -> 0.22638463 | D72: =STDEV(D66:D70) -> 0.22638463 | F72: =STDEV(F66:F70) -> 2.4037034e-17
D74: Correlation coefficient = | F74: =CORREL(B66:B70,D66:D70) -> -1
A77: CONCLUSION: When two stocks are perfectly negatively correlated, diversification is its strongest, and in this case the portfolio return is a certain (no risk) 15%. Of course, this situation is very rare.
A82: Figure 6-10. Portfolio Risk: Perfect Positive Correlation
B98: =B62 -> Stock W | D98: Stock W'
A99: Weights | B99: =B63 -> 0.5 | D99: =1-B99 -> 0.5
A101: Year | B101: =B98 -> Stock W | D101: =D98 -> Stock W' | F101: Portfolio WW'
A102: 2006 | B102: =B66 -> 0.4 | D102: 0.4 | F102: =$B$99*B102+$D$99*D102 -> 0.4
A103: 2007 | B103: =B67 -> -0.1 | D103: -0.1 | F103: =$B$99*B103+$D$99*D103 -> -0.1
A104: 2008 | B104: =B68 -> 0.35 | D104: 0.35 | F104: =$B$99*B104+$D$99*D104 -> 0.35
A105: 2009 | B105: =B69 -> -0.05 | D105: -0.05 | F105: =$B$99*B105+$D$99*D105 -> -0.05
A106: 2010 | B106: =B70 -> 0.15 | D106: 0.15 | F106: =$B$99*B106+$D$99*D106 -> 0.15
A107: Average return = | B107: =AVERAGE(B102:B106) -> 0.15 | D107: =AVERAGE(D102:D106) -> 0.15 | F107: =AVERAGE(F102:F106) -> 0.15
A108: Standard deviation = | B108: =STDEV(B102:B106) -> 0.22638463 | D108: =STDEV(D102:D106) -> 0.22638463 | F108: =STDEV(F102:F106) -> 0.22638463
D110: Correlation coefficient = | F110: =CORREL(B102:B106,D102:D106) -> 1
A113: CONCLUSION: When two stocks are perfectly positively correlated, diversification has no effect, and the portfolio's risk is a weighted average of its individual stocks' risks. Note that in this graph only the portfolio returns are visible, but realize that the stocks' returns follow an identical path.
A118: Figure 6-11. Portfolio Risk: Imperfect (Partial) Correlation
B134: =B98 -> Stock W | D134: Stock Y
A135: Weights | B135: =B99 -> 0.5 | D135: =1-B135 -> 0.5
A137: Year | B137: =B101 -> Stock W | D137: =D134 -> Stock Y | F137: Portfolio WY
A138: 2006 | B138: =B102 -> 0.4 | D138: 0.4 | F138: =$B$135*B138+$D$135*D138 -> 0.4
A139: 2007 | B139: =B103 -> -0.1 | D139: 0.15 | F139: =$B$135*B139+$D$135*D139 -> 0.025
A140: 2008 | B140: =B104 -> 0.35 | D140: -0.05 | F140: =$B$135*B140+$D$135*D140 -> 0.15
A141: 2009 | B141: =B105 -> -0.05 | D141: -0.1 | F141: =$B$135*B141+$D$135*D141 -> -0.075
A142: 2010 | B142: =B106 -> 0.15 | D142: 0.35 | F142: =$B$135*B142+$D$135*D142 -> 0.25
A143: Average return = | B143: =AVERAGE(B138:B142) -> 0.15 | D143: =AVERAGE(D138:D142) -> 0.15 | F143: =AVERAGE(F138:F142) -> 0.15
A144: Standard deviation = | B144: =STDEV(B138:B142) -> 0.22638463 | D144: =STDEV(D138:D142) -> 0.22638463 | F144: =STDEV(F138:F142) -> 0.18624581
D146: Correlation coefficient = | F146: =CORREL(B138:B142,D138:D142) -> 0.35365854
A149: CONCLUSION: In the case where two stocks are somewhat correlated, diversification is effective in lowering portfolio risk. Here, the portfolio return is an average of the stock returns and risk is reduced from 22.64% for the individual stocks to 18.62% for the portfolio. Notice that the portfolio's return is always between that of the two stocks. If more similarly-correlated stocks were added, risk would continue to fall, but as we shall see, there is a limit to how low risk (the portfolio's SD) can go.

Sheet Covariance Matrix
B1: ADVANC | C1: AOT | D1: BBL | E1: BGH | F1: BECL | G1: BAY | H1: BANPU | I1: BEC | J1: BIGC | K1: BH | L1: CCET | M1: CPN | N1: CPF | O1: CPALL | P1: DELTA | Q1: EGCO | R1: GLOW | S1: HANA | T1: IRPC | U1: ITD | V1: KBANK | W1: KSL | X1: KTB | Y1: LH | Z1: MCOT | AA1: MINT | AB1: PSL | AC1: PS | AD1: PTTEP | AE1: PTT | AF1: RATCH | AG1: SCC | AH1: SCCC | AI1: SCB | AJ1: MAKRO | AK1: TSTH | AL1: THAI | AM1: TOP | AN1: TPC | AO1: TUF | AP1: TCAP | AQ1: TTA | AR1: TMB | AS1: SET50
A2: ADVANC | B2: =VARP(Data!$C$112:$C$160) -> 0.0043484083
A3: AOT | B3: 0.0054843868 | C3: =VARP(Data!$D$112:$D$160) -> 0.022211201
A4: BBL | B4: 0.0036687308 | C4: 0.011536268 | D4: =VARP(Data!$E$112:$E$160) -> 0.010457729
A5: BGH | B5: 0.0023276589 | C5: 0.011039151 | D5: 0.0072010154 | E5: =VARP(Data!$F$112:$F$160) -> 0.011864476
A6: BECL | B6: 0.0022936971 | C6: 0.0089259766 | D6: 0.0051284565 | E6: 0.0054059445 | F6: =VARP(Data!$G$112:$G$160) -> 0.0066520656
A7: BAY | B7: 0.0031896038 | C7: 0.013624594 | D7: 0.010379309 | E7: 0.0092192445 | F7: 0.0060176276 | G7: =VARP(Data!$H$112:$H$160) -> 0.014435044
A8: BANPU | B8: 0.002785598 | C8: 0.016271821 | D8: 0.011471863 | E8: 0.010085468 | F8: 0.0078525021 | G8: 0.012769777 | H8: =VARP(Data!$I$112:$I$160) -> 0.02294012
A9: BEC | B9: 0.0028799027 | C9: 0.0087386184 | D9: 0.0061114622 | E9: 0.0051478463 | F9: 0.0040748063 | G9: 0.0067047884 | H9: 0.005224631 | I9: =VARP(Data!$J$112:$J$160) -> 0.012365992
A10: BIGC | B10: 0.0018688438 | C10: 0.0064542639 | D10: 0.0055688401 | E10: 0.005888897 | F10: 0.002725567 | G10: 0.0056623158 | H10: 0.0049062413 | I10: 0.0035051935 | J10: =VARP(Data!$K$112:$K$160) -> 0.011001537
A11: BH | B11: 0.0012957873 | C11: 0.0075021513 | D11: 0.004475493 | E11: 0.0076804072 | F11: 0.0035269774 | G11: 0.0056187748 | H11: 0.0055604524 | I11: 0.0035298501 | J11: 0.0028369854 | K11: =VARP(Data!$L$112:$L$160) -> 0.0094110506
A12: CCET | B12: 0.0018232746 | C12: 0.016554757 | D12: 0.0090213657 | E12: 0.012510729 | F12: 0.0066339668 | G12: 0.012467722 | H12: 0.015440279 | I12: 0.005443233 | J12: 0.0061090306 | K12: 0.0095370394 | L12: =VARP(Data!$M$112:$M$160) -> 0.023729397
A13: CPN | B13: 0.0050251762 | C13: 0.020019407 | D13: 0.011236077 | E13: 0.011398074 | F13: 0.0098820268 | G13: 0.01146128 | H13: 0.017164749 | I13: 0.0076614404 | J13: 0.0074567555 | K13: 0.0071050956 | L13: 0.015565557 | M13: =VARP(Data!$N$112:$N$160) -> 0.024193784
A14: CPF | B14: 0.0016822543 | C14: 0.008970069 | D14: 0.0059473119 | E14: 0.0044619475 | F14: 0.0027301961 | G14: 0.0062032019 | H14: 0.0083127589 | I14: 0.0037058345 | J14: 0.0046578906 | K14: 0.0037198298 | L14: 0.0076673632 | M14: 0.0089608125 | N14: =VARP(Data!$O$112:$O$160) -> 0.01091008
A15: CPALL | B15: 0.0022747735 | C15: 0.0092766022 | D15: 0.0054952985 | E15: 0.0041792594 | F15: 0.0041922327 | G15: 0.0057549092 | H15: 0.0094046891 | I15: 0.0041983533 | J15: 0.003531181 | K15: 0.0018278494 | L15: 0.0053982968 | M15: 0.011492009 | N15: 0.0058803712 | O15: =VARP(Data!$P$112:$P$160) -> 0.010175575
A16: DELTA | B16: 0.0019520271 | C16: 0.01053644 | D16: 0.0052405283 | E16: 0.0066628155 | F16: 0.0053294688 | G16: 0.0075230196 | H16: 0.010167831 | I16: 0.0033746337 | J16: 0.0029840292 | K16: 0.0062452758 | L16: 0.012074075 | M16: 0.01097988 | N16: 0.0048944107 | O16: 0.0045779243 | P16: =VARP(Data!$Q$112:$Q$160) -> 0.014557576
A17: EGCO | B17: 0.00012948502 | C17: 0.0035734669 | D17: 0.0022642156 | E17: 0.0032358167 | F17: 0.0027782953 | G17: 0.0027353283 | H17: 0.0027194273 | I17: 0.0018904815 | J17: 0.0025739747 | K17: 0.0022471571 | L17: 0.0033098654 | M17: 0.0045858229 | N17: 0.0018651802 | O17: 0.0020736827 | P17: 0.0029389689 | Q17: =VARP(Data!$R$112:$R$160) -> 0.0035910949
A18: GLOW | B18: 0.0020765603 | C18: 0.010118839 | D18: 0.0060381393 | E18: 0.0057319354 | F18: 0.004001857 | G18: 0.0069966644 | H18: 0.0093562 | I18: 0.0037866574 | J18: 0.0039757703 | K18: 0.0044145624 | L18: 0.0085455834 | M18: 0.011007714 | N18: 0.0058233663 | O18: 0.0064265972 | P18: 0.0052980865 | Q18: 0.0024252829 | R18: =VARP(Data!$S$112:$S$160) -> 0.0085493851
A19: HANA | B19: 0.001240247 | C19: 0.010658659 | D19: 0.006561013 | E19: 0.0070972742 | F19: 0.005195767 | G19: 0.0084975028 | H19: 0.010176767 | I19: 0.0027747099 | J19: 0.0056459933 | K19: 0.0060468236 | L19: 0.012021121 | M19: 0.010617443 | N19: 0.0066491656 | O19: 0.004492227 | P19: 0.0090787587 | Q19: 0.0037815686 | R19: 0.0057584371 | S19: =VARP(Data!$T$112:$T$160) -> 0.011679489
A20: IRPC | B20: 0.0017431837 | C20: 0.016238078 | D20: 0.0092180218 | E20: 0.010851263 | F20: 0.0066690306 | G20: 0.011928593 | H20: 0.016012678 | I20: 0.0057694277 | J20: 0.0065819141 | K20: 0.0089642177 | L20: 0.018379049 | M20: 0.014971391 | N20: 0.0080043997 | O20: 0.0058286185 | P20: 0.012716637 | Q20: 0.0032784029 | R20: 0.0087814048 | S20: 0.0118013 | T20: =VARP(Data!$U$112:$U$160) -> 0.023553453
A21: ITD | B21: 0.0025590557 | C21: 0.015636712 | D21: 0.0097922961 | E21: 0.010850361 | F21: 0.0056240142 | G21: 0.010940336 | H21: 0.013996768 | I21: 0.0082231883 | J21: 0.0086192261 | K21: 0.008580232 | L21: 0.016013389 | M21: 0.016265762 | N21: 0.0091393642 | O21: 0.00758633 | P21: 0.0087085895 | Q21: 0.0039277317 | R21: 0.0099295672 | S21: 0.010857319 | T21: 0.016801694 | U21: =VARP(Data!$V$112:$V$160) -> 0.025424059
A22: KBANK | B22: 0.0021004443 | C22: 0.0088835385 | D22: 0.0069724136 | E22: 0.0055762129 | F22: 0.0037415266 | G22: 0.0075904299 | H22: 0.0077286105 | I22: 0.0044392104 | J22: 0.0048009572 | K22: 0.0040292066 | L22: 0.0076377582 | M22: 0.0074833793 | N22: 0.0045857793 | O22: 0.0032070179 | P22: 0.0051038057 | Q22: 0.002219502 | R22: 0.0048044868 | S22: 0.005262245 | T22: 0.0085858403 | U22: 0.0085660218 | V22: =VARP(Data!$W$112:$W$160) -> 0.0066740017
A23: KSL | B23: 0.0027025907 | C23: 0.013305295 | D23: 0.007294644 | E23: 0.0077028055 | F23: 0.0055496435 | G23: 0.0092857752 | H23: 0.013531902 | I23: 0.0031516482 | J23: 0.0035648466 | K23: 0.0048287669 | L23: 0.012068167 | M23: 0.012650523 | N23: 0.0059571403 | O23: 0.0060344734 | P23: 0.0077579966 | Q23: 0.0027290099 | R23: 0.0075688659 | S23: 0.0083013956 | T23: 0.012388375 | U23: 0.010211508 | V23: 0.0050583419 | W23: =VARP(Data!$X$112:$X$160) -> 0.014880719
A24: KTB | B24: 0.0023245231 | C24: 0.013123141 | D24: 0.0094565525 | E24: 0.009058934 | F24: 0.0054958151 | G24: 0.011097262 | H24: 0.013764834 | I24: 0.0064612828 | J24: 0.0062030611 | K24: 0.0064908175 | L24: 0.013285822 | M24: 0.012510086 | N24: 0.0071001511 | O24: 0.0059831838 | P24: 0.0086029911 | Q24: 0.0033170807 | R24: 0.0075992222 | S24: 0.0096429243 | T24: 0.013955852 | U24: 0.014477026 | V24: 0.0082723784 | W24: 0.0088014702 | X24: =VARP(Data!$Y$112:$Y$160) -> 0.014647095
A25: LH | B25: 0.0050277215 | C25: 0.021115059 | D25: 0.012446461 | E25: 0.012896307 | F25: 0.0091531943 | G25: 0.014345847 | H25: 0.01813438 | I25: 0.0095639763 | J25: 0.008194964 | K25: 0.0092578614 | L25: 0.019117201 | M25: 0.021129457 | N25: 0.0092274106 | O25: 0.010524344 | P25: 0.011036026 | Q25: 0.0036721893 | R25: 0.010494782 | S25: 0.01063707 | T25: 0.017507599 | U25: 0.017648173 | V25: 0.0091965517 | W25: 0.011766488 | X25: 0.014989808 | Y25: =VARP(Data!$Z$112:$Z$160) -> 0.025646189
A26: MCOT | B26: 0.0023114149 | C26: 0.012119149 | D26: 0.0073451209 | E26: 0.0082003698 | F26: 0.0055715385 | G26: 0.0088558611 | H26: 0.010360226 | I26: 0.0053133671 | J26: 0.0050633715 | K26: 0.006073054 | L26: 0.011134027 | M26: 0.012872618 | N26: 0.0071857526 | O26: 0.005952352 | P26: 0.0073407954 | Q26: 0.0033086201 | R26: 0.0056267889 | S26: 0.0085499413 | T26: 0.011340391 | U26: 0.012859772 | V26: 0.005617476 | W26: 0.0075320442 | X26: 0.010139959 | Y26: 0.013496897 | Z26: =VARP(Data!$AA$112:$AA$160) -> 0.011693676
A27: MINT | B27: 0.0035367608 | C27: 0.015390746 | D27: 0.0080927342 | E27: 0.0080850411 | F27: 0.0071128453 | G27: 0.0098803215 | H27: 0.011653275 | I27: 0.0057852519 | J27: 0.0057818991 | K27: 0.0058145244 | L27: 0.012747625 | M27: 0.015333733 | N27: 0.007374268 | O27: 0.0073890341 | P27: 0.0090136069 | Q27: 0.0031313657 | R27: 0.0076394095 | S27: 0.0085641227 | T27: 0.01284591 | U27: 0.014002184 | V27: 0.0065665383 | W27: 0.0095736698 | X27: 0.0097416329 | Y27: 0.015525139 | Z27: 0.010174659 | AA27: =VARP(Data!$AB$112:$AB$160) -> 0.014353612
A28: PSL | B28: 0.0026251158 | C28: 0.015175524 | D28: 0.0091054103 | E28: 0.0092333046 | F28: 0.0066412113 | G28: 0.010129536 | H28: 0.015345688 | I28: 0.0056280227 | J28: 0.0047523473 | K28: 0.0070823893 | L28: 0.013739499 | M28: 0.016022807 | N28: 0.0077093059 | O28: 0.0079370436 | P28: 0.009086832 | Q28: 0.0028935472 | R28: 0.0083297259 | S28: 0.0093510525 | T28: 0.014290694 | U28: 0.012815579 | V28: 0.0059516411 | W28: 0.011156749 | X28: 0.011054425 | Y28: 0.016210894 | Z28: 0.010366184 | AA28: 0.01065164 | AB28: =VARP(Data!$AC$112:$AC$160) -> 0.015764515
A29: PS | B29: 0.0034931195 | C29: 0.017780569 | D29: 0.010538155 | E29: 0.0093223687 | F29: 0.0075249942 | G29: 0.012820726 | H29: 0.012810874 | I29: 0.007046967 | J29: 0.0054846867 | K29: 0.0083589757 | L29: 0.017012822 | M29: 0.017036994 | N29: 0.010633055 | O29: 0.0072211398 | P29: 0.010405836 | Q29: 0.0035913946 | R29: 0.0079099947 | S29: 0.011149271 | T29: 0.013918086 | U29: 0.014335997 | V29: 0.0088368856 | W29: 0.0098580843 | X29: 0.013770902 | Y29: 0.019341638 | Z29: 0.013400286 | AA29: 0.012797684 | AB29: 0.013995547 | AC29: =VARP(Data!$AD$112:$AD$160) -> 0.026238031
A30: PTTEP | B30: 0.0027069434 | C30: 0.012603599 | D30: 0.0083879388 | E30: 0.0067145225 | F30: 0.0052957535 | G30: 0.008952325 | H30: 0.012889353 | I30: 0.0053705192 | J30: 0.0039150336 | K30: 0.0038904748 | L30: 0.010826404 | M30: 0.012445175 | N30: 0.0066547446 | O30: 0.0065977836 | P30: 0.0062914538 | Q30: 0.00187534 | R30: 0.0072829135 | S30: 0.0065036824 | T30: 0.011396229 | U30: 0.010268463 | V30: 0.0058306678 | W30: 0.0088154202 | X30: 0.0099472001 | Y30: 0.013245572 | Z30: 0.007176697 | AA30: 0.0077996315 | AB30: 0.010905169 | AC30: 0.010636561 | AD30: =VARP(Data!$AE$112:$AE$160) -> 0.01255813
A31: PTT | B31: 0.0022818588 | C31: 0.01154978 | D31: 0.0081241875 | E31: 0.0077825145 | F31: 0.0053254783 | G31: 0.0093660038 | H31: 0.012466925 | I31: 0.0048673435 | J31: 0.0044023393 | K31: 0.0053331352 | L31: 0.011630301 | M31: 0.011531247 | N31: 0.0056078533 | O31: 0.005535682 | P31: 0.0067274616 | Q31: 0.0026144949 | R31: 0.0066316337 | S31: 0.0076367253 | T31: 0.012163002 | U31: 0.011635463 | V31: 0.0062334769 | W31: 0.0085137562 | X31: 0.010408104 | Y31: 0.012468875 | Z31: 0.0080535936 | AA31: 0.0085025642 | AB31: 0.010249538 | AC31: 0.0099814976 | AD31: 0.009433369 | AE31: =VARP(Data!$AF$112:$AF$160) -> 0.01002516
A32: RATCH | B32: 0.00096450393 | C32: 0.0055381782 | D32: 0.0025372753 | E32: 0.0037639485 | F32: 0.0041530309 | G32: 0.0027415653 | H32: 0.0050211473 | I32: 0.0018466798 | J32: 0.002527883 | K32: 0.0013312903 | L32: 0.0045150497 | M32: 0.0079057733 | N32: 0.0019743846 | O32: 0.0034544731 | P32: 0.0028468247 | Q32: 0.0026184628 | R32: 0.0025781078 | S32: 0.0032972421 | T32: 0.0038224366 | U32: 0.0039530078 | V32: 0.001764394 | W32: 0.0025431013 | X32: 0.0035247235 | Y32: 0.0063391131 | Z32: 0.0046085699 | AA32: 0.0045572222 | AB32: 0.0050966556 | AC32: 0.0053272352 | AD32: 0.0032733725 | AE32: 0.0035611649 | AF32: =VARP(Data!$AG$112:$AG$160) -> 0.0052025981
A33: SCC | B33: 0.0017853834 | C33: 0.010116147 | D33: 0.0063579158 | E33: 0.0056207724 | F33: 0.0038170133 | G33: 0.0079278494 | H33: 0.010168975 | I33: 0.0040612805 | J33: 0.0044510063 | K33: 0.0041148851 | L33: 0.0094746936 | M33: 0.0088310075 | N33: 0.0061530705 | O33: 0.0045868973 | P33: 0.006462402 | Q33: 0.0020250921 | R33: 0.0055553111 | S33: 0.0070373243 | T33: 0.010541737 | U33: 0.011438687 | V33: 0.0059030047 | W33: 0.0067299584 | X33: 0.0094045766 | Y33: 0.0102491 | Z33: 0.0071579634 | AA33: 0.0086307435 | AB33: 0.0072278751 | AC33: 0.0085880232 | AD33: 0.0067601809 | AE33: 0.0075667918 | AF33: 0.0021677611 | AG33: =VARP(Data!$AH$112:$AH$160) -> 0.0090540993
A34: SCCC | B34: 0.0021548197 | C34: 0.011566019 | D34: 0.0065220563 | E34: 0.006875078 | F34: 0.0055556924 | G34: 0.0074584501 | H34: 0.010014385 | I34: 0.004721625 | J34: 0.0042576687 | K34: 0.0049765385 | L34: 0.010049771 | M34: 0.011835806 | N34: 0.0055221887 | O34: 0.0055338526 | P34: 0.0068922188 | Q34: 0.002961611 | R34: 0.00576786 | S34: 0.0073351344 | T34: 0.0097196329 | U34: 0.010413417 | V34: 0.0049363583 | W34: 0.0075641494 | X34: 0.0079966086 | Y34: 0.011716441 | Z34: 0.0077526189 | AA34: 0.0091117334 | AB34: 0.0088249126 | AC34: 0.0092176016 | AD34: 0.0068643692 | AE34: 0.006987086 | AF34: 0.0036280384 | AG34: 0.0060519089 | AH34: =VARP(Data!$AI$112:$AI$160) -> 0.0079930282
A35: SCB | B35: 0.0029934701 | C35: 0.0099076454 | D35: 0.0078451136 | E35: 0.0055862587 | F35: 0.0039321376 | G35: 0.0084449197 | H35: 0.0083056578 | I35: 0.0060816031 | J35: 0.0042530358 | K35: 0.0044588884 | L35: 0.0070835205 | M35: 0.0086257605 | N35: 0.0051998315 | O35: 0.004094503 | P35: 0.0049053447 | Q35: 0.0016085638 | R35: 0.0054741171 | S35: 0.0049129868 | T35: 0.009002629 | U35: 0.0094260065 | V35: 0.0060421043 | W35: 0.0056019257 | X35: 0.0080359729 | Y35: 0.010031499 | Z35: 0.0059734247 | AA35: 0.0072323897 | AB35: 0.007078639 | AC35: 0.008947705 | AD35: 0.0069519801 | AE35: 0.0066598293 | AF35: 0.0013830882 | AG35: 0.0057812889 | AH35: 0.0054402544 | AI35: =VARP(Data!$AJ$112:$AJ$160) -> 0.0078288219
A36: MAKRO | B36: 0.0027248121 | C36: 0.0091221715 | D36: 0.0053002332 | E36: 0.0063194759 | F36: 0.003680571 | G36: 0.0065025096 | H36: 0.008072341 | I36: 0.004871127 | J36: 0.0062123558 | K36: 0.0035903622 | L36: 0.0076077442 | M36: 0.01012331 | N36: 0.0053208519 | O36: 0.0058613839 | P36: 0.0052318056 | Q36: 0.0020362335 | R36: 0.0051438807 | S36: 0.0057724553 | T36: 0.0069840592 | U36: 0.00882921 | V36: 0.0038438411 | W36: 0.0056714142 | X36: 0.0069490954 | Y36: 0.0097975762 | Z36: 0.0061985438 | AA36: 0.0063989923 | AB36: 0.0073754807 | AC36: 0.008216152 | AD36: 0.0057471716 | AE36: 0.0055415746 | AF36: 0.0033153555 | AG36: 0.004076939 | AH36: 0.0055576485 | AI36: 0.0046071538 | AJ36: =VARP(Data!$AK$112:$AK$160) -> 0.0089025096
A37: TSTH | B37: 0.0046004386 | C37: 0.02361645 | D37: 0.014189354 | E37: 0.014572314 | F37: 0.012035483 | G37: 0.016211962 | H37: 0.023255391 | I37: 0.0085030155 | J37: 0.0084416112 | K37: 0.0099108644 | L37: 0.022137917 | M37: 0.026251056 | N37: 0.01146642 | O37: 0.012075479 | P37: 0.012972415 | Q37: 0.0055291619 | R37: 0.013409711 | S37: 0.014191144 | T37: 0.0215465 | U37: 0.020238371 | V37: 0.010776934 | W37: 0.016528728 | X37: 0.017705321 | Y37: 0.025377077 | Z37: 0.015960584 | AA37: 0.017312091 | AB37: 0.020693088 | AC37: 0.02331312 | AD37: 0.016514151 | AE37: 0.016042832 | AF37: 0.00928592 | AG37: 0.012805072 | AH37: 0.013550363 | AI37: 0.010613149 | AJ37: 0.011284345 | AK37: =VARP(Data!$AL$112:$AL$160) -> 0.036585527
A38: THAI | B38: 0.0033124082 | C38: 0.015345251 | D38: 0.0092247443 | E38: 0.0074060835 | F38: 0.0060031522 | G38: 0.010119469 | H38: 0.014639703 | I38: 0.0039330158 | J38: 0.0045107278 | K38: 0.0058953735 | L38: 0.015532268 | M38: 0.015331612 | N38: 0.0095776169 | O38: 0.0088265124 | P38: 0.012193429 | Q38: 0.0029584841 | R38: 0.0093780202 | S38: 0.0095350974 | T38: 0.016501034 | U38: 0.012283888 | V38: 0.007632044 | W38: 0.011105042 | X38: 0.011770484 | Y38: 0.017425764 | Z38: 0.0099446979 | AA38: 0.012054042 | AB38: 0.012428405 | AC38: 0.014886609 | AD38: 0.011405862 | AE38: 0.010656256 | AF38: 0.0034445563 | AG38: 0.0080966001 | AH38: 0.0089145991 | AI38: 0.0084212538 | AJ38: 0.0067583894 | AK38: 0.018390509 | AL38: =VARP(Data!$AM$112:$AM$160) -> 0.025378391
A39: TOP | B39: 0.0033562296 | C39: 0.017125572 | D39: 0.011641423 | E39: 0.011350375 | F39: 0.0081819177 | G39: 0.012574139 | H39: 0.01958598 | I39: 0.0053626055 | J39: 0.0078977896 | K39: 0.0080617562 | L39: 0.017470124 | M39: 0.017807675 | N39: 0.0092404509 | O39: 0.0074380999 | P39: 0.011852851 | Q39: 0.0032018371 | R39: 0.0093346796 | S39: 0.012391094 | T39: 0.021163458 | U39: 0.018381389 | V39: 0.0090118859 | W39: 0.01331971 | X39: 0.015559855 | Y39: 0.019029027 | Z39: 0.012574368 | AA39: 0.013416337 | AB39: 0.015833453 | AC39: 0.014679895 | AD39: 0.013924138 | AE39: 0.013839795 | AF39: 0.0051791925 | AG39: 0.011293032 | AH39: 0.01094979 | AI39: 0.0095091436 | AJ39: 0.0090052744 | AK39: 0.02425536 | AL39: 0.016838854 | AM39: =VARP(Data!$AN$112:$AN$160) -> 0.025389262
A40: TPC | B40: 0.0023846735 | C40: 0.01227256 | D40: 0.0075170215 | E40: 0.0082601011 | F40: 0.0055209995 | G40: 0.0093793011 | H40: 0.012149891 | I40: 0.0048531177 | J40: 0.0052689869 | K40: 0.0057310599 | L40: 0.011279651 | M40: 0.012083878 | N40: 0.0056824183 | O40: 0.0040946501 | P40: 0.007475332 | Q40: 0.0021558095 | R40: 0.0064025777 | S40: 0.0080895146 | T40: 0.01431421 | U40: 0.010839672 | V40: 0.0055263349 | W40: 0.0099431078 | X40: 0.0094136226 | Y40: 0.012724246 | Z40: 0.0079133798 | AA40: 0.0084363831 | AB40: 0.01104864 | AC40: 0.0098025373 | AD40: 0.0082447997 | AE40: 0.0081840472 | AF40: 0.0032700217 | AG40: 0.0065381868 | AH40: 0.0068765239 | AI40: 0.006073299 | AJ40: 0.0062610684 | AK40: 0.016804498 | AL40: 0.0094678902 | AM40: 0.015434434 | AN40: =VARP(Data!$AO$112:$AO$160) -> 0.013318709
A41: TUF | B41: 0.0016392297 | C41: 0.0051134584 | D41: 0.0024665504 | E41: 0.0025983541 | F41: 0.0021943767 | G41: 0.0018091222 | H41: 0.0040125102 | I41: 0.0010012644 | J41: 0.0019099167 | K41: 0.0026437998 | L41: 0.0048971217 | M41: 0.0059609902 | N41: 0.0034011872 | O41: 0.0036247384 | P41: 0.004076446 | Q41: 0.0011197088 | R41: 0.0037580051 | S41: 0.0025866241 | T41: 0.0038887227 | U41: 0.0040197411 | V41: 0.0022901396 | W41: 0.0043049951 | X41: 0.0028825886 | Y41: 0.0051648763 | Z41: 0.0021889806 | AA41: 0.0038343158 | AB41: 0.0044321753 | AC41: 0.0053381741 | AD41: 0.0027158357 | AE41: 0.0023912659 | AF41: 0.0012360674 | AG41: 0.0019932916 | AH41: 0.0025121772 | AI41: 0.0018132453 | AJ41: 0.0027415845 | AK41: 0.0077145977 | AL41: 0.0053410182 | AM41: 0.004227193 | AN41: 0.0030468504 | AO41: =VARP(Data!$AP$112:$AP$160) -> 0.0060046484
A42: TCAP | B42: 0.0052306678 | C42: 0.015916125 | D42: 0.011269031 | E42: 0.010496953 | F42: 0.007353164 | G42: 0.012216619 | H42: 0.016846646 | I42: 0.0085663515 | J42: 0.0052119111 | K42: 0.0062620183 | L42: 0.01370605 | M42: 0.017200015 | N42: 0.0081975734 | O42: 0.0093935526 | P42: 0.01006844 | Q42: 0.0018947037 | R42: 0.0083054035 | S42: 0.0079207163 | T42: 0.012765367 | U42: 0.012350637 | V42: 0.0072151325 | W42: 0.01104277 | X42: 0.01242286 | Y42: 0.018755825 | Z42: 0.010072644 | AA42: 0.010801439 | AB42: 0.013831703 | AC42: 0.015441978 | AD42: 0.01104205 | AE42: 0.0098067293 | AF42: 0.0043642652 | AG42: 0.0076125982 | AH42: 0.009101198 | AI42: 0.0087460339 | AJ42: 0.0091724056 | AK42: 0.020814863 | AL42: 0.014838674 | AM42: 0.01636228 | AN42: 0.011106142 | AO42: 0.0050705855 | AP42: =VARP(Data!$AQ$112:$AQ$160) -> 0.022213831
A43: TTA | B43: 0.0038196242 | C43: 0.021410476 | D43: 0.011978812 | E43: 0.01271808 | F43: 0.0093415305 | G43: 0.014455587 | H43: 0.020525545 | I43: 0.0081187353 | J43: 0.005937631 | K43: 0.0086569305 | L43: 0.01893102 | M43: 0.022765651 | N43: 0.011068129 | O43: 0.011155276 | P43: 0.010300549 | Q43: 0.0039145658 | R43: 0.011650538 | S43: 0.012439582 | T43: 0.01834291 | U43: 0.017573609 | V43: 0.0074836327 | W43: 0.015145735 | X43: 0.014376276 | Y43: 0.021989172 | Z43: 0.01392959 | AA43: 0.014881316 | AB43: 0.019625059 | AC43: 0.019556981 | AD43: 0.014546099 | AE43: 0.013351432 | AF43: 0.0073830893 | AG43: 0.010235875 | AH43: 0.012300397 | AI43: 0.0093528632 | AJ43: 0.010698242 | AK43: 0.02931359 | AL43: 0.015522512 | AM43: 0.020515589 | AN43: 0.015553895 | AO43: 0.005570398 | AP43: 0.018864666 | AQ43: =VARP(Data!$AR$112:$AR$160) -> 0.029092188
A44: TMB | B44: 0.0040480912 | C44: 0.018674247 | D44: 0.011649516 | E44: 0.010204411 | F44: 0.0079534877 | G44: 0.012565101 | H44: 0.016784359 | I44: 0.0076095313 | J44: 0.0043739208 | K44: 0.0076010824 | L44: 0.017566428 | M44: 0.019518479 | N44: 0.010598184 | O44: 0.0095798256 | P44: 0.013104168 | Q44: 0.0040750213 | R44: 0.0099549826 | S44: 0.011050759 | T44: 0.01769925 | U44: 0.015072203 | V44: 0.0086814577 | W44: 0.012232539 | X44: 0.012905571 | Y44: 0.019668751 | Z44: 0.011647796 | AA44: 0.014215458 | AB44: 0.014312574 | AC44: 0.018300316 | AD44: 0.012429894 | AE44: 0.011364339 | AF44: 0.0045319812 | AG44: 0.0092084312 | AH44: 0.010480527 | AI44: 0.0093040704 | AJ44: 0.0079594713 | AK44: 0.023645972 | AL44: 0.018814928 | AM44: 0.017733273 | AN44: 0.011946328 | AO44: 0.0062523001 | AP44: 0.015833113 | AQ44: 0.020028358 | AR44: =VARP(Data!$AS$112:$AS$160) -> 0.024894909
A45: SET50 | B45: 0.0028651704 | C45: 0.011904401 | D45: 0.00798429 | E45: 0.0072134036 | F45: 0.0052214206 | G45: 0.0089902996 | H45: 0.011516523 | I45: 0.005232348 | J45: 0.0047907949 | K45: 0.0049214504 | L45: 0.010468413 | M45: 0.011775471 | N45: 0.0061861497 | O45: 0.005909828 | P45: 0.0069343242 | Q45: 0.0023602018 | R45: 0.0066557272 | S45: 0.0070898161 | T45: 0.011212405 | U45: 0.010838556 | V45: 0.0060608912 | W45: 0.008071855 | X45: 0.0095313437 | Y45: 0.012631481 | Z45: 0.0076374262 | AA45: 0.0087807853 | AB45: 0.0096299196 | AC45: 0.010290326 | AD45: 0.0087321822 | AE45: 0.0083778373 | AF45: 0.0031373414 | AG45: 0.0069810096 | AH45: 0.006866905 | AI45: 0.0067038468 | AJ45: 0.0058083309 | AK45: 0.015145516 | AL45: 0.010415465 | AM45: 0.01266825 | AN45: 0.008030674 | AO45: 0.0029919675 | AP45: 0.010534247 | AQ45: 0.012952379 | AR45: 0.011730941 | AS45: =VARP(Data!$AT$112:$AT$160) -> 0.0079997471

Sheet Correlation Matrix
B1: ADVANC | C1: AOT | D1: BBL | E1: BGH | F1: BECL | G1: BAY | H1: BANPU | I1: BEC | J1: BIGC | K1: BH | L1: CCET | M1: CPN | N1: CPF | O1: CPALL | P1: DELTA | Q1: EGCO | R1: GLOW | S1: HANA | T1: IRPC | U1: ITD | V1: KBANK | W1: KSL | X1: KTB | Y1: LH | Z1: MCOT | AA1: MINT | AB1: PSL | AC1: PS | AD1: PTTEP | AE1: PTT | AF1: RATCH | AG1: SCC | AH1: SCCC | AI1: SCB | AJ1: MAKRO | AK1: TSTH | AL1: THAI | AM1: TOP | AN1: TPC | AO1: TUF | AP1: TCAP | AQ1: TTA | AR1: TMB | AS1: SET50
A2: ADVANC | B2: 1
A3: AOT | B3: 0.55805487 | C3: 1
A4: BBL | B4: 0.54404147 | C4: 0.75693854 | D4: 1
A5: BGH | B5: 0.32406334 | C5: 0.6800258 | D5: 0.64647357 | E5: 1
A6: BECL | B6: 0.42647408 | C6: 0.73433033 | D6: 0.61487909 | E6: 0.60851186 | F6: 1
A7: BAY | B7: 0.40258957 | C7: 0.76090158 | D7: 0.84477429 | E7: 0.70446918 | F7: 0.61409843 | G7: 1
A8: BANPU | B8: 0.27890446 | C8: 0.72086228 | D8: 0.74065747 | E8: 0.6113275 | F8: 0.63567036 | G8: 0.70174029 | H8: 1
A9: BEC | B9: 0.3927337 | C9: 0.52728118 | D9: 0.53741768 | E9: 0.42499793 | F9: 0.44927704 | G9: 0.50183568 | H9: 0.31020108 | I9: 1
A10: BIGC | B10: 0.2701974 | C10: 0.41288967 | D10: 0.51918169 | E10: 0.51544579 | F10: 0.31860451 | G10: 0.44932269 | H10: 0.30883349 | I10: 0.30051824 | J10: 1
A11: BH | B11: 0.20255805 | C11: 0.51889651 | D11: 0.45113149 | E11: 0.72684351 | F11: 0.44576437 | G11: 0.48207378 | H11: 0.37843669 | I11: 0.3272071 | J11: 0.27881193 | K11: 1
A12: CCET | B12: 0.17949137 | C12: 0.72109661 | D12: 0.57267767 | E12: 0.7456156 | F12: 0.52802159 | G12: 0.67365062 | H12: 0.6617805 | I12: 0.3177599 | J12: 0.37809616 | K12: 0.63819174 | L12: 1
A13: CPN | B13: 0.48993023 | C13: 0.86360132 | D13: 0.70638929 | E13: 0.67275246 | F13: 0.77896127 | G13: 0.61329889 | H13: 0.72859755 | I13: 0.44293913 | J13: 0.45705801 | K13: 0.47086778 | L13: 0.64963502 | M13: 1
A14: CPF | B14: 0.24423761 | C14: 0.57622992 | D14: 0.55678568 | E14: 0.3921807 | F14: 0.3204805 | G14: 0.4943026 | H14: 0.5254524 | I14: 0.31904914 | J14: 0.42515632 | K14: 0.36710479 | L14: 0.47652833 | M14: 0.55154573 | N14: 1
A15: CPALL | B15: 0.34197435 | C15: 0.61705439 | D15: 0.5327128 | E15: 0.38036065 | F15: 0.50955099 | G15: 0.4748429 | H15: 0.61555539 | I15: 0.37427001 | J15: 0.33374428 | K15: 0.18678495 | L15: 0.3474033 | M15: 0.73242739 | N15: 0.55809908 | O15: 1
A16: DELTA | B16: 0.24534441 | C16: 0.58595379 | D16: 0.42472894 | E16: 0.50697785 | F16: 0.54157815 | G16: 0.51896564 | H16: 0.5563985 | I16: 0.25151716 | J16: 0.23579351 | K16: 0.53356587 | L16: 0.64962986 | M16: 0.58506103 | N16: 0.38836663 | O16: 0.37613575 | P16: 1
A17: EGCO | B17: 0.03276732 | C17: 0.40012004 | D17: 0.36947549 | E17: 0.49573113 | F17: 0.56844271 | G17: 0.37991545 | H17: 0.29961681 | I17: 0.28369031 | J17: 0.40950966 | K17: 0.38654578 | L17: 0.35855315 | M17: 0.49198508 | N17: 0.2979843 | O17: 0.34304366 | P17: 0.40647797 | Q17: 1
A18: GLOW | B18: 0.34057437 | C18: 0.73430624 | D18: 0.63858248 | E18: 0.5691275 | F18: 0.5306594 | G18: 0.62981724 | H18: 0.66808884 | I18: 0.36827657 | J18: 0.40994648 | K18: 0.49215417 | L18: 0.59997192 | M18: 0.76538119 | N18: 0.60296584 | O18: 0.68902371 | P18: 0.47490537 | Q18: 0.43770502 | R18: 1
A19: HANA | B19: 0.17403279 | C19: 0.66176625 | D19: 0.59366341 | E19: 0.60291402 | F19: 0.58946697 | G19: 0.65444075 | H19: 0.62172751 | I19: 0.23088258 | J19: 0.49808303 | K19: 0.57676158 | L19: 0.72208726 | M19: 0.63162035 | N19: 0.58903522 | O19: 0.41206934 | P19: 0.69625771 | Q19: 0.58391093 | R19: 0.576269 | S19: 1
A20: IRPC | B20: 0.17224661 | C20: 0.70993943 | D20: 0.58734293 | E20: 0.64912558 | F20: 0.53279134 | G20: 0.6469234 | H20: 0.68887248 | I20: 0.33805779 | J20: 0.40888223 | K20: 0.60209642 | L20: 0.77741406 | M20: 0.62716667 | N20: 0.49932983 | O20: 0.3764947 | P20: 0.6867528 | Q20: 0.35646885 | R20: 0.61882701 | S20: 0.71152574 | T20: 1
A21: ITD | B21: 0.24338406 | C21: 0.65801677 | D21: 0.60054202 | E21: 0.62473736 | F21: 0.43245976 | G21: 0.57108293 | H21: 0.57957212 | I21: 0.4637707 | J21: 0.51537001 | K21: 0.55469919 | L21: 0.65195476 | M21: 0.65584327 | N21: 0.54875637 | O21: 0.47166083 | P21: 0.4526691 | Q21: 0.41106067 | R21: 0.6735044 | S21: 0.63006918 | T21: 0.68659927 | U21: 1
A22: KBANK | B22: 0.38989966 | C22: 0.72963694 | D22: 0.83458639 | E22: 0.62664549 | F22: 0.56153577 | G22: 0.77332876 | H22: 0.62461215 | I22: 0.48865022 | J22: 0.56028371 | K22: 0.50840208 | L22: 0.60691714 | M22: 0.58891512 | N22: 0.53741036 | O22: 0.38916051 | P22: 0.51779332 | Q22: 0.45336599 | R22: 0.6360429 | S22: 0.59602707 | T22: 0.68479779 | U22: 0.65760268 | V22: 1
A23: KSL | B23: 0.33597206 | C23: 0.73185754 | D23: 0.58475434 | E23: 0.57971255 | F23: 0.55779532 | G23: 0.63357371 | H23: 0.73240122 | I23: 0.23233321 | J23: 0.27861353 | K23: 0.40804234 | L23: 0.6422232 | M23: 0.66672176 | N23: 0.46753261 | O23: 0.49039717 | P23: 0.5271001 | Q23: 0.37331868 | R23: 0.67104465 | S23: 0.62969063 | T23: 0.66172128 | U23: 0.52499538 | V23: 0.50757833 | W23: 1
A24: KTB | B24: 0.29126813 | C24: 0.72757212 | D24: 0.76407924 | E24: 0.68719039 | F24: 0.55677292 | G24: 0.76318712 | H24: 0.75092643 | I24: 0.48009648 | J24: 0.48865645 | K24: 0.55284654 | L24: 0.7126386 | M24: 0.66455765 | N24: 0.56166567 | O24: 0.49009145 | P24: 0.58915449 | Q24: 0.45736913 | R24: 0.67908784 | S24: 0.7372607 | T24: 0.75136907 | U24: 0.7502071 | V24: 0.83668405 | W24: 0.59616644 | X24: 1
A25: LH | B25: 0.47609611 | C25: 0.88469762 | D25: 0.7600038 | E25: 0.73931527 | F25: 0.7007821 | G25: 0.7455997 | H25: 0.74764157 | I25: 0.53704736 | J25: 0.48787543 | K25: 0.59590935 | L25: 0.7749426 | M25: 0.84825224 | N25: 0.55163837 | O25: 0.65148459 | P25: 0.57115865 | Q25: 0.38264867 | R25: 0.70875243 | S25: 0.61460864 | T25: 0.7123409 | U25: 0.69113978 | V25: 0.70294354 | W25: 0.60231471 | X25: 0.77340843 | Y25: 1
A26: MCOT | B26: 0.32414344 | C26: 0.75198745 | D26: 0.66420896 | E26: 0.69619938 | F26: 0.63171522 | G26: 0.68162609 | H26: 0.63255146 | I26: 0.44185503 | J26: 0.44641377 | K26: 0.57891201 | L26: 0.66839529 | M26: 0.76531363 | N26: 0.63618404 | O26: 0.54567444 | P26: 0.56263022 | Q26: 0.5105731 | R26: 0.56275278 | S26: 0.73160334 | T26: 0.68332171 | U26: 0.74582218 | V26: 0.63587615 | W26: 0.57098589 | X26: 0.77479161 | Y26: 0.77937591 | Z26: 1
A27: MINT | B27: 0.447672 | C27: 0.86197177 | D27: 0.66053523 | E27: 0.61955142 | F27: 0.72792142 | G27: 0.68640655 | H27: 0.64219892 | I27: 0.43423737 | J27: 0.46011165 | K27: 0.50028161 | L27: 0.69072525 | M27: 0.82284002 | N27: 0.58928359 | O27: 0.61140305 | P27: 0.62355316 | Q27: 0.43615388 | R27: 0.68962302 | S27: 0.66143985 | T27: 0.69864567 | U27: 0.73298101 | V27: 0.67090762 | W27: 0.65506725 | X27: 0.67185478 | Y27: 0.80917691 | Z27: 0.78535084 | AA27: 1
A28: PSL | B28: 0.31706113 | C28: 0.81099349 | D28: 0.70915393 | E28: 0.67513803 | F28: 0.64852799 | G28: 0.67149099 | H28: 0.80695297 | I28: 0.40308909 | J28: 0.36086202 | K28: 0.58146079 | L28: 0.7103743 | M28: 0.8204392 | N28: 0.58784253 | O28: 0.62667012 | P28: 0.59982928 | Q28: 0.38457125 | R28: 0.71750174 | S28: 0.68914127 | T28: 0.74162729 | U28: 0.64014073 | V28: 0.58023413 | W28: 0.72842594 | X28: 0.72747842 | Y28: 0.80622312 | Z28: 0.76348952 | AA28: 0.70810161 | AB28: 1
A29: PS | B29: 0.32702629 | C29: 0.73653606 | D29: 0.63618041 | E29: 0.52836785 | F29: 0.56958991 | G29: 0.65877625 | H29: 0.52217407 | I29: 0.39122098 | J29: 0.32281932 | K29: 0.53194703 | L29: 0.68181632 | M29: 0.67620045 | N29: 0.62846123 | O29: 0.44193731 | P29: 0.53243526 | Q29: 0.36998495 | R29: 0.52813279 | S29: 0.63689658 | T29: 0.55986923 | U29: 0.55505986 | V29: 0.66779084 | W29: 0.49890166 | X29: 0.70245909 | Y29: 0.74561772 | Z29: 0.76502024 | AA29: 0.65945499 | AB29: 0.68815133 | AC29: 1
A30: PTTEP | B30: 0.36631233 | C30: 0.75465088 | D30: 0.73193763 | E30: 0.55008319 | F30: 0.57941137 | G30: 0.66491219 | H30: 0.75940037 | I30: 0.43096232 | J30: 0.33307829 | K30: 0.35786652 | L30: 0.62716004 | M30: 0.71398097 | N30: 0.56853204 | O30: 0.58365486 | P30: 0.46531172 | Q30: 0.279257 | R30: 0.70287035 | S30: 0.53701313 | T30: 0.66263044 | U30: 0.57467264 | V30: 0.63688739 | W30: 0.64486465 | X30: 0.73343667 | Y30: 0.73806874 | Z30: 0.5922248 | AA30: 0.58093962 | AB30: 0.77504975 | AC30: 0.58596696 | AD30: 1
A31: PTT | B31: 0.34560335 | C31: 0.77400188 | D31: 0.79344273 | E31: 0.71359204 | F31: 0.65213077 | G31: 0.77857348 | H31: 0.82208331 | I31: 0.43715138 | J31: 0.41919024 | K31: 0.54905757 | L31: 0.75405316 | M31: 0.74042097 | N31: 0.5362126 | O31: 0.54808258 | P31: 0.55687925 | Q31: 0.43574127 | R31: 0.71632057 | S31: 0.70574788 | T31: 0.79153081 | U31: 0.72881206 | V31: 0.76206415 | W31: 0.69704945 | X31: 0.85891507 | Y31: 0.77762498 | Z31: 0.74382114 | AA31: 0.70879992 | AB31: 0.81530161 | AC31: 0.61543817 | AD31: 0.84073412 | AE31: 1
A32: RATCH | B32: 0.20278168 | C32: 0.51519397 | D32: 0.34398442 | E32: 0.47908134 | F32: 0.70595459 | G32: 0.31635841 | H32: 0.45961584 | I32: 0.23023268 | J32: 0.3341336 | K32: 0.19025828 | L32: 0.40635821 | M32: 0.70466438 | N32: 0.26206417 | O32: 0.47477977 | P32: 0.32711921 | Q32: 0.605791 | R32: 0.38656585 | S32: 0.42298871 | T32: 0.34530499 | U32: 0.34371231 | V32: 0.29942791 | W32: 0.28902909 | X32: 0.40377476 | Y32: 0.54879095 | Z32: 0.59085444 | AA32: 0.52736277 | AB32: 0.56277506 | AC32: 0.45595934 | AD32: 0.40496995 | AE32: 0.49310146 | AF32: 1
A33: SCC | B33: 0.28454025 | C33: 0.71335631 | D33: 0.65339146 | E33: 0.54231185 | F33: 0.4918388 | G33: 0.69346365 | H33: 0.70559698 | I33: 0.38381848 | J33: 0.44597335 | K33: 0.44577533 | L33: 0.64639681 | M33: 0.5966721 | N33: 0.61909216 | O33: 0.47787788 | P33: 0.56289425 | Q33: 0.35514745 | R33: 0.63141997 | S33: 0.68434172 | T33: 0.72187544 | U33: 0.75393017 | V33: 0.75937684 | W33: 0.57979945 | X33: 0.81665923 | Y33: 0.67259198 | Z33: 0.69565085 | AA33: 0.75708559 | AB33: 0.60498931 | AC33: 0.55719212 | AD33: 0.63397657 | AE33: 0.7942249 | AF33: 0.31584837 | AG33: 1
A34: SCCC | B34: 0.3655023 | C34: 0.86804495 | D34: 0.71336234 | E34: 0.70598859 | F34: 0.76191102 | G34: 0.69435866 | H34: 0.7395555 | I34: 0.47492096 | J34: 0.45403518 | K34: 0.57378955 | L34: 0.72972148 | M34: 0.85111899 | N34: 0.59134592 | O34: 0.61361002 | P34: 0.6389382 | Q34: 0.55278838 | R34: 0.69773674 | S34: 0.75917252 | T34: 0.70838098 | U34: 0.73049144 | V34: 0.67586172 | W34: 0.69357346 | X34: 0.73905102 | Y34: 0.81833027 | Z34: 0.80189449 | AA34: 0.85067708 | AB34: 0.78616631 | AC34: 0.63649741 | AD34: 0.68514497 | AE34: 0.78053926 | AF34: 0.5626082 | AG34: 0.71140036 | AH34: 1
A35: SCB | B35: 0.51305222 | C35: 0.75133951 | D35: 0.86702644 | E35: 0.57962694 | F35: 0.54488172 | G35: 0.79439821 | H35: 0.61976634 | I35: 0.61809522 | J35: 0.45827287 | K35: 0.51946865 | L35: 0.51970584 | M35: 0.62675425 | N35: 0.56263546 | O35: 0.45874729 | P35: 0.45949077 | Q35: 0.3033728 | R35: 0.66911141 | S35: 0.51378979 | T35: 0.66296996 | U35: 0.66812402 | V35: 0.83588562 | W35: 0.51901174 | X35: 0.75043747 | Y35: 0.70795588 | Z35: 0.62430909 | AA35: 0.68226487 | AB35: 0.63717869 | AC35: 0.62430646 | AD35: 0.70112882 | AE35: 0.75174272 | AF35: 0.21671627 | AG35: 0.68667911 | AH35: 0.68772581 | AI35: 1
A36: MAKRO | B36: 0.43794057 | C36: 0.64871807 | D36: 0.54931323 | E36: 0.61489444 | F36: 0.47827834 | G36: 0.57360868 | H36: 0.564866 | I36: 0.4642573 | J36: 0.62773076 | K36: 0.39225003 | L36: 0.52342725 | M36: 0.68978607 | N36: 0.53989709 | O36: 0.61583515 | P36: 0.45956912 | Q36: 0.36012884 | R36: 0.58961324 | S36: 0.56609905 | T36: 0.48230792 | U36: 0.58687172 | V36: 0.49867322 | W36: 0.49274609 | X36: 0.60855005 | Y36: 0.64841194 | Z36: 0.60751628 | AA36: 0.56607603 | AB36: 0.62257803 | AC36: 0.53758436 | AD36: 0.54354493 | AE36: 0.58658546 | AF36: 0.48715116 | AG36: 0.45410404 | AH36: 0.65883882 | AI36: 0.55185919 | AJ36: 1
A37: TSTH | B37: 0.36473666 | C37: 0.82846456 | D37: 0.72541956 | E37: 0.6994386 | F37: 0.77149056 | G37: 0.70545911 | H37: 0.80273306 | I37: 0.39976413 | J37: 0.42076926 | K37: 0.53411875 | L37: 0.75134387 | M37: 0.88234863 | N37: 0.57393037 | O37: 0.62584998 | P37: 0.56211045 | Q37: 0.48238212 | R37: 0.75822365 | S37: 0.68651627 | T37: 0.73399783 | U37: 0.66358787 | V37: 0.68967963 | W37: 0.70839065 | X37: 0.76484493 | Y37: 0.82846758 | Z37: 0.77164687 | AA37: 0.75546484 | AB37: 0.86164888 | AC37: 0.75245429 | AD37: 0.77044048 | AE37: 0.83768497 | AF37: 0.67306985 | AG37: 0.70356582 | AH37: 0.79239294 | AI37: 0.62710666 | AJ37: 0.62526694 | AK37: 1
A38: THAI | B38: 0.31531646 | C38: 0.64633242 | D38: 0.56624399 | E38: 0.42680774 | F38: 0.4620288 | G38: 0.52870888 | H38: 0.60673966 | I38: 0.22201339 | J38: 0.26995283 | K38: 0.38146986 | L38: 0.63293553 | M38: 0.61873387 | N38: 0.57558763 | O38: 0.54925956 | P38: 0.63437971 | Q38: 0.30990155 | R38: 0.63666604 | S38: 0.55383598 | T38: 0.67491927 | U38: 0.48359451 | V38: 0.58642931 | W38: 0.57144733 | X38: 0.61050123 | Y38: 0.68304352 | Z38: 0.57727669 | AA38: 0.6315679 | AB38: 0.62135965 | AC38: 0.57689678 | AD38: 0.63890099 | AE38: 0.66807764 | AF38: 0.29977203 | AG38: 0.53413129 | AH38: 0.62591319 | AI38: 0.59744304 | AJ38: 0.44962965 | AK38: 0.60354137 | AL38: 1
A39: TOP | B39: 0.31941953 | C39: 0.72116398 | D39: 0.71443436 | E39: 0.65397465 | F39: 0.62958128 | G39: 0.65681665 | H39: 0.81156337 | I39: 0.30264697 | J39: 0.47255661 | K39: 0.52153753 | L39: 0.7117502 | M39: 0.71850581 | N39: 0.55520602 | O39: 0.4627618 | P39: 0.61652867 | Q39: 0.335321 | R39: 0.633588 | S39: 0.71956941 | T39: 0.86543469 | U39: 0.72348721 | V39: 0.69230504 | W39: 0.68526379 | X39: 0.80687224 | Y39: 0.74572746 | Z39: 0.72976929 | AA39: 0.70279444 | AB39: 0.79142597 | AC39: 0.56876424 | AD39: 0.77979564 | AE39: 0.86747899 | AF39: 0.45063703 | AG39: 0.74483984 | AH39: 0.76864373 | AI39: 0.67447858 | AJ39: 0.59898464 | AK39: 0.79584414 | AL39: 0.66336942 | AM39: 1
A40: TPC | B40: 0.31335217 | C40: 0.71353958 | D40: 0.63693636 | E40: 0.65709782 | F40: 0.58655452 | G40: 0.67644168 | H40: 0.69509389 | I40: 0.37815973 | J40: 0.43528066 | K40: 0.51189965 | L40: 0.63448484 | M40: 0.67316785 | N40: 0.47139848 | O40: 0.35172745 | P40: 0.53685239 | Q40: 0.31172086 | R40: 0.60000705 | S40: 0.64860378 | T40: 0.80818175 | U40: 0.58906418 | V40: 0.58615569 | W40: 0.70628361 | X40: 0.67398461 | Y40: 0.68847723 | Z40: 0.63409659 | AA40: 0.61016126 | AB40: 0.76249576 | AC40: 0.52437481 | AD40: 0.63750935 | AE40: 0.70825786 | AF40: 0.39283433 | AG40: 0.59539288 | AH40: 0.66647248 | AI40: 0.59476499 | AJ40: 0.57499115 | AK40: 0.76127195 | AL40: 0.5149797 | AM40: 0.83933358 | AN40: 1
A41: TUF | B41: 0.32079742 | C41: 0.44277686 | D41: 0.31126301 | E41: 0.3078437 | F41: 0.34720753 | G41: 0.1943189 | H41: 0.34188065 | I41: 0.11619581 | J41: 0.23498707 | K41: 0.35169461 | L41: 0.41025488 | M41: 0.49456425 | N41: 0.42021619 | O41: 0.46371742 | P41: 0.43600691 | Q41: 0.24112813 | R41: 0.52450078 | S41: 0.30887134 | T41: 0.32699107 | U41: 0.3253358 | V41: 0.36176372 | W41: 0.45542505 | X41: 0.30737116 | Y41: 0.41620253 | Z41: 0.26122973 | AA41: 0.41301278 | AB41: 0.45554662 | AC41: 0.42528819 | AD41: 0.31274993 | AE41: 0.3082041 | AF41: 0.22115066 | AG41: 0.27033634 | AH41: 0.36261922 | AI41: 0.26446278 | AJ41: 0.37497441 | AK41: 0.52049293 | AL41: 0.43266147 | AM41: 0.34236018 | AN41: 0.34070325 | AO41: 1
A42: TCAP | B42: 0.53220659 | C42: 0.71653859 | D42: 0.73936032 | E42: 0.64658744 | F42: 0.60490095 | G42: 0.68222909 | H42: 0.74628355 | I42: 0.51685614 | J42: 0.33339462 | K42: 0.43309538 | L42: 0.59697648 | M42: 0.74193386 | N42: 0.52657425 | O42: 0.62479662 | P42: 0.55989414 | Q42: 0.21213685 | R42: 0.60267277 | S42: 0.49174596 | T42: 0.55807719 | U42: 0.51970295 | V42: 0.59256968 | W42: 0.6073714 | X42: 0.68870637 | Y42: 0.7858018 | Z42: 0.62496576 | AA42: 0.60490796 | AB42: 0.73913471 | AC42: 0.63962523 | AD42: 0.66111268 | AE42: 0.65715345 | AF42: 0.40596563 | AG42: 0.53678275 | AH42: 0.68301644 | AI42: 0.66321023 | AJ42: 0.65225182 | AK42: 0.73014172 | AL42: 0.62495869 | AM42: 0.68898072 | AN42: 0.64568461 | AO42: 0.43903848 | AP42: 1
A43: TTA | B43: 0.33959969 | C43: 0.84227151 | D43: 0.68676298 | E43: 0.68455617 | F43: 0.6715086 | G43: 0.70540493 | H43: 0.79452701 | I43: 0.42804133 | J43: 0.33189318 | K43: 0.52318669 | L43: 0.72051407 | M43: 0.85810412 | N43: 0.62125807 | O43: 0.64835471 | P43: 0.50052715 | Q43: 0.38298518 | R43: 0.73873785 | S43: 0.67484754 | T43: 0.7007333 | U43: 0.64617525 | V43: 0.53707027 | W43: 0.72793099 | X43: 0.69643803 | Y43: 0.80502483 | Z43: 0.75522196 | AA43: 0.72823666 | AB43: 0.91639446 | AC43: 0.70786104 | AD43: 0.76101964 | AE43: 0.78179699 | AF43: 0.60012234 | AG43: 0.63068738 | AH43: 0.80663166 | AI43: 0.61973808 | AJ43: 0.66476477 | AK43: 0.89851672 | AL43: 0.57127046 | AM43: 0.75486757 | AN43: 0.79016888 | AO43: 0.42145795 | AP43: 0.74207739 | AQ43: 1
A44: TMB | B44: 0.3890719 | C44: 0.79414864 | D44: 0.72199453 | E44: 0.59375654 | F44: 0.61805066 | G44: 0.66282922 | H44: 0.70234687 | I44: 0.43369873 | J44: 0.264295 | K44: 0.49659359 | L44: 0.72274456 | M44: 0.79531431 | N44: 0.64307586 | O44: 0.60189794 | P44: 0.6883505 | Q44: 0.43098402 | R44: 0.68236664 | S44: 0.64807443 | T44: 0.73092412 | U44: 0.59909957 | V44: 0.67351027 | W44: 0.63554947 | X44: 0.67584358 | Y44: 0.77841304 | Z44: 0.68267335 | AA44: 0.75201237 | AB44: 0.7224739 | AC44: 0.71604067 | AD44: 0.70299083 | AE44: 0.71935498 | AF44: 0.39821965 | AG44: 0.61334912 | AH44: 0.74297153 | AI44: 0.66645297 | AJ44: 0.53465388 | AK44: 0.78351487 | AL44: 0.74854038 | AM44: 0.70535637 | AN44: 0.65606684 | AO44: 0.51137648 | AP44: 0.67328558 | AQ44: 0.74422091 | AR44: 1
A45: SET50 | B45: 0.48578844 | C45: 0.89306565 | D45: 0.87293013 | E45: 0.74041947 | F45: 0.71576802 | G45: 0.83661756 | H45: 0.85013016 | I45: 0.52607057 | J45: 0.51067285 | K45: 0.56719961 | L45: 0.75980014 | M45: 0.84642459 | N45: 0.66216822 | O45: 0.65502404 | P45: 0.64257153 | Q45: 0.44034956 | R45: 0.80480366 | S45: 0.73347432 | T45: 0.81683315 | U45: 0.75999523 | V45: 0.82947864 | W45: 0.73981523 | X45: 0.88052209 | Y45: 0.88187036 | Z45: 0.78964769 | AA45: 0.81943523 | AB45: 0.85751993 | AC45: 0.71027313 | AD45: 0.87120864 | AE45: 0.93550934 | AF45: 0.48631036 | AG45: 0.82027123 | AH45: 0.85875097 | AI45: 0.84710597 | AJ45: 0.68826708 | AK45: 0.88530165 | AL45: 0.73098506 | AM45: 0.88890114 | AN45: 0.77800574 | AO45: 0.43169295 | AP45: 0.79023025 | AQ45: 0.84903038 | AR45: 0.83126493 | AS45: 1
